Workbook
Name \0: [1]CRA.MODI!#REF!
Name \0: #N/A
Name \0: [1]CRA.MODI!#REF!
Name \00: #REF!
Name \a: #REF!
Name \a: #REF!
Name \a: #REF!
Name \AA: [2]LIQUIDACION!#REF!
Name \b: #REF!
Name \b: [3]INSUMOS!#REF!
Name \b: #REF!
Name \bb: [4]STRSUMM0!#REF!
Name \c: #REF!
Name \c: #REF!
Name \e: #REF!
Name \E: #REF!
Name \e: #REF!
Name \EE: #REF!
Name \f: #REF!
Name \f: #REF!
Name \G: #REF!
Name \i: #REF!
Name \i: [3]INSUMOS!#REF!
Name \i: #REF!
Name \k: '[5]7422CW00'!#REF!
Name \l: #REF!
Name \l: [6]STRSUMM0!#REF!
Name \l: #REF!
Name \m: #REF!
Name \m: [3]INSUMOS!#REF!
Name \m: #REF!
Name \ñ: '[7]7422CW00'!#REF!
Name \P: #REF!
Name \q: #N/A
Name \r: #REF!
Name \r: [3]INSUMOS!#REF!
Name \r: #REF!
Name \s: #REF!
Name \sa: #REF!
Name \sa: #REF!
Name \t: [3]INSUMOS!#REF!
Name \t: #N/A
Name \V: #REF!
Name \w: #N/A
Name \x: #REF!
Name \x: [3]INSUMOS!#REF!
Name \x: #REF!
Name \z: #REF!
Name \Z: #N/A
Name \z: #REF!
Name _: #REF!
Name _: #REF!
Name ______________________________________PJ50: #REF!
Name ______________________________________pj51: #REF!
Name _____________________________________PJ50: #REF!
Name _____________________________________pj51: #REF!
Name ____________________________________PJ50: #REF!
Name ____________________________________pj51: #REF!
Name ___________________________________PJ50: #REF!
Name ___________________________________pj51: #REF!

Sheet CRA 14 CALLES 16 Y 21 
A1: CONDICIONES ORIGINALES | I1: MEDIDAS VIALES TOTALES
I2: VIA | K2: ANDEN | M2: ANCHO TOTAL
A3: REPOSICION DE REDES EXISTENTES DE ACUEDUCTO Y ALCANTARILLADO Y CAMBIO DE PAVIMENTO ASFALTICO A RIGIDO, ANDENES DE LA CARRERA 14 ENTRE CALLES 16 Y 21, DEL MUNICIPIO DE SANTA ROSA DE CABAL– DEPARTAMENTO DE RISARALDA, | I3: LARGO | J3: ANCHO | K3: LARGO | L3: ANCHO
I4: 490 | J4: 6.1 | K4: =+I4 -> 490 | L4: 3.72 | M4: =+J4+L4 -> 9.82
A5: ÍTEM | B5: PARTIDAS DE PAGO | C5: UND | D5: CANT | E5: VR UNITARIO | F5: VR TOTAL
A6: 1 | B6: PRELIMINARES. | I6: ACUEDUCTO
A7: 1.1 | B7: Localizacion y replanteo para pavimentacion de vias. | C7: M2 | D7: =+I4*M4 -> 4811.8 | E7: 3911 | F7: =D7*E7 -> 18818950 | J7: LARGO | K7: ANCHO | L7: PROF. EX | M7: PROF. LLEN.
A8: 1.2 | B8: Valla de identificacion de obra area mayor a 4 m2, incluye mantenimiento durante la construccion. | C8: M2 | D8: 8 | E8: 169256 | F8: =D8*E8 -> 1354048 | I8: ALCANT. | J8: =+I4 -> 490 | K8: 0.8 | L8: 2.5 | M8: 2
A9: 1.3 | B9: Cerramiento provisional con guadua y tela de cerramiento h=2 m | C9: M | D9: =+(I4*2)+(M4*2) -> 999.64 | E9: 7071 | F9: =D9*E9 -> 7068454.4 | I9: ACUEDUC. | J9: =+J8*2 -> 980 | K9: 0.3 | L9: 1.2 | M9: 1
A10: 1.4 | B10: Campamento o alquiler de bodega. | C10: Mes | D10: 6 | E10: 500000 | F10: =D10*E10 -> 3000000 | I10: CAJEO | J10: =+J8 -> 490 | K10: =+J4 -> 6.1 | L10: 0.4
A11: 1.5 | B11: Pasacalles informativos, incluye mantenimiento durante la obra. | C11: M2 | D11: 10 | E11: 125600 | F11: =D11*E11 -> 1256000 | I11: ANDENES | J11: =+J8*2 -> 980 | K11: =+L4 -> 3.72 | L11: 0.1
A12: 1.6 | B12: Cubierta provisional en guadua y techo en plastico. | C12: M2 | D12: =+I4*8 -> 3920 | E12: 10500 | F12: =D12*E12 -> 41160000
A13: 2 | B13: DEMOLICIONES.
A14: 2.1 | B14: Demolición pavimento rigido | C14: M2 | D14: =(+I4*J4)*40% -> 1195.6 | E14: 22000 | F14: =D14*E14 -> 26303200 | I14: DIRECCION | L14: ANDEN INZ. | M14: VIA | N14: ANDEN DER. | O14: USUARIOS
A15: 2.2 | B15: Fresado Pavimento flexible | C15: M2 | D15: =+I4*J4 -> 2989 | E15: 3954 | F15: =D15*E15 -> 11818506 | I15: CARRERA 14 ENTRE CALLES 16 Y 17 | L15: 2.6 | M15: 6.1 | N15: 2 | O15: =23+26 -> 49
A16: 2.3 | B16: Demolicion de anden | C16: M2 | D16: =+K4*L4 -> 1822.8 | E16: 11339 | F16: =D16*E16 -> 20668729 | I16: CARRERA 14 ENTRE CALLES 17 Y 18 | L16: 2.4 | M16: 6.1 | N16: 1.5 | O16: =18+15 -> 33
A17: 2.4 | B17: Demolicion de sardinel | C17: M | D17: =+K4*2 -> 980 | E17: 4725 | F17: =D17*E17 -> 4630500 | I17: CARRERA 14 ENTRE CALLES 18 Y 19 | L17: 2 | M17: 6.1 | N17: 1.6 | O17: =18+16 -> 34
A18: 2.5 | B18: Demolición cono cámara | C18: UNI | D18: 6 | E18: 107484 | F18: =D18*E18 -> 644904 | I18: CARRERA 14 ENTRE CALLES 20 Y 21 | L18: 1.6 | M18: 6 | N18: 1.2 | O18: =11+18 -> 29
A19: 2.6 | B19: Demolición cuerpo cámara | C19: ML | D19: =+D18*2 -> 12 | E19: 179140 | F19: =D19*E19 -> 2149680 | I19: CARRERA 14 ENTRE CALLES 21 Y 22 | L19: 2 | M19: 6.1 | N19: 1.7 | O19: =15+16 -> 31
A20: 3 | B20: MOVIMIENTOS DE TIERRA. | I20: PROMEDIO | L20: =+AVERAGE(L15:L19) -> 2.12 | M20: =+AVERAGE(M15:M19) -> 6.08 | N20: =+AVERAGE(N15:N19) -> 1.6 | O20: =+SUM(O15:O19) -> 176
A21: 3.1 | B21: Excavacion en material comun seco de 0-2 mts, manual | C21: M3 | D21: =+(J8*K8*L8)+(J9*K9*L9)+(J10*K10*L10)+(J11*K11*L11) -> 2892.96 | E21: 35739 | F21: =D21*E21 -> 1.033915e+08
A22: 4 | B22: LLENOS.
A23: 4.1 | B23: Lleno compactado con material del sitio manual | C23: M3 | D23: =+(J8*K8*M8)+(J9*K9*M9) -> 1078 | E23: 34430 | F23: =D23*E23 -> 37115540
A24: 4.2 | B24: Lleno compactado con afirmado manual, no incluye transporte | C24: M3 | D24: =+(I4*J4*0.2)+(K4*L4*0.1) -> 780.08 | E24: 82425 | F24: =D24*E24 -> 64298094
A25: 4.3 | B25: Sub base granular, no incluye transporte de material. | C25: M3 | D25: =+I4*J4*0.2 -> 597.8 | E25: 82129 | F25: =D25*E25 -> 49096716
A26: 4.4 | B26: Transporte material > 40 Km (corte, sub-base, base, afirmado) | C26: M3-KM | D26: =SUM(D24:D25)*21 -> 28935.48 | E26: 2200 | F26: =D26*E26 -> 63658056
A27: 4.5 | B27: Cama en arena para cimentacion de tuberia alcantarillado. | C27: M3 | D27: =+(J8*K8*0.05)+(J9*K9*0.05) -> 34.3 | E27: 80200 | F27: =D27*E27 -> 2750860
A28: 5 | B28: LABORES DE ALCANTARILLADO.
A29: 5.1 | B29: Tubería PVC de alcantarillado de pared estructural d = 6", exterior corrugado | C29: M | D29: =+O20*6 -> 1056 | E29: 62300 | F29: =D29*E29 -> 65788800
A30: 5.2 | B30: Tubería PVC de alcantarillado de pared estructural d = 12", exterior corrugado | C30: M | D30: =+J8 -> 490 | E30: 160450 | F30: =D30*E30 -> 78620500
A31: 5.3 | B31: Silla Yee Pvc de pared estructural 315 X 160 | C31: UND | D31: =+O20 -> 176 | E31: 295000 | F31: =D31*E31 -> 51920000
A32: 5.4 | B32: Base y cañuela para cámara de inspección d = 1,20 mts, en concreto de 20,7 Mpa | C32: UND | D32: =+D18 -> 6 | E32: 387283 | F32: =D32*E32 -> 2323698
A33: 5.5 | B33: Cuerpo para cámara de inspección d = 1,20 m, en concreto de 20,7 Mpa, no incluye refuerzo | C33: M | D33: =+D19 -> 12 | E33: 580000 | F33: =D33*E33 -> 6960000
A34: 5.6 | B34: Empalme de tubería a pozo existente incluye demolición y emboquillada | C34: UND | D34: 6 | E34: 189200 | F34: =D34*E34 -> 1135200
A35: 5.7 | B35: Desmonte de tubería de alcantarillado | C35: M | D35: =+D29+D30 -> 1546 | E35: 6719 | F35: =D35*E35 -> 10387574
A36: 5.8 | B36: Manhole en HD vehicular ø0.60m + seguridad vehicular | C36: UND | D36: =+D32 -> 6 | E36: 862337 | F36: =D36*E36 -> 5174022
A37: 5.9 | B37: Manejo de aguas servidas, en teja de zinc o similar. | C37: M | D37: =+D35 -> 1546 | E37: 15200 | F37: =D37*E37 -> 23499200
A38: 6 | B38: ESTRUCTURAS DE CONCRETO.
A39: 6.1 | B39: Caja de inspección de 0,80 x 0,80 x 0,80 m en concreto de 17,2 Mpa, tapa reforzada en concreto de 20,7 Mpa | C39: UND | D39: =+O20 -> 176 | E39: 859959 | F39: =D39*E39 -> 151352784
A40: 6.2 | B40: Sumidero doble en concreto de 20,7 Mpa, incluye reja doble con anticorrosivo | C40: UND | D40: 10 | E40: 1269594 | F40: =D40*E40 -> 12695940
A41: 7 | B41: ACEROS.
A42: 7.1 | B42: Acero Fy = 60.000 psi d>1/4" | C42: KG | D42: =750*6 -> 4500 | E42: 4500 | F42: =D42*E42 -> 20250000
A43: 8 | B43: OBRAS FINALES - REPARACIONES Y ACOMETIDAS ACUEDUCTO.
A44: 8.1 | B44: Domiciliaria de 1/2" Manguera Pealpe, L = 2 m | C44: UND | D44: =+O20 -> 176 | E44: 135480 | F44: =D44*E44 -> 23844480
A45: 8.2 | B45: Tubería PVC unión platino de 3" RDE 21 | C45: M | D45: =+J9 -> 980 | E45: 30627 | F45: =D45*E45 -> 30014460
A46: 8.3 | B46: Punto hidráulico PVC de 3" L prom = 3 m | C46: unida | D46: 16 | E46: 488229 | F46: =E46*D46 -> 7811664
A47: 8.4 | B47: Suministro e instalacion de caja para medidor en plastico extrafuerte, con tapa en hierro ductil. | C47: UND | D47: =+D44 -> 176 | E47: 95600 | F47: =D47*E47 -> 16825600
A48: 8.5 | B48: Hidrante tipo Milán de 3" extremo brida, incluye válvula sello de bronce y kit de nivelación | C48: UNI | D48: 2 | E48: 2844506 | F48: =D48*E48 -> 5689012
A49: 9 | B49: CANALIZACION SUBTERRANEA DE RED PRINCIPAL ELECTRICA DE DOMICILIARIAS
A50: 9.1 | B50: Caja de inspección de 0,80 x 0,80 x 0,80 m en concreto de 20,7 Mpa, red principal energia según diseño de la chec | C50: UNI | D50: =4*5 -> 20 | E50: 1200000 | F50: =D50*E50 -> 24000000
A51: 9.2 | B51: Suministro e instalación canalización en tuberia pvc conduit 3 x 4" (no incluye cableado) | C51: m | D51: 480 | E51: 139020 | F51: =D51*E51 -> 66729600
A52: 9.3 | B52: Suministro e instalación de Tubo conduit pvc 1 1/2" acometidas electricas (no incluye cableado), desde caja baja tension a afloramiento fachadas para acometidas domiciliarias | C52: m | D52: =60*5 -> 300 | E52: 33231 | F52: =D52*E52 -> 9969300
A53: 9.4 | B53: Afloramiento tubo IMC de 3" (para afloramientos de red secundaria y telecomunicaciones), incluye accesorios de fijación, con etiquetas según RETIE | C53: UND | D53: 6 | E53: 1000000 | F53: =D53*E53 -> 6000000
A54: 9.5 | B54: Suministro e instalación de barraje de baja tension de 100 Amperios con /600 BL, tipo gel certificado RETIE | C54: UND | D54: =60*5 -> 300 | E54: 120000 | F54: =D54*E54 -> 36000000
A55: 10 | B55: ALUMBRADO PLUBLICO
A56: 10.1 | B56: Caja de inspección de 0,40 x 0,40 x 0,40 m en concreto de 20,7 Mpa, red principal energia según diseño de la chec | C56: UNI | D56: =9*5 -> 45 | E56: 250000 | F56: =D56*E56 -> 11250000
A57: 10.2 | B57: Suministro e instalacion de luminarias - led spring sylvania o similar 66w /220 V, incluye 3,5 Mts, de cable encauchetado 3 x 12 THHN y 3 conectores tipo Gel para conexión subterranea | C57: UND | D57: =7*5 -> 35 | E57: 1000000 | F57: =E57*D57 -> 35000000
A58: 10.3 | B58: Pedestal rectangular para soportar luminaria en concreto de 20,7 Mpa (3.000 psi) h = 0,8 m, base de 0,40 x 0,40 m, incluye refuerzo | C58: UND | D58: =+D57 -> 35 | E58: 228279 | F58: =E58*D58 -> 7989765
A59: 10.4 | B59: Mastil de 3,5 m, tipo colonial de acuerdo a diseño e indicaciones, certificado RETILAP. | C59: UND | D59: =+D58 -> 35 | E59: 1350000 | F59: =E59*D59 -> 47250000
A60: 10.5 | B60: Suministro e instalación de ductos pvc conduit liso, (2 x 2"), inluye excavación y lleno | C60: ML | D60: =115*5 -> 575 | E60: 4000 | F60: =E60*D60 -> 2300000
A61: 10.6 | B61: Suministro e instalación de cableado acometida de luminarios en 2F # 6 THHN + 1T # 6THHN serie 8000 | C61: ML | D61: =115*5 -> 575 | E61: 22000 | F61: =E61*D61 -> 12650000
A62: 10.7 | B62: Sistemas de puesta a tierra en varilla de cobre 2,4 m x 5/8" cobre (cada 4 luminarias), incluye soldadura exotermica de 130 gr tipo Cadwell o similar | C62: UND | D62: =2*5 -> 10 | E62: 350000 | F62: =E62*D62 -> 3500000
A63: 10.8 | B63: Suministro e instalación de fotocontroles de 1 KW, incluye caja tipo interperie contactor de 40 A y rele de protección y fotecelda certificada. | C63: UND | D63: 5 | E63: 420000 | F63: =E63*D63 -> 2100000
A64: 10.9 | B64: Enlace de puesta a tierra desde conector tipo gel soterraneo a base de mastil, calibre 12 AWG code | C64: ML | D64: =5*5 -> 25 | E64: 13000 | F64: =E64*D64 -> 325000
A65: 11 | B65: COMPONENTE DE TELECOMUNICACIONES
A66: 11.1 | B66: Caja de inspección de 0,60 x 0,60 x 060 m en concreto de 20,7 Mpa, red principal energia según diseño de la chec | C66: UNI | D66: =4*5 -> 20 | E66: 390000 | F66: =D66*E66 -> 7800000
A67: 11.2 | B67: Suministro e instalación de ductos pvc conduit liso, (2 x 2"), inluye excavación y lleno | C67: ML | D67: =115*5 -> 575 | E67: 4000 | F67: =E67*D67 -> 2300000
A68: 12 | B68: RETIROS Y LIMPIEZA.
A69: 12.1 | B69: Retiro de material sobrante de excavación y escombross, cargue manual, Inluye El Deposito (Cargue y Retiro A Escombrera Autorizada por Corporación Ambiental) | C69: M3 | D69: =+(D14*0.175)+(D15*0.1)+(D16*0.1)+(D17*0.3*0.3)+(D21-D23-D24-D25-D27) -> 1181.39 | E69: 48000 | F69: =D69*E69 -> 56706720
A70: 13 | B70: PAVIMENTO.
A71: 13.1 | B71: Pavimento en concreto MR = 4,1 Mpa premezclado, e = 0.175 m, incluye refuerzo, corte con disco y sello de juntas | C71: M2 | D71: =+I4*J4 -> 2989 | E71: 125000 | F71: =D71*E71 -> 373625000
A72: 14 | B72: ANDENES.
A73: 14.1 | B73: Anden en concreto estampado color | C73: M2 | D73: =+K4*L4 -> 1822.8 | E73: 128000 | F73: =D73*E73 -> 2.333184e+08
A74: 14.2 | B74: Sardinel en concreto de 20,7 Mpa 0,03 m3/ml, incluye refuerzo, sobre placa | C74: M | D74: =+K4*2 -> 980 | E74: 52267 | F74: =D74*E74 -> 51221660
A75: 15 | B75: SEÑALIZACION.
A76: 15.1 | B76: Señal vertical de transito tipo sp, sr de 75x75 con lamina retroreflectiva tipo diamante | C76: UND | D76: 10 | E76: 470000 | F76: =D76*E76 -> 4700000
A77: 15.2 | B77: Aplicación de pintura "Zona Paso Peatonal (CEBRA)" | C77: UND | D77: 10 | E77: 395000 | F77: =D77*E77 -> 3950000
A78: 15.3 | B78: Líneas de demarcación vial | C78: M | D78: =+I4*3 -> 1470 | E78: 3000 | F78: =D78*E78 -> 4410000
B79: COSTO DIRECTO DE OBRA | F79: =SUM(F6:F78) -> 1.9765721e+09
B80: Administración | E80: 0.275 | F80: =F79*E80 -> 5.4355733e+08
B81: Utilidad | E81: 0.05 | F81: =F79*E81 -> 98828606
B82: COSTO TOTAL DE OBRA | F82: =SUM(F79:F81) -> 2.6189581e+09
A84: COSTO DE LA INTERVENTORIA | E84: 0.08 | F84: =F82*E84 -> 2.0951664e+08
A86: COSTO FINAL DEL PROYECTO | F86: =F82+F84 -> 2.8284747e+09
A90: Elaboró: | B90: Ing. JOHN HAROL GIRALDO CASTAÑO
B91: Subsecretario de Obras Públicas

Sheet Pavimentos
A1: CONDICIONES ORIGINALES | H1: PAVIMENTACIÓN DE VIAS
H2: DIRECCION | K2: VIA | O2: ANDEN | S2: ANCHO TOTAL
A3: REPOSICION DE REDES EXISTENTES DE ACUEDUCTO Y ALCANTARILLADO Y CAMBIO DE PAVIMENTO ASFALTICO A RIGIDO, ANDENES DE LA CARRERA 10 ENTRE CALLE 7 Y 8 Y DE LA CALLE 26 ENTRE CARRERA 14 Y 15, DEL MUNICIPIO DE SANTA ROSA DE CABAL– DEPARTAMENTO DE RISARALDA, | K3: LARGO | L3: ANCHO | M3: BASE | N3: SUB-BASE | O3: LARGO | P3: ANCHO PRO. | Q3: ANCHO TOTAL | R3: AFIRMA. | U3: Domiciliarias | V3: Camaras
H4: Calle 16 entre Carreras 17 y 15 | K4: 176.5 | L4: 6.8 | M4: 0.15 | N4: 0.25 | O4: =+K4 -> 176.5 | P4: 2 | Q4: =+P4+P4 -> 4 | R4: 0.1 | S4: =+L4+Q4 -> 10.8 | U4: 55 | V4: 3
A5: ÍTEM | B5: PARTIDAS DE PAGO | C5: UND | D5: CANT | E5: VR UNITARIO | F5: VR TOTAL | H5: Calle 10 entre 10 y 11 | K5: 108 | L5: 8 | M5: 0.15 | N5: 0.25 | O5: =+K5 -> 108 | P5: 2.45 | Q5: =+P5+P5 -> 4.9 | R5: 0.1 | S5: =+L5+Q5 -> 12.9 | U5: 32 | V5: 3
A6: 1 | B6: PRELIMINARES.
A7: 1.1 | B7: =+APUS!C82 -> Localización y replanteo para pavimentación de vías (3 líneas, 3 instancias) | C7: M2 | D7: =+(K4*S4)+(K5*S5) -> 3299.4 | E7: =+APUS!F82 -> 0 | F7: =D7*E7 -> 0
A8: 1.2 | B8: =+APUS!C90 -> Valla de identificación de obra área mayor a 4 m2, colocada en cerchas metálica, incluye mantenimiento durante la construcción | C8: M2 | D8: =8*2 -> 16 | E8: =+APUS!F90 -> 0 | F8: =D8*E8 -> 0 | H8: Datos para Exacación y Lleno
A9: 1.3 | B9: Cerramiento provisional con guadua y tela de cerramiento h=2 m | C9: M | D9: =+(K4+L4+K5+L5)*2 -> 598.6 | E9: =+APUS!F98 -> 0 | F9: =D9*E9 -> 0 | I9: LARGO | J9: ANCHO | K9: PROF. EX | L9: PROF. LLEN.
A10: 1.4 | B10: Pasacalles informativos, incluye mantenimiento durante la obra. | C10: M2 | D10: =10*2 -> 20 | E10: =+APUS!F105 -> 0 | F10: =D10*E10 -> 0 | H10: ALCANT. | I10: =+K4+K5 -> 284.5 | J10: 0.8 | K10: 2.5 | L10: 2
A11: 1.5 | B11: Cubierta provisional en guadua y techo en plastico. | C11: M2 | D11: =+(K4*(L4+2))+(K5*(L5+2)) -> 2633.2 | E11: =+APUS!F179 -> 0 | F11: =D11*E11 -> 0 | H11: ACUEDUC. | I11: =+I10*2 -> 569 | J11: 0.3 | K11: 1.2 | L11: 1
A12: 2 | B12: DEMOLICIONES. | H12: CAJEO | I12: =+I10 -> 284.5 | J12: =+(L4+L5)/2 -> 7.4 | K12: 0.4
A13: 2.1 | B13: Demolición pavimento rigido | C13: M2 | D13: =+(K4*L4)+(K5*L5) -> 2064.2 | E13: =+APUS!F271 -> 0 | F13: =D13*E13 -> 0 | H13: ANDENES | I13: =+I10 -> 284.5 | J13: =+(Q4+Q5)/2 -> 4.45 | K13: 0.1
A14: 2.2 | B14: Demolicion de anden | C14: M2 | D14: =+(O4*Q4)+(O5*Q5) -> 1235.2 | E14: =+APUS!F278 -> 0 | F14: =D14*E14 -> 0
A15: 2.3 | B15: Demolicion de sardinel | C15: M | D15: =+(O4*2)+(O5*2) -> 569 | E15: =+APUS!#REF! -> #REF! | F15: =D15*E15 -> #REF!
A16: 2.4 | B16: Demolición cono cámara | C16: UNI | D16: =+V4+V5 -> 6 | E16: =+APUS!F434 -> 0 | F16: =D16*E16 -> 0
A17: 2.5 | B17: Demolición cuerpo cámara | C17: ML | D17: =+D16*3 -> 18 | E17: =+APUS!F439 -> 0 | F17: =D17*E17 -> 0
A18: 3 | B18: MOVIMIENTOS DE TIERRA.
A19: 3.1 | B19: Excavacion en material comun seco de 0-2 mts, manual | C19: M3 | D19: =+((I10*J10*K10)+(I11*J11*K11)+(I12*J12*K12)+(I13*J13*K13))*1.3 -> 2265.3313 | E19: =+APUS!F451 -> 0 | F19: =D19*E19 -> 0
A20: 4 | B20: LLENOS.
A21: 4.1 | B21: Lleno compactado con material del sitio manual | C21: M3 | D21: =+(I10*J10*L10)+(I11*J11*L11) -> 625.9 | E21: =+APUS!F536 -> 0 | F21: =D21*E21 -> 0
A22: 4.2 | B22: Lleno compactado con afirmado manual, no incluye transporte | C22: M3 | D22: =+(O4*Q4*R4)+(O5*Q5*R5) -> 123.52 | E22: =+APUS!F542 -> 0 | F22: =D22*E22 -> 0
A23: 4.3 | B23: =+APUS!C550 -> Sub-base granular | C23: M3 | D23: =+(K4*L4*N4)+(K5*L5*N5) -> 516.05 | E23: =+APUS!F550 -> 0 | F23: =D23*E23 -> 0
A24: 4.4 | B24: =+APUS!#REF! -> #REF! | C24: M3 | D24: =+(K4*L4*M4)+(K5*L5*M5) -> 309.63 | E24: =+APUS!#REF! -> #REF! | F24: =D24*E24 -> #REF!
A25: 4.5 | B25: Transporte material > 40 Km (corte, sub-base, base, afirmado) | C25: M3-KM | D25: =+D22*21 -> 2593.92 | E25: =+APUS!F600 -> 0 | F25: =D25*E25 -> 0
A26: 4.6 | B26: Cama en arena para cimentacion de tuberia alcantarillado. | C26: M3 | D26: =+(I10*J10*0.1)+(I11*J11*0.1) -> 39.83 | E26: =+APUS!F603 -> 0 | F26: =D26*E26 -> 0
A27: 5 | B27: LABORES DE ALCANTARILLADO.
A28: 5.1 | B28: Tubería PVC de alcantarillado de pared estructural d = 6", exterior corrugado | C28: M | D28: =+(U4+U5)*6 -> 522 | E28: =+APUS!#REF! -> #REF! | F28: =D28*E28 -> #REF!
A29: 5.2 | B29: Tubería PVC de alcantarillado de pared estructural d = 12", exterior corrugado | C29: M | D29: =+I10+6 -> 290.5 | E29: =+APUS!F731 -> 0 | F29: =D29*E29 -> 0
A30: 5.3 | B30: Silla Yee Pvc de pared estructural 315 X 160 | C30: UND | D30: =+U4+U5 -> 87 | E30: =+APUS!F737 -> 0 | F30: =D30*E30 -> 0
A31: 5.4 | B31: Base y cañuela para cámara de inspección d = 1,20 mts, en concreto de 20,7 Mpa | C31: UND | D31: =+V4+V5 -> 6 | E31: =+APUS!F742 -> 0 | F31: =D31*E31 -> 0
A32: 5.5 | B32: Cuerpo para cámara de inspección d = 1,20 m, en concreto de 20,7 Mpa, no incluye refuerzo | C32: M | D32: =+D17 -> 18 | E32: =+APUS!#REF! -> #REF! | F32: =D32*E32 -> #REF!
A33: 5.6 | B33: Empalme de tubería a pozo existente incluye demolición y emboquillada | C33: UND | D33: =+D31 -> 6 | E33: =+APUS!#REF! -> #REF! | F33: =D33*E33 -> #REF!
A34: 5.7 | B34: =+APUS!#REF! -> #REF! | C34: M | D34: =+D28+D29 -> 812.5 | E34: =+APUS!#REF! -> #REF! | F34: =D34*E34 -> #REF!
A35: 5.8 | B35: Manhole en HD vehicular ø0.60m + seguridad vehicular | C35: UND | D35: =+D31 -> 6 | E35: =+APUS!#REF! -> #REF! | F35: =D35*E35 -> #REF!
A36: 5.9 | B36: Manejo de aguas servidas, en teja de zinc o similar. | C36: M | D36: =+D34 -> 812.5 | E36: =+APUS!#REF! -> #REF! | F36: =D36*E36 -> #REF!
A37: 6 | B37: ESTRUCTURAS DE CONCRETO.
A38: 6.1 | B38: Caja de inspección de 0,80 x 0,80 x 0,80 m en concreto de 17,2 Mpa, tapa reforzada en concreto de 20,7 Mpa | C38: UND | D38: =+U4+U5 -> 87 | E38: =+APUS!F1143 -> 0 | F38: =D38*E38 -> 0
A39: 6.2 | B39: Sumidero doble en concreto de 20,7 Mpa, incluye reja doble con anticorrosivo | C39: UND | D39: =4*2 -> 8 | E39: =+APUS!F1155 -> 0 | F39: =D39*E39 -> 0
A40: 7 | B40: ACEROS.
A41: 7.1 | B41: Acero Fy = 60.000 psi d>1/4" | C41: KG | D41: =750*D31 -> 4500 | E41: =+APUS!F1235 -> 0 | F41: =D41*E41 -> 0
A42: 8 | B42: OBRAS FINALES - REPARACIONES Y ACOMETIDAS ACUEDUCTO.
A43: 8.1 | B43: Domiciliaria de 1/2" Manguera Pealpe, L = 2 m | C43: UND | D43: =+D38 -> 87 | E43: =+APUS!F1243 -> 0 | F43: =D43*E43 -> 0
A44: 8.2 | B44: =+APUS!C1254 -> Tubería PVC unión platino de 3" | C44: M | D44: =+I11 -> 569 | E44: =+APUS!F1254 -> 0 | F44: =D44*E44 -> 0
A45: 8.3 | B45: Punto hidráulico PVC de 3" L prom = 3 m | C45: unida | D45: =6*2 -> 12 | E45: =+APUS!#REF! -> #REF! | F45: =E45*D45 -> #REF!
A46: 8.4 | B46: Suministro e instalacion de caja para medidor en plastico extrafuerte, con tapa en hierro ductil. | C46: UND | D46: =+D43 -> 87 | E46: =+APUS!F1267 -> 0 | F46: =D46*E46 -> 0
A47: 8.5 | B47: Hidrante tipo Milán de 3" extremo brida, incluye válvula sello de bronce y kit de nivelación | C47: UNI | D47: 2 | E47: =+APUS!F1272 -> 0 | F47: =D47*E47 -> 0
A48: 9 | B48: PAVIMENTO.
A49: 9.1 | B49: Pavimento en concreto MR = 4,1 Mpa premezclado, e = 0.175 m, incluye refuerzo, corte con disco y sello de juntas | C49: M2 | D49: =+(K4*L4)+(K5*L5) -> 2064.2 | E49: =+APUS!F1291 -> 0 | F49: =D49*E49 -> 0
A50: 10 | B50: ANDENES.
A51: 10.1 | B51: =+APUS!C1308 -> Anden en concreto de 20,7 Mpa (3000 PSI) e = 0,10 m | C51: M2 | D51: =+(O4*Q4)+(O5*Q5) -> 1235.2 | E51: =+APUS!F1308 -> 0 | F51: =D51*E51 -> 0
A52: 10.2 | B52: Sardinel en concreto de 20,7 Mpa 0,03 m3/ml, incluye refuerzo, sobre placa | C52: M | D52: =+D15 -> 569 | E52: =+APUS!F1318 -> 0 | F52: =D52*E52 -> 0
A53: 11 | B53: SEÑALIZACION.
A54: 11.1 | B54: =+APUS!C1348 -> Señal vertical de transito tipo SP, SR de 75 x 75 con lámina retroreflectiva tipo diamante | C54: UND | D54: =3*2 -> 6 | E54: =+APUS!F1348 -> 0 | F54: =D54*E54 -> 0
A55: 11.2 | B55: Aplicación de pintura "Zona Paso Peatonal (CEBRA)" | C55: UND | D55: =2*2 -> 4 | E55: =+APUS!F1356 -> 0 | F55: =D55*E55 -> 0
A56: 11.3 | B56: =+APUS!C1361 -> Líneas de demarcación vial pintura en frío | C56: M | D56: =+(K4+K5)*3 -> 853.5 | E56: =+APUS!F1361 -> 0 | F56: =D56*E56 -> 0
B57: COSTO DIRECTO DE OBRA | F57: =SUM(F6:F56) -> #REF!
B58: Administración | E58: 0.275 | F58: =F57*E58 -> #REF!
B59: Utilidad | E59: 0.05 | F59: =F57*E59 -> #REF!
B60: COSTO TOTAL DE OBRA | F60: =SUM(F57:F59) -> #REF!
A62: COSTO DE LA INTERVENTORIA | E62: 0.08 | F62: =F60*E62 -> #REF!
A64: COSTO FINAL DEL PROYECTO | F64: =F60+F62 -> #REF!
A68: Elaboró: | B68: Ing. JOHN HAROL GIRALDO CASTAÑO
B69: Subsecretario de Obras Públicas

Sheet Hoja1
A1: PROYECTOS ESTRATÉGICOS | C1: ESTADO
A2: Pavimentación Santa Elena, Los Pinos, cerros de Monserrate | B2: 1673787483 | C2: ADJUDICADO
A3: Proyecto fase I estadio municipal, skate park, cancha sintética, cubierta cancha, pista atlética | B3: 5758283169 | C3: ADJUDICADO
A4: Recinto gastronómico artesanal y experiencial | B4: 3500000000 | C4: Convenio 271-2021
A5: Pavimentación de la calle 8 | B5: 743766994 | C5: Ejecutor EMPOCABAL
A6: Acueducto colmenas | B6: 1500000000 | C6: Radicado
A7: Calle 23 conexión autopista del café con la hermosa | B7: 1802266438 | C7: En revisión regalias
A8: Casa de música y biblioteca | B8: 3300000000 | C8: En formulación
A9: Casa Campesina y San Andresito | B9: 3678696895 | C9: En aprobación de diseños x Depto y Fontur
B10: 3488298680
A11: Cancha bosque | B11: 800000000 | C11: Radicado
A12: Construcción de obras de mitigación por amenaza por perdida de banca vial | B12: 13013776818 | C12: Radicado
A13: Construcción de placas huellas | B13: 3000000000 | C13: Radicado
A14: Construccion de via termales san vicente - termales santa rosa - el jazmin el lembo - guacas el jazmin. | B14: 18000000000 | C14: Radicado
A16: TOTAL PROYECTOS ESTRATEGICOS | B16: =+SUM(B2:B14) -> 60258876477

Sheet RESUMEN
A1: Convenio para la reposicion de redes de acueducto alcantarillado y construccion de pavimentos en el municipio de Santa Rosa de Cabal.
A2: ITEM | B2: DIRECCION VIA | C2: COSTO TOTAL | D2: INTERVENTORIA | E2: VALOR DEFINITIVO
A3: 1.00 | B3: REPOSICION DE REDES EXISTENTES DE ACUEDUCTO Y ALCANTARILLADO Y CAMBIO DE PAVIMENTO, ANDENES DE LA CALLE 12 ENTRE CARRERAS 9 Y 11, DEL MUNICIPIO DE SANTA ROSA DE CABAL– DEPARTAMENTO DE RISARALDA, | C3: ='1.Calle 12 entre 9 y 11'!F75 -> #REF! | D3: ='1.Calle 12 entre 9 y 11'!F77 -> #REF! | E3: =C3+D3 -> #REF!
A4: 2.00 | B4: REPOSICION DE REDES EXISTENTES DE ACUEDUCTO Y ALCANTARILLADO Y CAMBIO DE PAVIMENTO, ANDENES DE LA CALLE 11 ENTRE CARRERAS 15 Y 17, DEL MUNICIPIO DE SANTA ROSA DE CABAL– DEPARTAMENTO DE RISARALDA, | C4: ='2.Calle 11 entre 15 y 17'!F62 -> #REF! | D4: ='2.Calle 11 entre 15 y 17'!F64 -> #REF! | E4: =C4+D4 -> #REF!
A5: 3.00 | B5: REPOSICION DE REDES EXISTENTES DE ACUEDUCTO Y ALCANTARILLADO Y CAMBIO DE PAVIMENTO, ANDENES DE LA CARRERA 12 ENTRE CALLE 30 B Y 34 PUENTE ITALIA, DEL MUNICIPIO DE SANTA ROSA DE CABAL– DEPARTAMENTO DE RISARALDA, | C5: ='3.Cra 12 - Cra 14 la italia'!F62 -> #REF! | D5: ='3.Cra 12 - Cra 14 la italia'!F64 -> #REF! | E5: =C5+D5 -> #REF!
A6: 4.00 | B6: REPOSICION DE REDES EXISTENTES DE ACUEDUCTO Y ALCANTARILLADO Y CAMBIO DE PAVIMENTO, ANDENES DE LA CARRERA 22 CON CALLE 27B | C6: ='4.Carrera 22 con calle 27B'!F60 -> #REF! | D6: ='4.Carrera 22 con calle 27B'!F62 -> #REF! | E6: =C6+D6 -> #REF!
B7: REPOSICION DE REDES EXISTENTES DE ACUEDUCTO Y ALCANTARILLADO Y CAMBIO DE PAVIMENTO, ANDENES DE LA CARRERA 22A CON CALLE 27B | C7: ='4.Carrera 22A con calle 27B '!F60 -> #REF! | D7: ='4.Carrera 22A con calle 27B '!F62 -> #REF! | E7: =C7+D7 -> #REF!
B8: REPOSICION DE REDES EXISTENTES DE ACUEDUCTO Y ALCANTARILLADO Y CAMBIO DE PAVIMENTO, ANDENES DE LA CARRERA 22B CON CALLE 27B | C8: ='4.Carrera 22B con calle 27B'!F60 -> #REF! | D8: ='4.Carrera 22B con calle 27B'!F62 -> #REF! | E8: =C8+D8 -> #REF!
A9: 5.00 | B9: REPOSICION DE REDES EXISTENTES DE ACUEDUCTO Y ALCANTARILLADO Y CAMBIO DE PAVIMENTO, ANDENES DE LA Calle 33 entre Cra 12 y 12bis, DEL MUNICIPIO DE SANTA ROSA DE CABAL– DEPARTAMENTO DE RISARALDA, | C9: ='5.Calle 33 entre cra 12 y 12Bis'!F60 -> #REF! | D9: ='5.Calle 33 entre cra 12 y 12Bis'!F62 -> #REF! | E9: =C9+D9 -> #REF!
A10: 6.00 | B10: REPOSICION DE REDES EXISTENTES DE ACUEDUCTO Y ALCANTARILLADO Y CAMBIO DE PAVIMENTO, ANDENES DE LA CARRERA 10 ENTRE CALLE 7 Y 8, DEL MUNICIPIO DE SANTA ROSA DE CABAL– DEPARTAMENTO DE RISARALDA, | C10: ='6.CARRERA 10 ENTRE CALLE 7 Y 8'!F62 -> #REF! | D10: ='6.CARRERA 10 ENTRE CALLE 7 Y 8'!F64 -> #REF! | E10: =C10+D10 -> #REF!
A11: 7.00 | B11: REPOSICION DE REDES EXISTENTES DE ACUEDUCTO Y ALCANTARILLADO Y CAMBIO DE PAVIMENTO, ANDENES DE LA CALLE 26 ENTRE CARRERA 14 Y 15, DEL MUNICIPIO DE SANTA ROSA DE CABAL– DEPARTAMENTO DE RISARALDA, | C11: ='7.CALLE 26 ENTRE CRA 14 Y 15'!F62 -> #REF! | D11: ='7.CALLE 26 ENTRE CRA 14 Y 15'!F64 -> #REF! | E11: =C11+D11 -> #REF!
A12: 8.00 | B12: REPOSICION DE REDES EXISTENTES DE ACUEDUCTO Y ALCANTARILLADO Y CAMBIO DE PAVIMENTO, ANDENES DE LA CALLES 13 ENTRE CARRERAS 13 Y 14, DEL MUNICIPIO DE SANTA ROSA DE CABAL– DEPARTAMENTO DE RISARALDA, | C12: ='8.CALLE 13 ENTRE 13 Y 14'!F78 -> #REF! | D12: ='8.CALLE 13 ENTRE 13 Y 14'!F80 -> #REF! | E12: =C12+D12 -> #REF!
A13: 9.00 | B13: REPOSICION DE REDES EXISTENTES DE ACUEDUCTO Y ALCANTARILLADO Y CAMBIO DE PAVIMENTO, ANDENES DE LA CALLE 18 ENTRE CARRERA 11 Y 12, DEL MUNICIPIO DE SANTA ROSA DE CABAL– DEPARTAMENTO DE RISARALDA, | C13: ='9.Calle 18, entre 11 y 12'!F62 -> #REF! | D13: ='9.Calle 18, entre 11 y 12'!F64 -> #REF! | E13: =C13+D13 -> #REF!
A14: 10.00 | B14: REPOSICION DE REDES EXISTENTES DE ACUEDUCTO Y ALCANTARILLADO, ELECTRICAS DE ALTA Y MEDIA TENSION Y CAMBIO DE PAVIMENTO DE LA CALLE 12 ENTRE CARRERAS 12 Y 13, DEL MUNICIPIO DE SANTA ROSA DE CABAL– DEPARTAMENTO DE RISARALDA, | C14: ='10.CALLE 12 ENTRE 12 Y 13'!F109 -> #REF! | D14: ='10.CALLE 12 ENTRE 12 Y 13'!F111 -> #REF! | E14: =C14+D14 -> #REF!
A15: 11.00 | B15: REDES DE ACUEDUCTO Y ALCANTARILLADO DE LA CALLE 46 ENTRE CARRERAS 12 Y 13, DEL MUNICIPIO DE SANTA ROSA DE CABAL– DEPARTAMENTO DE RISARALDA, | C15: ='11.CALLE 46 ENTRE 12 Y 13'!F33 -> #REF! | D15: ='11.CALLE 46 ENTRE 12 Y 13'!F35 -> #REF! | E15: =C15+D15 -> #REF! | H15: =G21/'1.Calle 12 entre 9 y 11'!E49 -> #REF!
C17: COSTO OBRA | D17: COSTO INTERVENTORIA | E17: COSTO TOTAL
A18: VALOR TOTAL INTERVENCION VIAS | C18: =SUM(C3:C16) -> #REF! | D18: =SUM(D3:D16) -> #REF! | E18: =SUM(E3:E16) -> #REF!
D19: Ajuste a la decena | E19: -0.16
D20: VALOR TOTAL | E20: =E19+E18 -> #REF! | G20: 8622623210
G21: =G20-E20 -> #REF!
A24: Aprobo: | B24: JOHN HAROL GIRALDO CASTAÑO
B25: Cargo: Sub. Secretario de Obras Públicas
B26: Mat. Profesional. 66202-313953 RIS
O1040: -335544.32

Sheet Calle 10, entre 10 y 11
A1: CONDICIONES ORIGINALES | H1: PAVIMENTACIÓN DE VIAS
H2: DIRECCION | K2: VIA | O2: ANDEN | S2: ANCHO TOTAL
A3: REPOSICION DE REDES EXISTENTES DE ACUEDUCTO Y ALCANTARILLADO Y CAMBIO DE PAVIMENTO ASFALTICO A RIGIDO, ANDENES DE LA CALLE 10 ENTRE CARRERAS 10 Y 11, DEL MUNICIPIO DE SANTA ROSA DE CABAL– DEPARTAMENTO DE RISARALDA, | K3: LARGO | L3: ANCHO | M3: BASE | N3: SUB-BASE | O3: LARGO | P3: ANCHO PRO. | Q3: ANCHO TOTAL | R3: AFIRMA. | U3: Domiciliarias | V3: Camaras
H4: Calle 10 entre Carreras 10 y 11 | K4: 108 | L4: 8 | M4: 0.15 | N4: 0.25 | O4: =+K4 -> 108 | P4: 2.45 | Q4: =+P4+P4 -> 4.9 | R4: 0.1 | S4: =+L4+Q4 -> 12.9 | U4: 32 | V4: 3
A5: ÍTEM | B5: PARTIDAS DE PAGO | C5: UND | D5: CANT | E5: VR UNITARIO | F5: VR TOTAL
A6: 1 | B6: PRELIMINARES.
A7: 1.1 | B7: =+APUS!C82 -> Localización y replanteo para pavimentación de vías (3 líneas, 3 instancias) | C7: M2 | D7: =+(K4*S4) -> 1393.2 | E7: =+APUS!F82 -> 0 | F7: =D7*E7 -> 0 | H7: Datos para Exacación y Lleno
A8: 1.2 | B8: =+APUS!C90 -> Valla de identificación de obra área mayor a 4 m2, colocada en cerchas metálica, incluye mantenimiento durante la construcción | C8: M2 | D8: =8*1 -> 8 | E8: =+APUS!F90 -> 0 | F8: =D8*E8 -> 0 | I8: LARGO | J8: ANCHO | K8: PROF. EX | L8: PROF. LLEN.
A9: 1.3 | B9: Cerramiento provisional con guadua y tela de cerramiento h=2 m | C9: M | D9: =+(K4+L4)*2 -> 232 | E9: =+APUS!F98 -> 0 | F9: =D9*E9 -> 0 | H9: ALCANT. | I9: =K4 -> 108 | J9: 0.8 | K9: 2.5 | L9: 2
A10: 1.4 | B10: Pasacalles informativos, incluye mantenimiento durante la obra. | C10: M2 | D10: =10*1 -> 10 | E10: =+APUS!F105 -> 0 | F10: =D10*E10 -> 0 | H10: ACUEDUC. | I10: =+I9*2 -> 216 | J10: 0.3 | K10: 1.2 | L10: 1
A11: 1.5 | B11: Cubierta provisional en guadua y techo en plastico. | C11: M2 | D11: =+(K4*(L4+2)) -> 1080 | E11: =+APUS!F179 -> 0 | F11: =D11*E11 -> 0 | H11: CAJEO | I11: =+I9 -> 108 | J11: =L4 -> 8 | K11: 0.4
A12: 2 | B12: DEMOLICIONES. | H12: ANDENES | I12: =+I9 -> 108 | J12: =+Q4 -> 4.9 | K12: 0.1
A13: 2.1 | B13: Demolición pavimento rigido | C13: M2 | D13: =+(K4*L4) -> 864 | E13: =+APUS!F271 -> 0 | F13: =D13*E13 -> 0
A14: 2.2 | B14: Demolicion de anden | C14: M2 | D14: =(O4*Q4) -> 529.2 | E14: =+APUS!F278 -> 0 | F14: =D14*E14 -> 0
A15: 2.3 | B15: Demolicion de sardinel | C15: M | D15: =(O4*2) -> 216 | E15: =+APUS!#REF! -> #REF! | F15: =D15*E15 -> #REF!
A16: 2.4 | B16: Demolición cono cámara | C16: UNI | D16: =V4 -> 3 | E16: =+APUS!F434 -> 0 | F16: =D16*E16 -> 0
A17: 2.5 | B17: Demolición cuerpo cámara | C17: ML | D17: =+D16*3 -> 9 | E17: =+APUS!F439 -> 0 | F17: =D17*E17 -> 0
A18: 3 | B18: MOVIMIENTOS DE TIERRA.
A19: 3.1 | B19: Excavacion en material comun seco de 0-2 mts, manual | C19: M3 | D19: =+((I9*J9*K9)+(I10*J10*K10)+(I11*J11*K11)+(I12*J12*K12))*1.3 -> 899.964 | E19: =+APUS!F451 -> 0 | F19: =D19*E19 -> 0
A20: 4 | B20: LLENOS.
A21: 4.1 | B21: Lleno compactado con material del sitio manual | C21: M3 | D21: =+(I9*J9*L9)+(I10*J10*L10) -> 237.6 | E21: =+APUS!F536 -> 0 | F21: =D21*E21 -> 0
A22: 4.2 | B22: Lleno compactado con afirmado manual, no incluye transporte | C22: M3 | D22: =+(O4*Q4*R4) -> 52.92 | E22: =+APUS!F542 -> 0 | F22: =D22*E22 -> 0
A23: 4.3 | B23: =+APUS!C550 -> Sub-base granular | C23: M3 | D23: =(K4*L4*N4) -> 216 | E23: =+APUS!F550 -> 0 | F23: =D23*E23 -> 0
A24: 4.4 | B24: =+APUS!#REF! -> #REF! | C24: M3 | D24: =(K4*L4*M4) -> 129.6 | E24: =+APUS!#REF! -> #REF! | F24: =D24*E24 -> #REF!
A25: 4.5 | B25: Transporte material > 40 Km (corte, sub-base, base, afirmado) | C25: M3-KM | D25: =+D22*21 -> 1111.32 | E25: =+APUS!F600 -> 0 | F25: =D25*E25 -> 0
A26: 4.6 | B26: Cama en arena para cimentacion de tuberia alcantarillado. | C26: M3 | D26: =+(I9*J9*0.1)+(I10*J10*0.1) -> 15.12 | E26: =+APUS!F603 -> 0 | F26: =D26*E26 -> 0
A27: 5 | B27: LABORES DE ALCANTARILLADO.
A28: 5.1 | B28: Tubería PVC de alcantarillado de pared estructural d = 6", exterior corrugado | C28: M | D28: =+(U4)*6 -> 192 | E28: =+APUS!#REF! -> #REF! | F28: =D28*E28 -> #REF!
A29: 5.2 | B29: Tubería PVC de alcantarillado de pared estructural d = 12", exterior corrugado | C29: M | D29: =+I9+6 -> 114 | E29: =+APUS!F731 -> 0 | F29: =D29*E29 -> 0
A30: 5.3 | B30: Silla Yee Pvc de pared estructural 315 X 160 | C30: UND | D30: =U4 -> 32 | E30: =+APUS!F737 -> 0 | F30: =D30*E30 -> 0
A31: 5.4 | B31: Base y cañuela para cámara de inspección d = 1,20 mts, en concreto de 20,7 Mpa | C31: UND | D31: =V4 -> 3 | E31: =+APUS!F742 -> 0 | F31: =D31*E31 -> 0
A32: 5.5 | B32: Cuerpo para cámara de inspección d = 1,20 m, en concreto de 20,7 Mpa, no incluye refuerzo | C32: M | D32: =+D17 -> 9 | E32: =+APUS!#REF! -> #REF! | F32: =D32*E32 -> #REF!
A33: 5.6 | B33: Empalme de tubería a pozo existente incluye demolición y emboquillada | C33: UND | D33: =+D31 -> 3 | E33: =+APUS!#REF! -> #REF! | F33: =D33*E33 -> #REF!
A34: 5.7 | B34: =+APUS!#REF! -> #REF! | C34: M | D34: =+D28+D29 -> 306 | E34: =+APUS!#REF! -> #REF! | F34: =D34*E34 -> #REF!
A35: 5.8 | B35: Manhole en HD vehicular ø0.60m + seguridad vehicular | C35: UND | D35: =+D31 -> 3 | E35: =+APUS!#REF! -> #REF! | F35: =D35*E35 -> #REF!
A36: 5.9 | B36: Manejo de aguas servidas, en teja de zinc o similar. | C36: M | D36: =+D34 -> 306 | E36: =+APUS!#REF! -> #REF! | F36: =D36*E36 -> #REF!
A37: 6 | B37: ESTRUCTURAS DE CONCRETO.
A38: 6.1 | B38: Caja de inspección de 0,80 x 0,80 x 0,80 m en concreto de 17,2 Mpa, tapa reforzada en concreto de 20,7 Mpa | C38: UND | D38: =U4 -> 32 | E38: =+APUS!F1143 -> 0 | F38: =D38*E38 -> 0
A39: 6.2 | B39: Sumidero doble en concreto de 20,7 Mpa, incluye reja doble con anticorrosivo | C39: UND | D39: =4*1 -> 4 | E39: =+APUS!F1155 -> 0 | F39: =D39*E39 -> 0
A40: 7 | B40: ACEROS.
A41: 7.1 | B41: Acero Fy = 60.000 psi d>1/4" | C41: KG | D41: =750*D31 -> 2250 | E41: =+APUS!F1235 -> 0 | F41: =D41*E41 -> 0
A42: 8 | B42: OBRAS FINALES - REPARACIONES Y ACOMETIDAS ACUEDUCTO.
A43: 8.1 | B43: Domiciliaria de 1/2" Manguera Pealpe, L = 2 m | C43: UND | D43: =+D38 -> 32 | E43: =+APUS!F1243 -> 0 | F43: =D43*E43 -> 0
A44: 8.2 | B44: =+APUS!C1254 -> Tubería PVC unión platino de 3" | C44: M | D44: =+I10 -> 216 | E44: =+APUS!F1254 -> 0 | F44: =D44*E44 -> 0
A45: 8.3 | B45: Punto hidráulico PVC de 3" L prom = 3 m | C45: unida | D45: =6*1 -> 6 | E45: =+APUS!#REF! -> #REF! | F45: =E45*D45 -> #REF!
A46: 8.4 | B46: Suministro e instalacion de caja para medidor en plastico extrafuerte, con tapa en hierro ductil. | C46: UND | D46: =+D43 -> 32 | E46: =+APUS!F1267 -> 0 | F46: =D46*E46 -> 0
A47: 8.5 | B47: Hidrante tipo Milán de 3" extremo brida, incluye válvula sello de bronce y kit de nivelación | C47: UNI | D47: 1 | E47: =+APUS!F1272 -> 0 | F47: =D47*E47 -> 0
A48: 9 | B48: PAVIMENTO.
A49: 9.1 | B49: Pavimento en concreto MR = 4,1 Mpa premezclado, e = 0.175 m, incluye refuerzo, corte con disco y sello de juntas | C49: M2 | D49: =+(K4*L4) -> 864 | E49: =+APUS!F1291 -> 0 | F49: =D49*E49 -> 0
A50: 10 | B50: ANDENES.
A51: 10.1 | B51: =+APUS!C1308 -> Anden en concreto de 20,7 Mpa (3000 PSI) e = 0,10 m | C51: M2 | D51: =(O4*Q4) -> 529.2 | E51: =+APUS!F1308 -> 0 | F51: =D51*E51 -> 0
A52: 10.2 | B52: Sardinel en concreto de 20,7 Mpa 0,03 m3/ml, incluye refuerzo, sobre placa | C52: M | D52: =+D15 -> 216 | E52: =+APUS!F1318 -> 0 | F52: =D52*E52 -> 0
A53: 11 | B53: SEÑALIZACION.
A54: 11.1 | B54: =+APUS!C1348 -> Señal vertical de transito tipo SP, SR de 75 x 75 con lámina retroreflectiva tipo diamante | C54: UND | D54: =3*1 -> 3 | E54: =+APUS!F1348 -> 0 | F54: =D54*E54 -> 0
A55: 11.2 | B55: Aplicación de pintura "Zona Paso Peatonal (CEBRA)" | C55: UND | D55: =2*1 -> 2 | E55: =+APUS!F1356 -> 0 | F55: =D55*E55 -> 0
A56: 11.3 | B56: =+APUS!C1361 -> Líneas de demarcación vial pintura en frío | C56: M | D56: =+K4*3 -> 324 | E56: =+APUS!F1361 -> 0 | F56: =D56*E56 -> 0
B57: COSTO DIRECTO DE OBRA | F57: =SUM(F6:F56) -> #REF!
B58: Administración | E58: 0.275 | F58: =F57*E58 -> #REF!
B59: Utilidad | E59: 0.05 | F59: =F57*E59 -> #REF!
B60: COSTO TOTAL DE OBRA | F60: =SUM(F57:F59) -> #REF!
A62: COSTO DE LA INTERVENTORIA | E62: 0.08 | F62: =F60*E62 -> #REF!
A64: COSTO FINAL DEL PROYECTO | F64: =F60+F62 -> #REF!
A68: Elaboró: | B68: Ing. JOHN HAROL GIRALDO CASTAÑO
B69: Subsecretario de Obras Públicas

Sheet Calle 16, entre 15 y 17
A1: CONDICIONES ORIGINALES | H1: PAVIMENTACIÓN DE VIAS
H2: DIRECCION | K2: VIA | O2: ANDEN | S2: ANCHO TOTAL
A3: REPOSICION DE REDES EXISTENTES DE ACUEDUCTO Y ALCANTARILLADO Y CAMBIO DE PAVIMENTO ASFALTICO A RIGIDO, ANDENES DE LA CALLE 16 ENTRE CARRERAS 15 Y 17, DEL MUNICIPIO DE SANTA ROSA DE CABAL– DEPARTAMENTO DE RISARALDA, | K3: LARGO | L3: ANCHO | M3: BASE | N3: SUB-BASE | O3: LARGO | P3: ANCHO PRO. | Q3: ANCHO TOTAL | R3: AFIRMA. | U3: Domiciliarias | V3: Camaras
H4: Calle 16 entre Carreras 15 y 17 | K4: 176.5 | L4: 6.8 | M4: 0.15 | N4: 0.25 | O4: =+K4 -> 176.5 | P4: 2 | Q4: =+P4+P4 -> 4 | R4: 0.1 | S4: =+L4+Q4 -> 10.8 | U4: 55 | V4: 3
A5: ÍTEM | B5: PARTIDAS DE PAGO | C5: UND | D5: CANT | E5: VR UNITARIO | F5: VR TOTAL
A6: 1 | B6: PRELIMINARES.
A7: 1.1 | B7: =+APUS!C82 -> Localización y replanteo para pavimentación de vías (3 líneas, 3 instancias) | C7: M2 | D7: =+(K4*S4) -> 1906.2 | E7: =+APUS!F82 -> 0 | F7: =D7*E7 -> 0 | H7: Datos para Exacación y Lleno
A8: 1.2 | B8: =+APUS!C90 -> Valla de identificación de obra área mayor a 4 m2, colocada en cerchas metálica, incluye mantenimiento durante la construcción | C8: M2 | D8: =8*1 -> 8 | E8: =+APUS!F90 -> 0 | F8: =D8*E8 -> 0 | I8: LARGO | J8: ANCHO | K8: PROF. EX | L8: PROF. LLEN.
A9: 1.3 | B9: Cerramiento provisional con guadua y tela de cerramiento h=2 m | C9: M | D9: =+(K4+L4)*2 -> 366.6 | E9: =+APUS!F98 -> 0 | F9: =D9*E9 -> 0 | H9: ALCANT. | I9: =K4 -> 176.5 | J9: 0.8 | K9: 2.5 | L9: 2
A10: 1.4 | B10: Pasacalles informativos, incluye mantenimiento durante la obra. | C10: M2 | D10: =10*1 -> 10 | E10: =+APUS!F105 -> 0 | F10: =D10*E10 -> 0 | H10: ACUEDUC. | I10: =+I9*2 -> 353 | J10: 0.3 | K10: 1.2 | L10: 1
A11: 1.5 | B11: Cubierta provisional en guadua y techo en plastico. | C11: M2 | D11: =+(K4*(L4+2)) -> 1553.2 | E11: =+APUS!F179 -> 0 | F11: =D11*E11 -> 0 | H11: CAJEO | I11: =+I9 -> 176.5 | J11: =L4 -> 6.8 | K11: 0.4
A12: 2 | B12: DEMOLICIONES. | H12: ANDENES | I12: =+I9 -> 176.5 | J12: =+Q4 -> 4 | K12: 0.1
A13: 2.1 | B13: Demolición pavimento rigido | C13: M2 | D13: =+(K4*L4) -> 1200.2 | E13: =+APUS!F271 -> 0 | F13: =D13*E13 -> 0
A14: 2.2 | B14: Demolicion de anden | C14: M2 | D14: =(O4*Q4) -> 706 | E14: =+APUS!F278 -> 0 | F14: =D14*E14 -> 0
A15: 2.3 | B15: Demolicion de sardinel | C15: M | D15: =(O4*2) -> 353 | E15: =+APUS!#REF! -> #REF! | F15: =D15*E15 -> #REF!
A16: 2.4 | B16: Demolición cono cámara | C16: UNI | D16: =V4 -> 3 | E16: =+APUS!F434 -> 0 | F16: =D16*E16 -> 0
A17: 2.5 | B17: Demolición cuerpo cámara | C17: ML | D17: =+D16*3 -> 9 | E17: =+APUS!F439 -> 0 | F17: =D17*E17 -> 0
A18: 3 | B18: MOVIMIENTOS DE TIERRA.
A19: 3.1 | B19: Excavacion en material comun seco de 0-2 mts, manual | C19: M3 | D19: =+((I9*J9*K9)+(I10*J10*K10)+(I11*J11*K11)+(I12*J12*K12))*1.3 -> 1339.988 | E19: =+APUS!F451 -> 0 | F19: =D19*E19 -> 0
A20: 4 | B20: LLENOS.
A21: 4.1 | B21: Lleno compactado con material del sitio manual | C21: M3 | D21: =+(I9*J9*L9)+(I10*J10*L10) -> 388.3 | E21: =+APUS!F536 -> 0 | F21: =D21*E21 -> 0
A22: 4.2 | B22: Lleno compactado con afirmado manual, no incluye transporte | C22: M3 | D22: =+(O4*Q4*R4) -> 70.6 | E22: =+APUS!F542 -> 0 | F22: =D22*E22 -> 0
A23: 4.3 | B23: =+APUS!C550 -> Sub-base granular | C23: M3 | D23: =(K4*L4*N4) -> 300.05 | E23: =+APUS!F550 -> 0 | F23: =D23*E23 -> 0
A24: 4.4 | B24: =+APUS!#REF! -> #REF! | C24: M3 | D24: =(K4*L4*M4) -> 180.03 | E24: =+APUS!#REF! -> #REF! | F24: =D24*E24 -> #REF!
A25: 4.5 | B25: Transporte material > 40 Km (corte, sub-base, base, afirmado) | C25: M3-KM | D25: =+D22*21 -> 1482.6 | E25: =+APUS!F600 -> 0 | F25: =D25*E25 -> 0
A26: 4.6 | B26: Cama en arena para cimentacion de tuberia alcantarillado. | C26: M3 | D26: =+(I9*J9*0.1)+(I10*J10*0.1) -> 24.71 | E26: =+APUS!F603 -> 0 | F26: =D26*E26 -> 0
A27: 5 | B27: LABORES DE ALCANTARILLADO.
A28: 5.1 | B28: Tubería PVC de alcantarillado de pared estructural d = 6", exterior corrugado | C28: M | D28: =+(U4)*6 -> 330 | E28: =+APUS!#REF! -> #REF! | F28: =D28*E28 -> #REF!
A29: 5.2 | B29: Tubería PVC de alcantarillado de pared estructural d = 12", exterior corrugado | C29: M | D29: =+I9+6 -> 182.5 | E29: =+APUS!F731 -> 0 | F29: =D29*E29 -> 0
A30: 5.3 | B30: Silla Yee Pvc de pared estructural 315 X 160 | C30: UND | D30: =U4 -> 55 | E30: =+APUS!F737 -> 0 | F30: =D30*E30 -> 0
A31: 5.4 | B31: Base y cañuela para cámara de inspección d = 1,20 mts, en concreto de 20,7 Mpa | C31: UND | D31: =V4 -> 3 | E31: =+APUS!F742 -> 0 | F31: =D31*E31 -> 0
A32: 5.5 | B32: Cuerpo para cámara de inspección d = 1,20 m, en concreto de 20,7 Mpa, no incluye refuerzo | C32: M | D32: =+D17 -> 9 | E32: =+APUS!#REF! -> #REF! | F32: =D32*E32 -> #REF!
A33: 5.6 | B33: Empalme de tubería a pozo existente incluye demolición y emboquillada | C33: UND | D33: =+D31 -> 3 | E33: =+APUS!#REF! -> #REF! | F33: =D33*E33 -> #REF!
A34: 5.7 | B34: =+APUS!#REF! -> #REF! | C34: M | D34: =+D28+D29 -> 512.5 | E34: =+APUS!#REF! -> #REF! | F34: =D34*E34 -> #REF!
A35: 5.8 | B35: Manhole en HD vehicular ø0.60m + seguridad vehicular | C35: UND | D35: =+D31 -> 3 | E35: =+APUS!#REF! -> #REF! | F35: =D35*E35 -> #REF!
A36: 5.9 | B36: Manejo de aguas servidas, en teja de zinc o similar. | C36: M | D36: =+D34 -> 512.5 | E36: =+APUS!#REF! -> #REF! | F36: =D36*E36 -> #REF!
A37: 6 | B37: ESTRUCTURAS DE CONCRETO.
A38: 6.1 | B38: Caja de inspección de 0,80 x 0,80 x 0,80 m en concreto de 17,2 Mpa, tapa reforzada en concreto de 20,7 Mpa | C38: UND | D38: =U4 -> 55 | E38: =+APUS!F1143 -> 0 | F38: =D38*E38 -> 0
A39: 6.2 | B39: Sumidero doble en concreto de 20,7 Mpa, incluye reja doble con anticorrosivo | C39: UND | D39: =4*1 -> 4 | E39: =+APUS!F1155 -> 0 | F39: =D39*E39 -> 0
A40: 7 | B40: ACEROS.
A41: 7.1 | B41: Acero Fy = 60.000 psi d>1/4" | C41: KG | D41: =750*D31 -> 2250 | E41: =+APUS!F1235 -> 0 | F41: =D41*E41 -> 0
A42: 8 | B42: OBRAS FINALES - REPARACIONES Y ACOMETIDAS ACUEDUCTO.
A43: 8.1 | B43: Domiciliaria de 1/2" Manguera Pealpe, L = 2 m | C43: UND | D43: =+D38 -> 55 | E43: =+APUS!F1243 -> 0 | F43: =D43*E43 -> 0
A44: 8.2 | B44: =+APUS!C1254 -> Tubería PVC unión platino de 3" | C44: M | D44: =+I10 -> 353 | E44: =+APUS!F1254 -> 0 | F44: =D44*E44 -> 0
A45: 8.3 | B45: Punto hidráulico PVC de 3" L prom = 3 m | C45: unida | D45: =6*1 -> 6 | E45: =+APUS!#REF! -> #REF! | F45: =E45*D45 -> #REF!
A46: 8.4 | B46: Suministro e instalacion de caja para medidor en plastico extrafuerte, con tapa en hierro ductil. | C46: UND | D46: =+D43 -> 55 | E46: =+APUS!F1267 -> 0 | F46: =D46*E46 -> 0
A47: 8.5 | B47: Hidrante tipo Milán de 3" extremo brida, incluye válvula sello de bronce y kit de nivelación | C47: UNI | D47: 1 | E47: =+APUS!F1272 -> 0 | F47: =D47*E47 -> 0
A48: 9 | B48: PAVIMENTO.
A49: 9.1 | B49: Pavimento en concreto MR = 4,1 Mpa premezclado, e = 0.175 m, incluye refuerzo, corte con disco y sello de juntas | C49: M2 | D49: =+(K4*L4) -> 1200.2 | E49: =+APUS!F1291 -> 0 | F49: =D49*E49 -> 0
A50: 10 | B50: ANDENES.
A51: 10.1 | B51: =+APUS!C1308 -> Anden en concreto de 20,7 Mpa (3000 PSI) e = 0,10 m | C51: M2 | D51: =(O4*Q4) -> 706 | E51: =+APUS!F1308 -> 0 | F51: =D51*E51 -> 0
A52: 10.2 | B52: Sardinel en concreto de 20,7 Mpa 0,03 m3/ml, incluye refuerzo, sobre placa | C52: M | D52: =+D15 -> 353 | E52: =+APUS!F1318 -> 0 | F52: =D52*E52 -> 0
A53: 11 | B53: SEÑALIZACION.
A54: 11.1 | B54: =+APUS!C1348 -> Señal vertical de transito tipo SP, SR de 75 x 75 con lámina retroreflectiva tipo diamante | C54: UND | D54: =3*1 -> 3 | E54: =+APUS!F1348 -> 0 | F54: =D54*E54 -> 0
A55: 11.2 | B55: Aplicación de pintura "Zona Paso Peatonal (CEBRA)" | C55: UND | D55: =2*1 -> 2 | E55: =+APUS!F1356 -> 0 | F55: =D55*E55 -> 0
A56: 11.3 | B56: =+APUS!C1361 -> Líneas de demarcación vial pintura en frío | C56: M | D56: =+K4*3 -> 529.5 | E56: =+APUS!F1361 -> 0 | F56: =D56*E56 -> 0
B57: COSTO DIRECTO DE OBRA | F57: =SUM(F6:F56) -> #REF!
B58: Administración | E58: 0.275 | F58: =F57*E58 -> #REF!
B59: Utilidad | E59: 0.05 | F59: =F57*E59 -> #REF!
B60: COSTO TOTAL DE OBRA | F60: =SUM(F57:F59) -> #REF!
A62: COSTO DE LA INTERVENTORIA | E62: 0.08 | F62: =F60*E62 -> #REF!
A64: COSTO FINAL DEL PROYECTO | F64: =F60+F62 -> #REF!
A68: Elaboró: | B68: Ing. JOHN HAROL GIRALDO CASTAÑO
B69: Subsecretario de Obras Públicas

Sheet 1.Calle 12 entre 9 y 11
A1: CONDICIONES ORIGINALES | H1: PAVIMENTACIÓN DE VIAS
H2: DIRECCION | K2: VIA | O2: ANDEN | S2: ANCHO TOTAL
A3: REPOSICION DE REDES EXISTENTES DE ACUEDUCTO Y ALCANTARILLADO Y CAMBIO DE PAVIMENTO ASFALTICO A RIGIDO, ANDENES DE LA CALLE 12 ENTRE CARRERAS 9 Y 11, DEL MUNICIPIO DE SANTA ROSA DE CABAL– DEPARTAMENTO DE RISARALDA, | K3: LARGO | L3: ANCHO | M3: BASE | N3: SUB-BASE | O3: LARGO | P3: ANCHO PRO. | Q3: ANCHO TOTAL | R3: AFIRMA. | U3: Domiciliarias | V3: Camaras
H4: Calle 12 entre Carreras 9 y 11 | K4: 200 | L4: 3.5 | M4: 0.15 | N4: 0.25 | O4: =+K4 -> 200 | P4: 2 | Q4: 8 | R4: 0.1 | S4: =+L4+Q4 -> 11.5 | U4: 55 | V4: 5
A5: ÍTEM | B5: PARTIDAS DE PAGO | C5: UND | D5: CANT | E5: VR UNITARIO | F5: VR TOTAL | L5: 3.5 | Q5: 8
A6: 1 | B6: PRELIMINARES.
A7: 1.1 | B7: =+APUS!C82 -> Localización y replanteo para pavimentación de vías (3 líneas, 3 instancias) | C7: M2 | D7: =+(K4*S4) -> 2300 | E7: =APUS!O48 -> 4323 | F7: =D7*E7 -> 9942900 | H7: Datos para Exacación y Lleno
A8: 1.2 | B8: =+APUS!C90 -> Valla de identificación de obra área mayor a 4 m2, colocada en cerchas metálica, incluye mantenimiento durante la construcción | C8: M2 | D8: =8*1 -> 8 | E8: =APUS!O56 -> 212117 | F8: =D8*E8 -> 1696936 | I8: LARGO | J8: ANCHO | K8: PROF. EX | L8: PROF. LLEN.
A9: 1.3 | B9: Cerramiento provisional con guadua y tela de cerramiento h=2 m | C9: M | D9: =+(K4+L4)*2 -> 407 | E9: =APUS!O63 -> 7635 | F9: =D9*E9 -> 3107445 | H9: ALCANT. | I9: =K4 -> 200 | J9: 1.2 | K9: 2.7 | L9: 2
A10: 1.4 | B10: Pasacalles informativos, incluye mantenimiento durante la obra. | C10: M2 | D10: =10*1 -> 10 | E10: =APUS!O70 -> 126325.39 | F10: =D10*E10 -> 1263253.9 | H10: ACUEDUC. | I10: =+I9*2 -> 400 | J10: 0.3 | K10: 1.2 | L10: 1
A11: 1.5 | B11: Cubierta provisional en guadua y techo en plastico. | C11: M2 | D11: =+(K4*(L4+2)) -> 1100 | E11: =APUS!O76 -> 30988.556 | F11: =D11*E11 -> 34087412 | H11: CAJEO | I11: =+I9 -> 200 | J11: =L4 -> 3.5 | K11: 0.5
A12: 2 | B12: DEMOLICIONES. | H12: ANDENES | I12: =+I9 -> 200 | J12: =+Q4 -> 8 | K12: 0.21
A13: 2.1 | B13: Demolición pavimento rigido | C13: M2 | D13: =+(K4*L4) -> 700 | E13: =APUS!O174 -> 13460 | F13: =D13*E13 -> 9422000
A14: 2.2 | B14: Demolicion de anden | C14: M2 | D14: =(O4*Q4) -> 1600 | E14: =APUS!O181 -> 11907 | F14: =D14*E14 -> 19051200
A15: 2.3 | B15: Demolicion de sardinel | C15: M | D15: =(O4*2) -> 400 | E15: =APUS!O187 -> 0 | F15: =D15*E15 -> 0
A16: 2.4 | B16: Demolición cono cámara | C16: UNI | D16: =V4 -> 5 | E16: =APUS!O220 -> 112875 | F16: =D16*E16 -> 564375
A17: 2.5 | B17: Demolición cuerpo cámara | C17: ML | D17: =+D16*3 -> 15 | E17: =APUS!O225 -> 0 | F17: =D17*E17 -> 0
A18: 3 | B18: MOVIMIENTOS DE TIERRA.
A19: 3.1 | B19: Excavacion en material comun seco de 0-2 mts, manual | C19: M3 | D19: =+((I9*J9*K9)+(I10*J10*K10)+(I11*J11*K11)+(I12*J12*K12))*1.3 -> 1921.4 | E19: =APUS!O271 -> 30216 | F19: =D19*E19 -> 58057022
A20: 4 | B20: LLENOS.
A21: 4.1 | B21: Lleno compactado con material del sitio manual | C21: M3 | D21: =+(I9*J9*L9)+(I10*J10*L10) -> 600 | E21: =APUS!O429 -> 24599 | F21: =D21*E21 -> 14759400
A22: 4.2 | B22: Lleno compactado con afirmado manual, no incluye transporte | C22: M3 | D22: =+(O4*Q4*R4) -> 160 | E22: =APUS!O435 -> 59079 | F22: =D22*E22 -> 9452640
A23: 4.3 | B23: =+APUS!C550 -> Sub-base granular | C23: M3 | D23: =(K4*L4*N4) -> 175 | E23: =APUS!O443 -> 67717 | F23: =D23*E23 -> 11850475
A24: 4.4 | B24: =+APUS!#REF! -> #REF! | C24: M3 | D24: =(K4*L4*M4) -> 105 | E24: =APUS!O453 -> 75850 | F24: =D24*E24 -> 7964250
A25: 4.5 | B25: Transporte material > 40 Km (corte, sub-base, base, afirmado) | C25: M3-KM | D25: =+(D22+D23+D24)*21 -> 9240 | E25: =APUS!O535 -> 1833 | F25: =D25*E25 -> 16936920
A26: 4.6 | B26: =+APUS!L538 -> Lleno con arena para tubería (brecha de 0,60 m de ancho e = 0,1 m) | C26: M | D26: =+(I9*J9)+(I10*J10) -> 360 | E26: =APUS!O538 -> 9442 | F26: =D26*E26 -> 3399120
A27: 5 | B27: LABORES DE ALCANTARILLADO.
A28: 5.1 | B28: Tubería PVC de alcantarillado de pared estructural d = 6", exterior corrugado | C28: M | D28: =+(U4)*6 -> 330 | E28: =APUS!#REF! -> #REF! | F28: =D28*E28 -> #REF!
A29: 5.2 | B29: Tubería PVC de alcantarillado de pared estructural d = 12", exterior corrugado | C29: M | D29: =+I9+6 -> 206 | E29: =APUS!#REF! -> #REF! | F29: =D29*E29 -> #REF!
A30: 5.3 | B30: Silla Yee Pvc de pared estructural 315 X 160 | C30: UND | D30: =U4 -> 55 | E30: =APUS!O599 -> 207782.77 | F30: =D30*E30 -> 11428052
A31: 5.4 | B31: Base y cañuela para cámara de inspección d = 1,20 mts, en concreto de 20,7 Mpa | C31: UND | D31: =V4 -> 5 | E31: =APUS!O608 -> 427551 | F31: =D31*E31 -> 2137755
A32: 5.5 | B32: Cuerpo para cámara de inspección d = 1,20 m, en concreto de 20,7 Mpa, no incluye refuerzo | C32: M | D32: =+D17 -> 15 | E32: =APUS!O689 -> 521456 | F32: =D32*E32 -> 7821840
A33: 5.6 | B33: Empalme de tubería a pozo existente incluye demolición y emboquillada | C33: UND | D33: =+D31 -> 5 | E33: =APUS!O697 -> 0 | F33: =D33*E33 -> 0
A34: 5.7 | B34: =+APUS!#REF! -> #REF! | C34: M | D34: =+D28+D29 -> 536 | E34: =APUS!O731 -> 8202 | F34: =D34*E34 -> 4396272
A35: 5.8 | B35: =+APUS!L737 -> Tapa de seguridad en hierro dúctil EN124 Clase D400, tráfico vehicular pesado d=0.60 m | C35: UND | D35: =+D31 -> 5 | E35: =APUS!O737 -> 1513995 | F35: =D35*E35 -> 7569975
A36: 5.9 | B36: Manejo de aguas servidas, en teja de zinc o similar. | C36: M | D36: =+D34 -> 536 | E36: =APUS!O742 -> 22313.073 | F36: =D36*E36 -> 11959807
A37: 6 | B37: ESTRUCTURAS DE CONCRETO.
A38: 6.1 | B38: Caja de inspección de 0,80 x 0,80 x 0,80 m en concreto de 17,2 Mpa, tapa reforzada en concreto de 20,7 Mpa | C38: UND | D38: =U4 -> 55 | E38: =APUS!#REF! -> #REF! | F38: =D38*E38 -> #REF!
A39: 6.2 | B39: Sumidero doble en concreto de 20,7 Mpa, incluye reja doble con anticorrosivo | C39: UND | D39: =4*1 -> 4 | E39: =APUS!O1120 -> 300000 | F39: =D39*E39 -> 1200000
A40: 7 | B40: ACEROS.
A41: 7.1 | B41: Acero Fy = 60.000 psi d>1/4" | C41: KG | D41: =760*D31 -> 3800 | E41: =APUS!O1200 -> 1 | F41: =D41*E41 -> 3800
A42: 8 | B42: OBRAS FINALES - REPARACIONES Y ACOMETIDAS ACUEDUCTO.
A43: 8.1 | B43: Acometida Domiciliaria de 1/2" tubería PF + UAD, L = 2 m | C43: UND | D43: =+D38 -> 55 | E43: =APUS!O1208 -> 0 | F43: =D43*E43 -> 0
A44: 8.2 | B44: =+APUS!C1254 -> Tubería PVC unión platino de 3" | C44: M | D44: =+I10 -> 400 | E44: =APUS!O1219 -> 0 | F44: =D44*E44 -> 0
A45: 8.3 | B45: Punto hidráulico PVC de 3" L prom = 3 m | C45: UND | D45: =6*1 -> 6 | E45: =APUS!O1225 -> 0 | F45: =E45*D45 -> 0
A46: 8.4 | B46: Suministro e instalacion de caja para medidor en plastico extrafuerte, con tapa en hierro ductil. | C46: UND | D46: =+D43 -> 55 | E46: =APUS!O1235 -> 1 | F46: =D46*E46 -> 55
A47: 8.5 | B47: Hidrante tipo Milán de 3" extremo brida, incluye válvula sello de bronce y kit de nivelación | C47: UNI | D47: 1 | E47: =APUS!O1240 -> TOTAL 3 | F47: =D47*E47 -> #VALUE!
A48: 9 | B48: PAVIMENTO.
A49: 9.1 | B49: Pavimento en concreto M.R.= 4,1 Mpa premezclado, e = 0.175 m, incluye refuerzo, corte con disco y sello de juntas | C49: M2 | D49: =+(K4*L5)+150 -> 850 | E49: =APUS!O1257 -> 72098 | F49: =D49*E49 -> 61283300
A50: 10 | B50: ANDENES.
A51: 10.2 | B51: Sardinel en concreto de 20,7 Mpa 0,03 m3/ml, incluye refuerzo, sobre placa | C51: M | D51: =+D15 -> 400 | E51: =APUS!O1283 | F51: =D51*E51 -> #VALUE!
A52: 10.3 | B52: Anden en concreto estampado color | C52: M2 | D52: =O4*Q4 -> 1600 | E52: =APUS!O1295 -> 0 | F52: =D52*E52 -> 0
A53: 11 | B53: SEÑALIZACION.
A54: 11.1 | B54: =+APUS!C1348 -> Señal vertical de transito tipo SP, SR de 75 x 75 con lámina retroreflectiva tipo diamante | C54: UND | D54: =3*1 -> 3 | E54: =APUS!O1313 -> 0 | F54: =D54*E54 -> 0
A55: 11.2 | B55: Aplicación de pintura "Zona Paso Peatonal (CEBRA)" | C55: UND | D55: =2*1 -> 2 | E55: =APUS!O1321 -> 0 | F55: =D55*E55 -> 0
A56: 11.3 | B56: =+APUS!C1361 -> Líneas de demarcación vial pintura en frío | C56: M | D56: =+K4*3 -> 600 | E56: =APUS!O1326 -> 0 | F56: =D56*E56 -> 0
A57: 11.4 | B57: Marcas viales | C57: M2 | D57: 210 | E57: =APUS!O1334 -> 0 | F57: =D57*E57 -> 0
A58: 21 | B58: AMOBLAMIENTO URBANO
A59: 21.1 | B59: Banca Malmö con espaldar | C59: UND | D59: 10 | E59: =APUS!O1831 -> 0 | F59: =D59*E59 -> 0
A60: 21.2 | B60: Banca Malmö | C60: UND | D60: 10 | E60: =APUS!O1834 -> 0 | F60: =D60*E60 -> 0
A61: 21.3 | B61: Butaco Fäldek | C61: UND | D61: 20 | E61: =APUS!O1837 -> 0 | F61: =D61*E61 -> 0
A62: 21.4 | B62: Biciparqueadero Mc 60° | C62: UND | D62: 5 | E62: =APUS!O1840 -> 0 | F62: =D62*E62 -> 0
A63: 21.5 | B63: Jardinera Fäldek | C63: UND | D63: 20 | E63: =APUS!O1843 -> 0 | F63: =D63*E63 -> 0
A64: 21.6 | B64: Banca Öland | C64: UND | D64: 12 | E64: =APUS!O1846 -> 0 | F64: =D64*E64 -> 0
A65: 21.7 | B65: Mesa Öland opcion de Ajedrez | C65: UND | D65: 6 | E65: =APUS!O1849 -> 0 | F65: =D65*E65 -> 0
A66: 21.8 | B66: Totem Cöppen | C66: UND | D66: 2 | E66: =APUS!O1852 -> 0 | F66: =D66*E66 -> 0
A67: 21.9 | B67: Transporte amoblamiento urbano | C67: km | D67: =(233*((SUM(D59:D66)*600)/20000))*2 -> 1188.3 | E67: =APUS!O1856 -> 0 | F67: =D67*E67 -> 0
A68: 21.10 | B68: Protector de raíz en concreto de 17,2 Mpa (2500 PSI), e = 0,15 m, d Int. = 1,20 m, h = 1,00 m, incluye refuerzo | C68: UND | D68: 28 | E68: =APUS!O1859 -> 0 | F68: =D68*E68 -> 0
A69: 21.11 | B69: plantacion de arboles paisajisticos altura minima 1.2 mts | C69: UND | D69: 28 | E69: =APUS!O1866 -> 0 | F69: =D69*E69 -> 0
A70: 22 | B70: RETIROS
A71: 22.2 | B71: Retiro de material sobrante cargue mecánico | C71: M3 | D71: =+(D13*0.18)+(D14*0.07)+(D15*0.15*0.15)+(D16*0.2)+(D17*0.2)+(D19*5%) -> 347.07 | E71: =+APUS!O1884 -> 0 | F71: =D71*E71 -> 0
B72: COSTO DIRECTO DE OBRA | F72: =SUM(F6:F71) -> #REF!
B73: Administración | E73: 0.275 | F73: =F72*E73 -> #REF!
B74: Utilidad | E74: 0.05 | F74: =F72*E74 -> #REF!
B75: COSTO TOTAL DE OBRA | F75: =SUM(F72:F74) -> #REF!
A77: COSTO DE LA INTERVENTORIA | E77: 0.08 | F77: =F75*E77 -> #REF!
A79: COSTO FINAL DEL PROYECTO | F79: =F75+F77 -> #REF! | H79: 1.3588998e+09
H80: =F79-H79 -> #REF!
A83: Elaboró: | B83: Arq. YEISON VELASQUEZ TORO | C83: Aprobo: | D83: JOHN HAROL GIRALDO CASTAÑO
B84: Mat. Profesional. A25872015-1088293636 | D84: Cargo: Sub. Secretario de Obras Públicas
B85: Contratista Secretaria de Infraestructura | D85: Mat. Profesional. 66202-313953 RIS

Sheet 2.Calle 11 entre 15 y 17
A1: CONDICIONES ORIGINALES | H1: PAVIMENTACIÓN DE VIAS
H2: DIRECCION | K2: VIA | O2: ANDEN | S2: ANCHO TOTAL
A3: REPOSICION DE REDES EXISTENTES DE ACUEDUCTO Y ALCANTARILLADO Y CAMBIO DE PAVIMENTO ASFALTICO A RIGIDO, ANDENES DE LA CALLE 11 ENTRE CARRERAS 15 Y 17, DEL MUNICIPIO DE SANTA ROSA DE CABAL– DEPARTAMENTO DE RISARALDA, | K3: LARGO | L3: ANCHO | M3: BASE | N3: SUB-BASE | O3: LARGO | P3: ANCHO PRO. | Q3: ANCHO TOTAL | R3: AFIRMA. | U3: Domiciliarias | V3: Camaras
H4: Calle 11 entre Carreras 15 y 17 | K4: 204.3 | L4: 7 | M4: 0.15 | N4: 0.25 | O4: =+K4 -> 204.3 | P4: 1.2 | Q4: =+P4+P4 -> 2.4 | R4: 0.1 | S4: =+L4+Q4 -> 9.4 | U4: 65 | V4: 5
A5: ÍTEM | B5: PARTIDAS DE PAGO | C5: UND | D5: CANT | E5: VR UNITARIO | F5: VR TOTAL
A6: 1 | B6: PRELIMINARES.
A7: 1.1 | B7: =+APUS!C82 -> Localización y replanteo para pavimentación de vías (3 líneas, 3 instancias) | C7: M2 | D7: =+(K4*S4) -> 1920.42 | E7: =APUS!O48 -> 4323 | F7: =D7*E7 -> 8301975.7 | H7: Datos para Exacación y Lleno
A8: 1.2 | B8: =+APUS!C90 -> Valla de identificación de obra área mayor a 4 m2, colocada en cerchas metálica, incluye mantenimiento durante la construcción | C8: M2 | D8: =8*1 -> 8 | E8: =APUS!O56 -> 212117 | F8: =D8*E8 -> 1696936 | I8: LARGO | J8: ANCHO | K8: PROF. EX | L8: PROF. LLEN.
A9: 1.3 | B9: Cerramiento provisional con guadua y tela de cerramiento h=2 m | C9: M | D9: =+(K4+L4)*2 -> 422.6 | E9: =APUS!O63 -> 7635 | F9: =D9*E9 -> 3226551 | H9: ALCANT. | I9: =K4 -> 204.3 | J9: 1 | K9: 2.5 | L9: 2
A10: 1.4 | B10: Pasacalles informativos, incluye mantenimiento durante la obra. | C10: M2 | D10: =10*1 -> 10 | E10: =APUS!O70 -> 126325.39 | F10: =D10*E10 -> 1263253.9 | H10: ACUEDUC. | I10: =+I9*2 -> 408.6 | J10: 0.3 | K10: 1.2 | L10: 1
A11: 1.5 | B11: Cubierta provisional en guadua y techo en plastico. | C11: M2 | D11: =+(K4*(L4+2)) -> 1838.7 | E11: =APUS!O76 -> 30988.556 | F11: =D11*E11 -> 56978658 | H11: CAJEO | I11: =+I9 -> 204.3 | J11: =L4 -> 7 | K11: 0.5
A12: 2 | B12: DEMOLICIONES. | H12: ANDENES | I12: =+I9 -> 204.3 | J12: =+Q4 -> 2.4 | K12: 0.21
A13: 2.1 | B13: Demolición pavimento rigido | C13: M2 | D13: =+(K4*L4) -> 1430.1 | E13: =APUS!O174 -> 13460 | F13: =D13*E13 -> 19249146
A14: 2.2 | B14: Demolicion de anden | C14: M2 | D14: =(O4*Q4) -> 490.32 | E14: =APUS!O181 -> 11907 | F14: =D14*E14 -> 5838240.2
A15: 2.3 | B15: Demolicion de sardinel | C15: M | D15: =(O4*2) -> 408.6 | E15: =APUS!O187 -> 0 | F15: =D15*E15 -> 0
A16: 2.4 | B16: Demolición cono cámara | C16: UNI | D16: =V4 -> 5 | E16: =APUS!O220 -> 112875 | F16: =D16*E16 -> 564375
A17: 2.5 | B17: Demolición cuerpo cámara | C17: ML | D17: =+D16*3 -> 15 | E17: =APUS!O225 -> 0 | F17: =D17*E17 -> 0
A18: 3 | B18: MOVIMIENTOS DE TIERRA.
A19: 3.1 | B19: Excavacion en material comun seco de 0-2 mts, manual | C19: M3 | D19: =+((I9*J9*K9)+(I10*J10*K10)+(I11*J11*K11)+(I12*J12*K12))*1.3 -> 1918.6222 | E19: =APUS!O271 -> 30216 | F19: =D19*E19 -> 57973087
A20: 4 | B20: LLENOS.
A21: 4.1 | B21: Lleno compactado con material del sitio manual | C21: M3 | D21: =+(I9*J9*L9)+(I10*J10*L10) -> 531.18 | E21: =APUS!O429 -> 24599 | F21: =D21*E21 -> 13066497
A22: 4.2 | B22: Lleno compactado con afirmado manual, no incluye transporte | C22: M3 | D22: =+(O4*Q4*R4) -> 49.032 | E22: =APUS!O435 -> 59079 | F22: =D22*E22 -> 2896761.5
A23: 4.3 | B23: =+APUS!C550 -> Sub-base granular | C23: M3 | D23: =(K4*L4*N4) -> 357.525 | E23: =APUS!O443 -> 67717 | F23: =D23*E23 -> 24210520
A24: 4.4 | B24: =+APUS!#REF! -> #REF! | C24: M3 | D24: =(K4*L4*M4) -> 214.515 | E24: =APUS!O453 -> 75850 | F24: =D24*E24 -> 16270963
A25: 4.5 | B25: Transporte material > 40 Km (corte, sub-base, base, afirmado) | C25: M3-KM | D25: =+(D22+D23+D24)*21 -> 13042.512 | E25: =APUS!O535 -> 1833 | F25: =D25*E25 -> 23906924
A26: 4.6 | B26: =+'1.Calle 12 entre 9 y 11'!B26 -> Lleno con arena para tubería (brecha de 0,60 m de ancho e = 0,1 m) | C26: M | D26: =+(I9*J9)+(I10*J10) -> 326.88 | E26: =APUS!O538 -> 9442 | F26: =D26*E26 -> 3086401
A27: 5 | B27: LABORES DE ALCANTARILLADO.
A28: 5.1 | B28: Tubería PVC de alcantarillado de pared estructural d = 6", exterior corrugado | C28: M | D28: =+(U4)*6 -> 390 | E28: =APUS!#REF! -> #REF! | F28: =D28*E28 -> #REF!
A29: 5.2 | B29: Tubería PVC de alcantarillado de pared estructural d = 12", exterior corrugado | C29: M | D29: =+I9+6 -> 210.3 | E29: =APUS!#REF! -> #REF! | F29: =D29*E29 -> #REF!
A30: 5.3 | B30: Silla Yee Pvc de pared estructural 315 X 160 | C30: UND | D30: =U4 -> 65 | E30: =APUS!O599 -> 207782.77 | F30: =D30*E30 -> 13505880
A31: 5.4 | B31: Base y cañuela para cámara de inspección d = 1,20 mts, en concreto de 20,7 Mpa | C31: UND | D31: =V4 -> 5 | E31: =APUS!O608 -> 427551 | F31: =D31*E31 -> 2137755
A32: 5.5 | B32: Cuerpo para cámara de inspección d = 1,20 m, en concreto de 20,7 Mpa, no incluye refuerzo | C32: M | D32: =+D17 -> 15 | E32: =APUS!O689 -> 521456 | F32: =D32*E32 -> 7821840
A33: 5.6 | B33: Empalme de tubería a pozo existente incluye demolición y emboquillada | C33: UND | D33: =+D31 -> 5 | E33: =APUS!O697 -> 0 | F33: =D33*E33 -> 0
A34: 5.7 | B34: =+APUS!#REF! -> #REF! | C34: M | D34: =+D28+D29 -> 600.3 | E34: =APUS!O731 -> 8202 | F34: =D34*E34 -> 4923660.6
A35: 5.8 | B35: =+APUS!L737 -> Tapa de seguridad en hierro dúctil EN124 Clase D400, tráfico vehicular pesado d=0.60 m | C35: UND | D35: =+D31 -> 5 | E35: =APUS!O737 -> 1513995 | F35: =D35*E35 -> 7569975
A36: 5.9 | B36: Manejo de aguas servidas, en teja de zinc o similar. | C36: M | D36: =+D34 -> 600.3 | E36: =APUS!O742 -> 22313.073 | F36: =D36*E36 -> 13394538
A37: 6 | B37: ESTRUCTURAS DE CONCRETO.
A38: 6.1 | B38: Caja de inspección de 0,80 x 0,80 x 0,80 m en concreto de 17,2 Mpa, tapa reforzada en concreto de 20,7 Mpa | C38: UND | D38: =U4 -> 65 | E38: =APUS!#REF! -> #REF! | F38: =D38*E38 -> #REF!
A39: 6.2 | B39: Sumidero doble en concreto de 20,7 Mpa, incluye reja doble con anticorrosivo | C39: UND | D39: =4*1 -> 4 | E39: =APUS!O1120 -> 300000 | F39: =D39*E39 -> 1200000
A40: 7 | B40: ACEROS.
A41: 7.1 | B41: Acero Fy = 60.000 psi d>1/4" | C41: KG | D41: =760*D31 -> 3800 | E41: =APUS!O1200 -> 1 | F41: =D41*E41 -> 3800
A42: 8 | B42: OBRAS FINALES - REPARACIONES Y ACOMETIDAS ACUEDUCTO.
A43: 8.1 | B43: Acometida Domiciliaria de 1/2" tubería PF + UAD, L = 2 m | C43: UND | D43: =+D38 -> 65 | E43: =APUS!O1208 -> 0 | F43: =D43*E43 -> 0
A44: 8.2 | B44: =+APUS!C1254 -> Tubería PVC unión platino de 3" | C44: M | D44: =+I10 -> 408.6 | E44: =APUS!O1219 -> 0 | F44: =D44*E44 -> 0
A45: 8.3 | B45: Punto hidráulico PVC de 3" L prom = 3 m | C45: unida | D45: =6*1 -> 6 | E45: =APUS!O1225 -> 0 | F45: =E45*D45 -> 0
A46: 8.4 | B46: Suministro e instalacion de caja para medidor en plastico extrafuerte, con tapa en hierro ductil. | C46: UND | D46: =+D43 -> 65 | E46: =APUS!O1235 -> 1 | F46: =D46*E46 -> 65
A47: 8.5 | B47: Hidrante tipo Milán de 3" extremo brida, incluye válvula sello de bronce y kit de nivelación | C47: UNI | D47: 1 | E47: =APUS!O1240 -> TOTAL 3 | F47: =D47*E47 -> #VALUE!
A48: 9 | B48: PAVIMENTO.
A49: 9.1 | B49: Pavimento en concreto M.R.= 4,1 Mpa premezclado, e = 0.175 m, incluye refuerzo, corte con disco y sello de juntas | C49: M2 | D49: =+(K4*L4)+150 -> 1580.1 | E49: =APUS!O1257 -> 72098 | F49: =D49*E49 -> 1.1392205e+08
A50: 10 | B50: ANDENES.
A51: 10.1 | B51: =+APUS!C1308 -> Anden en concreto de 20,7 Mpa (3000 PSI) e = 0,10 m | C51: M2 | D51: =(O4*Q4) -> 490.32 | E51: =APUS!O1273 -> 0 | F51: =D51*E51 -> 0
A52: 10.2 | B52: Sardinel en concreto de 20,7 Mpa 0,03 m3/ml, incluye refuerzo, sobre placa | C52: M | D52: =+D15 -> 408.6 | E52: =APUS!O1283 | F52: =D52*E52 -> #VALUE!
A53: 11 | B53: SEÑALIZACION.
A54: 11.1 | B54: =+APUS!C1348 -> Señal vertical de transito tipo SP, SR de 75 x 75 con lámina retroreflectiva tipo diamante | C54: UND | D54: =3*1 -> 3 | E54: =APUS!O1313 -> 0 | F54: =D54*E54 -> 0
A55: 11.2 | B55: Aplicación de pintura "Zona Paso Peatonal (CEBRA)" | C55: UND | D55: =2*1 -> 2 | E55: =APUS!O1321 -> 0 | F55: =D55*E55 -> 0
A56: 11.3 | B56: =+APUS!C1361 -> Líneas de demarcación vial pintura en frío | C56: M | D56: =+K4*3 -> 612.9 | E56: =APUS!O1326 -> 0 | F56: =D56*E56 -> 0
A57: 22 | B57: RETIROS
A58: 22.2 | B58: Retiro de material sobrante cargue mecánico | C58: M3 | D58: =+(D13*0.18)+(D14*0.07)+(D15*0.15*0.15)+(D16*0.2)+(D17*0.2)+(D19*5%) -> 400.86501 | E58: =+APUS!O1884 -> 0 | F58: =D58*E58 -> 0
B59: COSTO DIRECTO DE OBRA | F59: =SUM(F6:F58) -> #REF!
B60: Administración | E60: 0.275 | F60: =F59*E60 -> #REF!
B61: Utilidad | E61: 0.05 | F61: =F59*E61 -> #REF!
B62: COSTO TOTAL DE OBRA | F62: =SUM(F59:F61) -> #REF!
A64: COSTO DE LA INTERVENTORIA | E64: 0.08 | F64: =F62*E64 -> #REF!
A66: COSTO FINAL DEL PROYECTO | F66: =F62+F64 -> #REF! | H66: 9.2983274e+08
H67: =F66-H66 -> #REF!
A70: Elaboró: | B70: Ing. ANA SOFIA LOPEZ ARANGO | C70: Aprobo: | D70: JOHN HAROL GIRALDO CASTAÑO
B71: Mat. Profesional 66202-241076 RIS | D71: Cargo: Sub. Secretario de Obras Públicas
B72: Contratista Secretaria de Infraestructura | D72: Mat. Profesional. 66202-313953 RIS

Sheet 3.Cra 12 - Cra 14 la italia
A1: CONDICIONES ORIGINALES | H1: PAVIMENTACIÓN DE VIAS
H2: DIRECCION | K2: VIA | O2: ANDEN | S2: ANCHO TOTAL
A3: PAVIMENTACIÓN VÍA CARRERA 12 ENTRE CALLES 30 B Y LA INTERSECCIÓN CON CARRERA 14 SECTOR LA ITALIA INCLUYE, ANDENES Y REPOCICIÓN DE REDES DE ACUEDUCTO Y ALCANTARILLADO, DEL MUNICIPIO DE SANTA ROSA DE CABAL– DEPARTAMENTO DE RISARALDA, | K3: LARGO | L3: ANCHO | M3: BASE | N3: SUB-BASE | O3: LARGO | P3: ANCHO PRO. | Q3: ANCHO TOTAL | R3: AFIRMA. | U3: Domiciliarias | V3: Cámaras
H4: CARRERA 12 ENTRE CALLES 30 B Y LA INTERSECCIÓN CON CARRERA 14 SECTOR LA ITALIA | K4: 292.2 | L4: 7 | M4: 0.15 | N4: 0.25 | O4: =+K4 -> 292.2 | P4: 1.5 | Q4: =+P4+P4 -> 3 | R4: 0.1 | S4: =+L4+Q4 -> 10 | U4: 45 | V4: 15
A5: ÍTEM | B5: PARTIDAS DE PAGO | C5: UND | D5: CANT | E5: VR UNITARIO | F5: VR TOTAL
A6: 1 | B6: PRELIMINARES.
A7: 1.1 | B7: =+[265]APUS!C3 -> Localización y replanteo para pavimentación de vías (3 líneas, 3 instancias) | C7: M2 | D7: =+(K4*S4) -> 2922 | E7: =APUS!O48 -> 4323 | F7: =D7*E7 -> 12631806 | H7: Datos para Excavación y Lleno
A8: 1.2 | B8: =+[265]APUS!C11 -> Valla de identificación de obra área mayor a 4 m2, colocada en cerchas metálica, incluye mantenimiento durante la construcción | C8: M2 | D8: =8*1 -> 8 | E8: =APUS!O56 -> 212117 | F8: =D8*E8 -> 1696936 | I8: LARGO | J8: ANCHO | K8: PROF. EX | L8: PROF. LLEN.
A9: 1.3 | B9: Cerramiento provisional con guadua y tela de cerramiento h=2 m | C9: M | D9: =+(K4+L4)*2 -> 598.4 | E9: =APUS!O63 -> 7635 | F9: =D9*E9 -> 4568784 | H9: ALCANT. | I9: =K4 -> 292.2 | J9: 1.4 | K9: 2.5 | L9: 2
A10: 1.4 | B10: Pasacalles informativos, incluye mantenimiento durante la obra. | C10: M2 | D10: =10*1 -> 10 | E10: =APUS!O70 -> 126325.39 | F10: =D10*E10 -> 1263253.9 | H10: ACUEDUC. | I10: =+I9*2 -> 584.4 | J10: 0.3 | K10: 1.2 | L10: 1
A11: 1.5 | B11: Cubierta provisional en guadua y techo en plástico. | C11: M2 | D11: =+(K4*(L4+2)) -> 2629.8 | E11: =APUS!O76 -> 30988.556 | F11: =D11*E11 -> 81493705 | H11: CAJEO | I11: =+I9 -> 292.2 | J11: =L4 -> 7 | K11: 0.5
A12: 2 | B12: DEMOLICIONES. | H12: ANDENES | I12: =+I9 -> 292.2 | J12: =+Q4 -> 3 | K12: 0.2
A13: 2.1 | B13: Demolición pavimento rígido | C13: M2 | D13: 0 | E13: =APUS!O174 -> 13460 | F13: =D13*E13 -> 0
A14: 2.2 | B14: Demolición de anden | C14: M2 | D14: 80 | E14: =APUS!O181 -> 11907 | F14: =D14*E14 -> 952560
A15: 2.3 | B15: Demolición de sardinel | C15: M | D15: 12 | E15: =APUS!O187 -> 0 | F15: =D15*E15 -> 0
A16: 2.4 | B16: Demolición cono cámara | C16: UNI | D16: =V4 -> 15 | E16: =APUS!O220 -> 112875 | F16: =D16*E16 -> 1693125
A17: 2.5 | B17: Demolición cuerpo cámara | C17: ML | D17: =+D16*3 -> 45 | E17: =APUS!O225 -> 0 | F17: =D17*E17 -> 0
A18: 3 | B18: MOVIMIENTOS DE TIERRA.
A19: 3.1 | B19: Excavación en material común seco de 0-2 mts, manual | C19: M3 | D19: =+((I9*J9*K9)+(I10*J10*K10)+(I11*J11*K11)+(I12*J12*K12))*1.3 -> 3160.4352 | E19: =APUS!O271 -> 30216 | F19: =D19*E19 -> 95495710
A20: 4 | B20: LLENOS.
A21: 4.1 | B21: Lleno compactado con material del sitio manual | C21: M3 | D21: =+(I9*J9*L9)+(I10*J10*L10) -> 993.48 | E21: =APUS!O429 -> 24599 | F21: =D21*E21 -> 24438615
A22: 4.2 | B22: Lleno compactado con afirmado manual, no incluye transporte | C22: M3 | D22: =+(O4*Q4*R4) -> 87.66 | E22: =APUS!O435 -> 59079 | F22: =D22*E22 -> 5178865.1
A23: 4.3 | B23: =+[265]APUS!C85 -> Sub-base granular | C23: M3 | D23: =(K4*L4*N4) -> 511.35 | E23: =APUS!O443 -> 67717 | F23: =D23*E23 -> 34627088
A24: 4.4 | B24: =+[265]APUS!C96 -> Base granular | C24: M3 | D24: =(K4*L4*M4) -> 306.81 | E24: =APUS!O453 -> 75850 | F24: =D24*E24 -> 23271538
A25: 4.5 | B25: Transporte material > 40 Km (corte, sub-base, base, afirmado) | C25: M3-KM | D25: =+(D22+D23+D24)*21 -> 19022.22 | E25: =APUS!O535 -> 1833 | F25: =D25*E25 -> 34867729
A26: 4.6 | B26: =+'2.Calle 11 entre 15 y 17'!B26 -> Lleno con arena para tubería (brecha de 0,60 m de ancho e = 0,1 m) | C26: ML | D26: =+(I9*J9)+(I10*J10) -> 584.4 | E26: =APUS!O538 -> 9442 | F26: =D26*E26 -> 5517904.8
A27: 5 | B27: LABORES DE ALCANTARILLADO.
A28: 5.1 | B28: Tubería PVC de alcantarillado de pared estructural d = 6", exterior corrugado | C28: M | D28: =+(U4)*6 -> 270 | E28: =APUS!#REF! -> #REF! | F28: =D28*E28 -> #REF!
A29: 5.2 | B29: Tubería PVC de alcantarillado de pared estructural d = 12", exterior corrugado | C29: M | D29: =+I9+6+I9 -> 590.4 | E29: =APUS!#REF! -> #REF! | F29: =D29*E29 -> #REF!
A30: 5.3 | B30: Silla Yee Pvc de pared estructural 315 X 160 | C30: UND | D30: =U4 -> 45 | E30: =APUS!O599 -> 207782.77 | F30: =D30*E30 -> 9350224.5
A31: 5.4 | B31: Base y cañuela para cámara de inspección d = 1,20 mts, en concreto de 20,7 Mpa | C31: UND | D31: =V4 -> 15 | E31: =APUS!O608 -> 427551 | F31: =D31*E31 -> 6413265
A32: 5.5 | B32: Cuerpo para cámara de inspección d = 1,20 m, en concreto de 20,7 Mpa, no incluye refuerzo | C32: M | D32: =+D17 -> 45 | E32: =APUS!O689 -> 521456 | F32: =D32*E32 -> 23465520
A33: 5.6 | B33: Empalme de tubería a pozo existente incluye demolición y emboquillada | C33: UND | D33: =+D31 -> 15 | E33: =APUS!O697 -> 0 | F33: =D33*E33 -> 0
A34: 5.7 | B34: =+[265]APUS!C153 -> Desmonte de tubería de alcantarillado hasta 12" | C34: M | D34: =+D28+D29 -> 860.4 | E34: =APUS!O731 -> 8202 | F34: =D34*E34 -> 7057000.8
A35: 5.8 | B35: =+'2.Calle 11 entre 15 y 17'!B35 -> Tapa de seguridad en hierro dúctil EN124 Clase D400, tráfico vehicular pesado d=0.60 m | C35: UND | D35: =+D31 -> 15 | E35: =APUS!O737 -> 1513995 | F35: =D35*E35 -> 22709925
A36: 5.9 | B36: Manejo de aguas servidas, en teja de zinc o similar. | C36: M | D36: =+K4 -> 292.2 | E36: =APUS!O742 -> 22313.073 | F36: =D36*E36 -> 6519880
A37: 6 | B37: ESTRUCTURAS DE CONCRETO.
A38: 6.1 | B38: Caja de inspección de 0,80 x 0,80 x 0,80 m en concreto de 17,2 Mpa, tapa reforzada en concreto de 20,7 Mpa | C38: UND | D38: =U4 -> 45 | E38: =APUS!#REF! -> #REF! | F38: =D38*E38 -> #REF!
A39: 6.2 | B39: Sumidero doble en concreto de 20,7 Mpa, incluye reja doble con anticorrosivo | C39: UND | D39: 8 | E39: =APUS!O1120 -> 300000 | F39: =D39*E39 -> 2400000
A40: 7 | B40: ACEROS.
A41: 7.1 | B41: Acero Fy = 60.000 psi d>1/4" | C41: KG | D41: =760*D31 -> 11400 | E41: =APUS!O1200 -> 1 | F41: =D41*E41 -> 11400
A42: 8 | B42: OBRAS FINALES - REPARACIONES Y ACOMETIDAS ACUEDUCTO.
A43: 8.1 | B43: Acometida Domiciliaria de 1/2" tubería PF + UAD, L = 2 m | C43: UND | D43: =+D38*2 -> 90 | E43: =APUS!O1208 -> 0 | F43: =D43*E43 -> 0
A44: 8.2 | B44: =+[265]APUS!C213 -> Tubería PVC unión platino de 3" | C44: M | D44: =+I10 -> 584.4 | E44: =APUS!O1219 -> 0 | F44: =D44*E44 -> 0
A45: 8.3 | B45: Punto hidráulico PVC de 3" L prom = 3 m | C45: unida | D45: =6*1 -> 6 | E45: =APUS!O1225 -> 0 | F45: =E45*D45 -> 0
A46: 8.4 | B46: Suministro e instalación de caja para medidor en plástico extrafuerte, con tapa en hierro dúctil. | C46: UND | D46: =+D43 -> 90 | E46: =APUS!O1235 -> 1 | F46: =D46*E46 -> 90
A47: 8.5 | B47: Hidrante tipo Milán de 3" extremo brida, incluye válvula sello de bronce y kit de nivelación | C47: UNI | D47: 2 | E47: =APUS!O1240 -> TOTAL 3 | F47: =D47*E47 -> #VALUE!
A48: 9 | B48: PAVIMENTO.
A49: 9.1 | B49: Pavimento en concreto M.R.= 4,1 Mpa premezclado, e = 0.175 m, incluye refuerzo, corte con disco y sello de juntas | C49: M2 | D49: =+(K4*L4)+150 -> 2195.4 | E49: =APUS!O1257 -> 72098 | F49: =D49*E49 -> 1.5828395e+08
A50: 10 | B50: ANDENES.
A51: 10.1 | B51: =+[265]APUS!C257 -> Anden en concreto de 20,7 Mpa (3000 PSI) e = 0,10 m | C51: M2 | D51: =(O4*Q4) -> 876.6 | E51: =APUS!O1273 -> 0 | F51: =D51*E51 -> 0
A52: 10.2 | B52: Sardinel en concreto de 20,7 Mpa 0,03 m3/ml, incluye refuerzo, sobre placa | C52: M | D52: =+K4*2 -> 584.4 | E52: =APUS!O1283 | F52: =D52*E52 -> #VALUE!
A53: 11 | B53: SEÑALIZACION.
A54: 11.1 | B54: =+[265]APUS!C279 -> Señal vertical de transito tipo SP, SR de 75 x 75 con lámina retroreflectiva tipo diamante | C54: UND | D54: =3*1 -> 3 | E54: =APUS!O1313 -> 0 | F54: =D54*E54 -> 0
A55: 11.2 | B55: Aplicación de pintura "Zona Paso Peatonal (CEBRA)" | C55: UND | D55: =2*1 -> 2 | E55: =APUS!O1321 -> 0 | F55: =D55*E55 -> 0
A56: 11.3 | B56: =+[265]APUS!C292 -> Líneas de demarcación vial pintura en frío | C56: M | D56: =+K4*3 -> 876.6 | E56: =APUS!O1326 -> 0 | F56: =D56*E56 -> 0
A57: 22 | B57: RETIROS
A58: 22.2 | B58: Retiro de material sobrante cargue mecánico | C58: M3 | D58: =+(D13*0.18)+(D14*0.07)+(D15*0.15*0.15)+(D16*0.2)+(D17*0.2)+(D19*5%) -> 175.89176 | E58: =+APUS!O1884 -> 0 | F58: =D58*E58 -> 0
B59: COSTO DIRECTO DE OBRA | F59: =SUM(F6:F58) -> #REF!
B60: Administración | E60: 0.275 | F60: =F59*E60 -> #REF!
B61: Utilidad | E61: 0.05 | F61: =F59*E61 -> #REF!
B62: COSTO TOTAL DE OBRA | F62: =SUM(F59:F61) -> #REF!
A64: COSTO DE LA INTERVENTORIA | E64: 0.08 | F64: =F62*E64 -> #REF!
A66: COSTO FINAL DEL PROYECTO | F66: =F62+F64 -> #REF! | H66: 1.4791412e+09
H67: =F66-H66 -> #REF!
A70: Elaboró: | B70: Ing. ANA SOFIA LOPEZ ARANGO | C70: Aprobo: | D70: JOHN HAROL GIRALDO CASTAÑO
B71: Mat. Profesional 66202-241076 RIS | D71: Cargo: Sub. Secretario de Obras Públicas
B72: Contratista Secretaria de Infraestructura | D72: Mat. Profesional. 66202-313953 RIS

Sheet 4.Carrera 22 con calle 27B
A1: CONDICIONES ORIGINALES | H1: PAVIMENTACIÓN DE VIAS
H2: DIRECCION | K2: VIA | O2: ANDEN | S2: ANCHO TOTAL
A3: REPOSICION DE REDES EXISTENTES DE ACUEDUCTO Y ALCANTARILLADO Y CAMBIO DE PAVIMENTO ASFALTICO A RIGIDO, ANDENES DE LA Carrera 22 con Calle 27B, DEL MUNICIPIO DE SANTA ROSA DE CABAL– DEPARTAMENTO DE RISARALDA, | K3: LARGO | L3: ANCHO | M3: BASE | N3: SUB-BASE | O3: LARGO | P3: ANCHO PRO. | Q3: ANCHO TOTAL | R3: AFIRMA. | U3: Domiciliarias | V3: Camaras
H4: Carrera 22 con Calle 27B | K4: 80 | L4: 5.4 | M4: 0.15 | N4: 0.25 | O4: =+K4 -> 80 | P4: 0.9 | Q4: =+P4+P4 -> 1.8 | R4: 0.1 | S4: =+L4+Q4 -> 7.2 | U4: 24 | V4: 2
A5: ÍTEM | B5: PARTIDAS DE PAGO | C5: UND | D5: CANT | E5: VR UNITARIO | F5: VR TOTAL
A6: 1 | B6: PRELIMINARES.
A7: 1.1 | B7: =+APUS!C82 -> Localización y replanteo para pavimentación de vías (3 líneas, 3 instancias) | C7: M2 | D7: =+(K4*S4) -> 576 | E7: =APUS!O48 -> 4323 | F7: =D7*E7 -> 2490048 | H7: Datos para Exacación y Lleno
A8: 1.2 | B8: =+APUS!C90 -> Valla de identificación de obra área mayor a 4 m2, colocada en cerchas metálica, incluye mantenimiento durante la construcción | C8: M2 | D8: =8*1 -> 8 | E8: =APUS!O56 -> 212117 | F8: =D8*E8 -> 1696936 | I8: LARGO | J8: ANCHO | K8: PROF. EX | L8: PROF. LLEN.
A9: 1.3 | B9: Cerramiento provisional con guadua y tela de cerramiento h=2 m | C9: M | D9: =+(K4+L4)*2 -> 170.8 | E9: =APUS!O63 -> 7635 | F9: =D9*E9 -> 1304058 | H9: ALCANT. | I9: =K4 -> 80 | J9: 1.2 | K9: 2.5 | L9: 2
A10: 1.4 | B10: Pasacalles informativos, incluye mantenimiento durante la obra. | C10: M2 | D10: =10*1 -> 10 | E10: =APUS!O70 -> 126325.39 | F10: =D10*E10 -> 1263253.9 | H10: ACUEDUC. | I10: =+I9*2 -> 160 | J10: 0.3 | K10: 1.2 | L10: 1
A11: 1.5 | B11: Cubierta provisional en guadua y techo en plastico. | C11: M2 | D11: =+(K4*(L4+2)) -> 592 | E11: =APUS!O76 -> 30988.556 | F11: =D11*E11 -> 18345225 | H11: CAJEO | I11: =+I9 -> 80 | J11: =L4 -> 5.4 | K11: 0.5
A12: 2 | B12: DEMOLICIONES. | H12: ANDENES | I12: =+I9 -> 80 | J12: =+Q4 -> 1.8 | K12: 0.2
A13: 2.2 | B13: Demolicion de anden | C13: M2 | D13: =(O4*Q4) -> 144 | E13: =APUS!O181 -> 11907 | F13: =D13*E13 -> 1714608
A14: 2.4 | B14: Demolición cono cámara | C14: UNI | D14: =V4 -> 2 | E14: =APUS!O220 -> 112875 | F14: =D14*E14 -> 225750
A15: 2.5 | B15: Demolición cuerpo cámara | C15: ML | D15: =+D14*3 -> 6 | E15: =APUS!O225 -> 0 | F15: =D15*E15 -> 0
A16: 3 | B16: MOVIMIENTOS DE TIERRA.
A17: 3.1 | B17: Excavacion en material comun seco de 0-2 mts, manual | C17: M3 | D17: =+((I9*J9*K9)+(I10*J10*K10)+(I11*J11*K11)+(I12*J12*K12))*1.3 -> 705.12 | E17: =APUS!O271 -> 30216 | F17: =D17*E17 -> 21305906
A18: 4 | B18: LLENOS.
A19: 4.1 | B19: Lleno compactado con material del sitio manual | C19: M3 | D19: =+(I9*J9*L9)+(I10*J10*L10) -> 240 | E19: =APUS!O429 -> 24599 | F19: =D19*E19 -> 5903760
A20: 4.2 | B20: Lleno compactado con afirmado manual, no incluye transporte | C20: M3 | D20: =+(O4*Q4*R4) -> 14.4 | E20: =APUS!O435 -> 59079 | F20: =D20*E20 -> 850737.6
A21: 4.3 | B21: =+APUS!C550 -> Sub-base granular | C21: M3 | D21: =(K4*L4*N4) -> 108 | E21: =APUS!O443 -> 67717 | F21: =D21*E21 -> 7313436
A22: 4.4 | B22: =+APUS!#REF! -> #REF! | C22: M3 | D22: =(K4*L4*M4) -> 64.8 | E22: =APUS!O453 -> 75850 | F22: =D22*E22 -> 4915080
A23: 4.5 | B23: Transporte material > 40 Km (corte, sub-base, base, afirmado) | C23: M3-KM | D23: =+(D20+D21+D22)*21 -> 3931.2 | E23: =APUS!O535 -> 1833 | F23: =D23*E23 -> 7205889.6
A24: 4.6 | B24: =+'3.Cra 12 - Cra 14 la italia'!B26 -> Lleno con arena para tubería (brecha de 0,60 m de ancho e = 0,1 m) | C24: M | D24: =+(I9*J9)+(I10*J10) -> 144 | E24: =APUS!O538 -> 9442 | F24: =D24*E24 -> 1359648
A25: 5 | B25: LABORES DE ALCANTARILLADO.
A26: 5.1 | B26: Tubería PVC de alcantarillado de pared estructural d = 6", exterior corrugado | C26: M | D26: =+(U4)*6 -> 144 | E26: =APUS!#REF! -> #REF! | F26: =D26*E26 -> #REF!
A27: 5.2 | B27: Tubería PVC de alcantarillado de pared estructural d = 12", exterior corrugado | C27: M | D27: =+I9+6 -> 86 | E27: =APUS!#REF! -> #REF! | F27: =D27*E27 -> #REF!
A28: 5.3 | B28: Silla Yee Pvc de pared estructural 315 X 160 | C28: UND | D28: =U4 -> 24 | E28: =APUS!O599 -> 207782.77 | F28: =D28*E28 -> 4986786.4
A29: 5.4 | B29: Base y cañuela para cámara de inspección d = 1,20 mts, en concreto de 20,7 Mpa | C29: UND | D29: =V4 -> 2 | E29: =APUS!O608 -> 427551 | F29: =D29*E29 -> 855102
A30: 5.5 | B30: Cuerpo para cámara de inspección d = 1,20 m, en concreto de 20,7 Mpa, no incluye refuerzo | C30: M | D30: =+D15 -> 6 | E30: =APUS!O689 -> 521456 | F30: =D30*E30 -> 3128736
A31: 5.6 | B31: Empalme de tubería a pozo existente incluye demolición y emboquillada | C31: UND | D31: =+D29 -> 2 | E31: =APUS!O697 -> 0 | F31: =D31*E31 -> 0
A32: 5.7 | B32: =+APUS!#REF! -> #REF! | C32: M | D32: =+D26+D27 -> 230 | E32: =APUS!O731 -> 8202 | F32: =D32*E32 -> 1886460
A33: 5.8 | B33: =+'3.Cra 12 - Cra 14 la italia'!B35 -> Tapa de seguridad en hierro dúctil EN124 Clase D400, tráfico vehicular pesado d=0.60 m | C33: UND | D33: =+D29 -> 2 | E33: =APUS!O737 -> 1513995 | F33: =D33*E33 -> 3027990
A34: 5.9 | B34: Manejo de aguas servidas, en teja de zinc o similar. | C34: M | D34: =+D32 -> 230 | E34: =APUS!O742 -> 22313.073 | F34: =D34*E34 -> 5132006.8
A35: 6 | B35: ESTRUCTURAS DE CONCRETO.
A36: 6.1 | B36: Caja de inspección de 0,80 x 0,80 x 0,80 m en concreto de 17,2 Mpa, tapa reforzada en concreto de 20,7 Mpa | C36: UND | D36: =U4 -> 24 | E36: =APUS!#REF! -> #REF! | F36: =D36*E36 -> #REF!
A37: 6.2 | B37: Sumidero doble en concreto de 20,7 Mpa, incluye reja doble con anticorrosivo | C37: UND | D37: =4*1 -> 4 | E37: =APUS!O1120 -> 300000 | F37: =D37*E37 -> 1200000
A38: 7 | B38: ACEROS.
A39: 7.1 | B39: Acero Fy = 60.000 psi d>1/4" | C39: KG | D39: =760*D29 -> 1520 | E39: =APUS!O1200 -> 1 | F39: =D39*E39 -> 1520
A40: 8 | B40: OBRAS FINALES - REPARACIONES Y ACOMETIDAS ACUEDUCTO.
A41: 8.1 | B41: Acometida Domiciliaria de 1/2" tubería PF + UAD, L = 2 m | C41: UND | D41: =+D36 -> 24 | E41: =APUS!O1208 -> 0 | F41: =D41*E41 -> 0
A42: 8.2 | B42: =+APUS!C1254 -> Tubería PVC unión platino de 3" | C42: M | D42: =+I10 -> 160 | E42: =APUS!O1219 -> 0 | F42: =D42*E42 -> 0
A43: 8.3 | B43: Punto hidráulico PVC de 3" L prom = 3 m | C43: unida | D43: =6*1 -> 6 | E43: =APUS!O1225 -> 0 | F43: =E43*D43 -> 0
A44: 8.4 | B44: Suministro e instalacion de caja para medidor en plastico extrafuerte, con tapa en hierro ductil. | C44: UND | D44: =+D41 -> 24 | E44: =APUS!O1235 -> 1 | F44: =D44*E44 -> 24
A45: 8.5 | B45: Hidrante tipo Milán de 3" extremo brida, incluye válvula sello de bronce y kit de nivelación | C45: UNI | D45: 1 | E45: =APUS!O1240 -> TOTAL 3 | F45: =D45*E45 -> #VALUE!
A46: 9 | B46: PAVIMENTO.
A47: 9.1 | B47: Pavimento en concreto M.R.= 4,1 Mpa premezclado, e = 0.175 m, incluye refuerzo, corte con disco y sello de juntas | C47: M2 | D47: =+(K4*L4)+150 -> 582 | E47: =APUS!O1257 -> 72098 | F47: =D47*E47 -> 41961036
A48: 10 | B48: ANDENES.
A49: 10.1 | B49: =+APUS!C1308 -> Anden en concreto de 20,7 Mpa (3000 PSI) e = 0,10 m | C49: M2 | D49: =(O4*Q4) -> 144 | E49: =APUS!O1273 -> 0 | F49: =D49*E49 -> 0
A50: 10.2 | B50: Sardinel en concreto de 20,7 Mpa 0,03 m3/ml, incluye refuerzo, sobre placa | C50: M | D50: =K4*2 -> 160 | E50: =APUS!O1283 | F50: =D50*E50 -> #VALUE!
A51: 11 | B51: SEÑALIZACION.
A52: 11.1 | B52: =+APUS!C1348 -> Señal vertical de transito tipo SP, SR de 75 x 75 con lámina retroreflectiva tipo diamante | C52: UND | D52: =3*1 -> 3 | E52: =APUS!O1313 -> 0 | F52: =D52*E52 -> 0
A53: 11.2 | B53: Aplicación de pintura "Zona Paso Peatonal (CEBRA)" | C53: UND | D53: =2*1 -> 2 | E53: =APUS!O1321 -> 0 | F53: =D53*E53 -> 0
A54: 11.3 | B54: =+APUS!C1361 -> Líneas de demarcación vial pintura en frío | C54: M | D54: =+K4*3 -> 240 | E54: =APUS!O1326 -> 0 | F54: =D54*E54 -> 0
A55: 22 | B55: RETIROS
A56: 22.2 | B56: Retiro de material sobrante cargue mecánico | C56: M3 | D56: =+(D13*0.07)+(D14*0.2)+(D15*0.2)+(D17*5%) -> 46.936 | E56: =+APUS!O1884 -> 0 | F56: =D56*E56 -> 0
B57: COSTO DIRECTO DE OBRA | F57: =SUM(F6:F56) -> #REF!
B58: Administración | E58: 0.275 | F58: =F57*E58 -> #REF!
B59: Utilidad | E59: 0.05 | F59: =F57*E59 -> #REF!
B60: COSTO TOTAL DE OBRA | F60: =SUM(F57:F59) -> #REF!
A62: COSTO DE LA INTERVENTORIA | E62: 0.08 | F62: =F60*E62 -> #REF!
A64: COSTO FINAL DEL PROYECTO | F64: =F60+F62 -> #REF! | H64: 3.3941826e+08
H65: =F64-H64 -> #REF!
A68: Elaboró: | B68: Ing. ANA SOFIA LOPEZ ARANGO | C68: Aprobo: | D68: JOHN HAROL GIRALDO CASTAÑO
B69: Mat. Profesional 66202-241076 RIS | D69: Cargo: Sub. Secretario de Obras Públicas
B70: Contratista Secretaria de Infraestructura | D70: Mat. Profesional. 66202-313953 RIS

Sheet 4.Carrera 22A con calle 27B 
A1: CONDICIONES ORIGINALES | H1: PAVIMENTACIÓN DE VIAS
H2: DIRECCION | K2: VIA | O2: ANDEN | S2: ANCHO TOTAL
A3: REPOSICION DE REDES EXISTENTES DE ACUEDUCTO Y ALCANTARILLADO Y CAMBIO DE PAVIMENTO ASFALTICO A RIGIDO, ANDENES DE LA Carrera 22A con Calle 27B, DEL MUNICIPIO DE SANTA ROSA DE CABAL– DEPARTAMENTO DE RISARALDA, | K3: LARGO | L3: ANCHO | M3: BASE | N3: SUB-BASE | O3: LARGO | P3: ANCHO PRO. | Q3: ANCHO TOTAL | R3: AFIRMA. | U3: Domiciliarias | V3: Camaras
H4: Carrera 22A con Calle 27B | K4: 80 | L4: 4 | M4: 0.15 | N4: 0.25 | O4: =+K4 -> 80 | P4: 0.9 | Q4: =+P4+P4 -> 1.8 | R4: 0.1 | S4: =+L4+Q4 -> 5.8 | U4: 24 | V4: 2
A5: ÍTEM | B5: PARTIDAS DE PAGO | C5: UND | D5: CANT | E5: VR UNITARIO | F5: VR TOTAL
A6: 1 | B6: PRELIMINARES.
A7: 1.1 | B7: =+APUS!C82 -> Localización y replanteo para pavimentación de vías (3 líneas, 3 instancias) | C7: M2 | D7: =+(K4*S4) -> 464 | E7: =APUS!O48 -> 4323 | F7: =D7*E7 -> 2005872 | H7: Datos para Exacación y Lleno
A8: 1.2 | B8: =+APUS!C90 -> Valla de identificación de obra área mayor a 4 m2, colocada en cerchas metálica, incluye mantenimiento durante la construcción | C8: M2 | D8: =8*1 -> 8 | E8: =APUS!O56 -> 212117 | F8: =D8*E8 -> 1696936 | I8: LARGO | J8: ANCHO | K8: PROF. EX | L8: PROF. LLEN.
A9: 1.3 | B9: Cerramiento provisional con guadua y tela de cerramiento h=2 m | C9: M | D9: =+(K4+L4)*2 -> 168 | E9: =APUS!O63 -> 7635 | F9: =D9*E9 -> 1282680 | H9: ALCANT. | I9: =K4 -> 80 | J9: 1.2 | K9: 2.5 | L9: 2
A10: 1.4 | B10: Pasacalles informativos, incluye mantenimiento durante la obra. | C10: M2 | D10: =10*1 -> 10 | E10: =APUS!O70 -> 126325.39 | F10: =D10*E10 -> 1263253.9 | H10: ACUEDUC. | I10: =+I9*2 -> 160 | J10: 0.3 | K10: 1 | L10: 1
A11: 1.5 | B11: Cubierta provisional en guadua y techo en plastico. | C11: M2 | D11: =+(K4*(L4+2)) -> 480 | E11: =APUS!O76 -> 30988.556 | F11: =D11*E11 -> 14874507 | H11: CAJEO | I11: =+I9 -> 80 | J11: =L4 -> 4 | K11: 0.47
A12: 2 | B12: DEMOLICIONES. | H12: ANDENES | I12: =+I9 -> 80 | J12: =+Q4 -> 1.8 | K12: 0.2
A13: 2.2 | B13: Demolicion de anden | C13: M2 | D13: =(O4*Q4) -> 144 | E13: =APUS!O181 -> 11907 | F13: =D13*E13 -> 1714608
A14: 2.4 | B14: Demolición cono cámara | C14: UNI | D14: =V4 -> 2 | E14: =APUS!O220 -> 112875 | F14: =D14*E14 -> 225750
A15: 2.5 | B15: Demolición cuerpo cámara | C15: ML | D15: =+D14*3 -> 6 | E15: =APUS!O225 -> 0 | F15: =D15*E15 -> 0
A16: 3 | B16: MOVIMIENTOS DE TIERRA.
A17: 3.1 | B17: Excavacion en material comun seco de 0-2 mts, manual | C17: M3 | D17: =+((I9*J9*K9)+(I10*J10*K10)+(I11*J11*K11)+(I12*J12*K12))*1.3 -> 607.36 | E17: =APUS!O271 -> 30216 | F17: =D17*E17 -> 18351990
A18: 4 | B18: LLENOS.
A19: 4.1 | B19: Lleno compactado con material del sitio manual | C19: M3 | D19: =+(I9*J9*L9)+(I10*J10*L10) -> 240 | E19: =APUS!O429 -> 24599 | F19: =D19*E19 -> 5903760
A20: 4.2 | B20: Lleno compactado con afirmado manual, no incluye transporte | C20: M3 | D20: =+(O4*Q4*R4) -> 14.4 | E20: =APUS!O435 -> 59079 | F20: =D20*E20 -> 850737.6
A21: 4.3 | B21: =+APUS!C550 -> Sub-base granular | C21: M3 | D21: =(K4*L4*N4) -> 80 | E21: =APUS!O443 -> 67717 | F21: =D21*E21 -> 5417360
A22: 4.4 | B22: =+APUS!#REF! -> #REF! | C22: M3 | D22: =(K4*L4*M4) -> 48 | E22: =APUS!O453 -> 75850 | F22: =D22*E22 -> 3640800
A23: 4.5 | B23: Transporte material > 40 Km (corte, sub-base, base, afirmado) | C23: M3-KM | D23: =+(D20+D21+D22)*21 -> 2990.4 | E23: =APUS!O535 -> 1833 | F23: =D23*E23 -> 5481403.2
A24: 4.6 | B24: =+'4.Carrera 22 con calle 27B'!B24 -> Lleno con arena para tubería (brecha de 0,60 m de ancho e = 0,1 m) | C24: M | D24: =+(I9*J9)+(I10*J10) -> 144 | E24: =APUS!O538 -> 9442 | F24: =D24*E24 -> 1359648
A25: 5 | B25: LABORES DE ALCANTARILLADO.
A26: 5.1 | B26: Tubería PVC de alcantarillado de pared estructural d = 6", exterior corrugado | C26: M | D26: =+(U4)*6 -> 144 | E26: =APUS!#REF! -> #REF! | F26: =D26*E26 -> #REF!
A27: 5.2 | B27: Tubería PVC de alcantarillado de pared estructural d = 12", exterior corrugado | C27: M | D27: =+I9+6 -> 86 | E27: =APUS!#REF! -> #REF! | F27: =D27*E27 -> #REF!
A28: 5.3 | B28: Silla Yee Pvc de pared estructural 315 X 160 | C28: UND | D28: =U4 -> 24 | E28: =APUS!O599 -> 207782.77 | F28: =D28*E28 -> 4986786.4
A29: 5.4 | B29: Base y cañuela para cámara de inspección d = 1,20 mts, en concreto de 20,7 Mpa | C29: UND | D29: =V4 -> 2 | E29: =APUS!O608 -> 427551 | F29: =D29*E29 -> 855102
A30: 5.5 | B30: Cuerpo para cámara de inspección d = 1,20 m, en concreto de 20,7 Mpa, no incluye refuerzo | C30: M | D30: =+D15 -> 6 | E30: =APUS!O689 -> 521456 | F30: =D30*E30 -> 3128736
A31: 5.6 | B31: Empalme de tubería a pozo existente incluye demolición y emboquillada | C31: UND | D31: =+D29 -> 2 | E31: =APUS!O697 -> 0 | F31: =D31*E31 -> 0
A32: 5.7 | B32: =+APUS!#REF! -> #REF! | C32: M | D32: =+D26+D27 -> 230 | E32: =APUS!O731 -> 8202 | F32: =D32*E32 -> 1886460
A33: 5.8 | B33: =+'4.Carrera 22 con calle 27B'!B33 -> Tapa de seguridad en hierro dúctil EN124 Clase D400, tráfico vehicular pesado d=0.60 m | C33: UND | D33: =+D29 -> 2 | E33: =APUS!O737 -> 1513995 | F33: =D33*E33 -> 3027990
A34: 5.9 | B34: Manejo de aguas servidas, en teja de zinc o similar. | C34: M | D34: =+D32 -> 230 | E34: =APUS!O742 -> 22313.073 | F34: =D34*E34 -> 5132006.8
A35: 6 | B35: ESTRUCTURAS DE CONCRETO.
A36: 6.1 | B36: Caja de inspección de 0,80 x 0,80 x 0,80 m en concreto de 17,2 Mpa, tapa reforzada en concreto de 20,7 Mpa | C36: UND | D36: =U4 -> 24 | E36: =APUS!#REF! -> #REF! | F36: =D36*E36 -> #REF!
A37: 6.2 | B37: Sumidero doble en concreto de 20,7 Mpa, incluye reja doble con anticorrosivo | C37: UND | D37: =4*1 -> 4 | E37: =APUS!O1120 -> 300000 | F37: =D37*E37 -> 1200000
A38: 7 | B38: ACEROS.
A39: 7.1 | B39: Acero Fy = 60.000 psi d>1/4" | C39: KG | D39: =760*D29 -> 1520 | E39: =APUS!O1200 -> 1 | F39: =D39*E39 -> 1520
A40: 8 | B40: OBRAS FINALES - REPARACIONES Y ACOMETIDAS ACUEDUCTO.
A41: 8.1 | B41: Acometida Domiciliaria de 1/2" tubería PF + UAD, L = 2 m | C41: UND | D41: =+D36 -> 24 | E41: =APUS!O1208 -> 0 | F41: =D41*E41 -> 0
A42: 8.2 | B42: =+APUS!C1254 -> Tubería PVC unión platino de 3" | C42: M | D42: =+I10 -> 160 | E42: =APUS!O1219 -> 0 | F42: =D42*E42 -> 0
A43: 8.3 | B43: Punto hidráulico PVC de 3" L prom = 3 m | C43: unida | D43: =6*1 -> 6 | E43: =APUS!O1225 -> 0 | F43: =E43*D43 -> 0
A44: 8.4 | B44: Suministro e instalacion de caja para medidor en plastico extrafuerte, con tapa en hierro ductil. | C44: UND | D44: =+D41 -> 24 | E44: =APUS!O1235 -> 1 | F44: =D44*E44 -> 24
A45: 8.5 | B45: Hidrante tipo Milán de 3" extremo brida, incluye válvula sello de bronce y kit de nivelación | C45: UNI | D45: 1 | E45: =APUS!O1240 -> TOTAL 3 | F45: =D45*E45 -> #VALUE!
A46: 9 | B46: PAVIMENTO.
A47: 9.1 | B47: Pavimento en concreto M.R.= 4,1 Mpa premezclado, e = 0.175 m, incluye refuerzo, corte con disco y sello de juntas | C47: M2 | D47: =+(K4*L4)+150 -> 470 | E47: =APUS!O1257 -> 72098 | F47: =D47*E47 -> 33886060
A48: 10 | B48: ANDENES.
A49: 10.1 | B49: =+APUS!C1308 -> Anden en concreto de 20,7 Mpa (3000 PSI) e = 0,10 m | C49: M2 | D49: =(O4*Q4) -> 144 | E49: =APUS!O1273 -> 0 | F49: =D49*E49 -> 0
A50: 10.2 | B50: Sardinel en concreto de 20,7 Mpa 0,03 m3/ml, incluye refuerzo, sobre placa | C50: M | D50: =K4*2 -> 160 | E50: =APUS!O1283 | F50: =D50*E50 -> #VALUE!
A51: 11 | B51: SEÑALIZACION.
A52: 11.1 | B52: =+APUS!C1348 -> Señal vertical de transito tipo SP, SR de 75 x 75 con lámina retroreflectiva tipo diamante | C52: UND | D52: =3*1 -> 3 | E52: =APUS!O1313 -> 0 | F52: =D52*E52 -> 0
A53: 11.2 | B53: Aplicación de pintura "Zona Paso Peatonal (CEBRA)" | C53: UND | D53: =2*1 -> 2 | E53: =APUS!O1321 -> 0 | F53: =D53*E53 -> 0
A54: 11.3 | B54: =+APUS!C1361 -> Líneas de demarcación vial pintura en frío | C54: M | D54: =+K4*3 -> 240 | E54: =APUS!O1326 -> 0 | F54: =D54*E54 -> 0
A55: 22 | B55: RETIROS
A56: 22.2 | B56: Retiro de material sobrante cargue mecánico | C56: M3 | D56: =+(D13*0.07)+(D14*0.2)+(D15*0.2)+(D17*5%) -> 42.048 | E56: =+APUS!O1884 -> 0 | F56: =D56*E56 -> 0
B57: COSTO DIRECTO DE OBRA | F57: =SUM(F6:F56) -> #REF!
B58: Administración | E58: 0.275 | F58: =F57*E58 -> #REF!
B59: Utilidad | E59: 0.05 | F59: =F57*E59 -> #REF!
B60: COSTO TOTAL DE OBRA | F60: =SUM(F57:F59) -> #REF!
A62: COSTO DE LA INTERVENTORIA | E62: 0.08 | F62: =F60*E62 -> #REF!
A64: COSTO FINAL DEL PROYECTO | F64: =F60+F62 -> #REF! | H64: 3.0240036e+08
H65: =F64-H64 -> #REF!
A68: Elaboró: | B68: Ing. ANA SOFIA LOPEZ ARANGO | C68: Aprobo: | D68: JOHN HAROL GIRALDO CASTAÑO
B69: Mat. Profesional 66202-241076 RIS | D69: Cargo: Sub. Secretario de Obras Públicas
B70: Contratista Secretaria de Infraestructura | D70: Mat. Profesional. 66202-313953 RIS

Sheet 4.Carrera 22B con calle 27B
A1: CONDICIONES ORIGINALES | H1: PAVIMENTACIÓN DE VIAS
H2: DIRECCION | K2: VIA | O2: ANDEN | S2: ANCHO TOTAL
A3: REPOSICION DE REDES EXISTENTES DE ACUEDUCTO Y ALCANTARILLADO Y CAMBIO DE PAVIMENTO ASFALTICO A RIGIDO, ANDENES DE LA Carrera 22B con Calle 27B, DEL MUNICIPIO DE SANTA ROSA DE CABAL– DEPARTAMENTO DE RISARALDA, | K3: LARGO | L3: ANCHO | M3: BASE | N3: SUB-BASE | O3: LARGO | P3: ANCHO PRO. | Q3: ANCHO TOTAL | R3: AFIRMA. | U3: Domiciliarias | V3: Camaras
H4: Carrera 22B con Calle 27B | K4: 80 | L4: 4 | M4: 0.15 | N4: 0.25 | O4: =+K4 -> 80 | P4: 0.9 | Q4: =+P4+P4 -> 1.8 | R4: 0.1 | S4: =+L4+Q4 -> 5.8 | U4: 24 | V4: 2
A5: ÍTEM | B5: PARTIDAS DE PAGO | C5: UND | D5: CANT | E5: VR UNITARIO | F5: VR TOTAL
A6: 1 | B6: PRELIMINARES.
A7: 1.1 | B7: =+APUS!C82 -> Localización y replanteo para pavimentación de vías (3 líneas, 3 instancias) | C7: M2 | D7: =+(K4*S4) -> 464 | E7: =APUS!O48 -> 4323 | F7: =D7*E7 -> 2005872 | H7: Datos para Exacación y Lleno
A8: 1.2 | B8: =+APUS!C90 -> Valla de identificación de obra área mayor a 4 m2, colocada en cerchas metálica, incluye mantenimiento durante la construcción | C8: M2 | D8: =8*1 -> 8 | E8: =APUS!O56 -> 212117 | F8: =D8*E8 -> 1696936 | I8: LARGO | J8: ANCHO | K8: PROF. EX | L8: PROF. LLEN.
A9: 1.3 | B9: Cerramiento provisional con guadua y tela de cerramiento h=2 m | C9: M | D9: =+(K4+L4)*2 -> 168 | E9: =APUS!O63 -> 7635 | F9: =D9*E9 -> 1282680 | H9: ALCANT. | I9: =K4 -> 80 | J9: 1.2 | K9: 2.5 | L9: 2
A10: 1.4 | B10: Pasacalles informativos, incluye mantenimiento durante la obra. | C10: M2 | D10: =10*1 -> 10 | E10: =APUS!O70 -> 126325.39 | F10: =D10*E10 -> 1263253.9 | H10: ACUEDUC. | I10: =+I9*2 -> 160 | J10: 0.3 | K10: 1.2 | L10: 1
A11: 1.5 | B11: Cubierta provisional en guadua y techo en plastico. | C11: M2 | D11: =+(K4*(L4+2)) -> 480 | E11: =APUS!O76 -> 30988.556 | F11: =D11*E11 -> 14874507 | H11: CAJEO | I11: =+I9 -> 80 | J11: =L4 -> 4 | K11: 0.5
A12: 2 | B12: DEMOLICIONES. | H12: ANDENES | I12: =+I9 -> 80 | J12: =+Q4 -> 1.8 | K12: 0.2
A13: 2.2 | B13: Demolicion de anden | C13: M2 | D13: =(O4*Q4) -> 144 | E13: =APUS!O181 -> 11907 | F13: =D13*E13 -> 1714608
A14: 2.4 | B14: Demolición cono cámara | C14: UNI | D14: =V4 -> 2 | E14: =APUS!O220 -> 112875 | F14: =D14*E14 -> 225750
A15: 2.5 | B15: Demolición cuerpo cámara | C15: ML | D15: =+D14*3 -> 6 | E15: =APUS!O225 -> 0 | F15: =D15*E15 -> 0
A16: 3 | B16: MOVIMIENTOS DE TIERRA.
A17: 3.1 | B17: Excavacion en material comun seco de 0-2 mts, manual | C17: M3 | D17: =+((I9*J9*K9)+(I10*J10*K10)+(I11*J11*K11)+(I12*J12*K12))*1.3 -> 632.32 | E17: =APUS!O271 -> 30216 | F17: =D17*E17 -> 19106181
A18: 4 | B18: LLENOS.
A19: 4.1 | B19: Lleno compactado con material del sitio manual | C19: M3 | D19: =+(I9*J9*L9)+(I10*J10*L10) -> 240 | E19: =APUS!O429 -> 24599 | F19: =D19*E19 -> 5903760
A20: 4.2 | B20: Lleno compactado con afirmado manual, no incluye transporte | C20: M3 | D20: =+(O4*Q4*R4) -> 14.4 | E20: =APUS!O435 -> 59079 | F20: =D20*E20 -> 850737.6
A21: 4.3 | B21: =+APUS!C550 -> Sub-base granular | C21: M3 | D21: =(K4*L4*N4) -> 80 | E21: =APUS!O443 -> 67717 | F21: =D21*E21 -> 5417360
A22: 4.4 | B22: =+APUS!#REF! -> #REF! | C22: M3 | D22: =(K4*L4*M4) -> 48 | E22: =APUS!O453 -> 75850 | F22: =D22*E22 -> 3640800
A23: 4.5 | B23: Transporte material > 40 Km (corte, sub-base, base, afirmado) | C23: M3-KM | D23: =+(D20+D21+D22)*21 -> 2990.4 | E23: =APUS!O535 -> 1833 | F23: =D23*E23 -> 5481403.2
A24: 4.6 | B24: =+'4.Carrera 22A con calle 27B '!B24 -> Lleno con arena para tubería (brecha de 0,60 m de ancho e = 0,1 m) | C24: M | D24: =+(I9*J9)+(I10*J10) -> 144 | E24: =APUS!O538 -> 9442 | F24: =D24*E24 -> 1359648
A25: 5 | B25: LABORES DE ALCANTARILLADO.
A26: 5.1 | B26: Tubería PVC de alcantarillado de pared estructural d = 6", exterior corrugado | C26: M | D26: =+(U4)*6 -> 144 | E26: =APUS!#REF! -> #REF! | F26: =D26*E26 -> #REF!
A27: 5.2 | B27: Tubería PVC de alcantarillado de pared estructural d = 12", exterior corrugado | C27: M | D27: =+I9+6 -> 86 | E27: =APUS!#REF! -> #REF! | F27: =D27*E27 -> #REF!
A28: 5.3 | B28: Silla Yee Pvc de pared estructural 315 X 160 | C28: UND | D28: =U4 -> 24 | E28: =APUS!O599 -> 207782.77 | F28: =D28*E28 -> 4986786.4
A29: 5.4 | B29: Base y cañuela para cámara de inspección d = 1,20 mts, en concreto de 20,7 Mpa | C29: UND | D29: =V4 -> 2 | E29: =APUS!O608 -> 427551 | F29: =D29*E29 -> 855102
A30: 5.5 | B30: Cuerpo para cámara de inspección d = 1,20 m, en concreto de 20,7 Mpa, no incluye refuerzo | C30: M | D30: =+D15 -> 6 | E30: =APUS!O689 -> 521456 | F30: =D30*E30 -> 3128736
A31: 5.6 | B31: Empalme de tubería a pozo existente incluye demolición y emboquillada | C31: UND | D31: =+D29 -> 2 | E31: =APUS!O697 -> 0 | F31: =D31*E31 -> 0
A32: 5.7 | B32: =+APUS!#REF! -> #REF! | C32: M | D32: =+D26+D27 -> 230 | E32: =APUS!O731 -> 8202 | F32: =D32*E32 -> 1886460
A33: 5.8 | B33: =+'4.Carrera 22A con calle 27B '!B33 -> Tapa de seguridad en hierro dúctil EN124 Clase D400, tráfico vehicular pesado d=0.60 m | C33: UND | D33: =+D29 -> 2 | E33: =APUS!O737 -> 1513995 | F33: =D33*E33 -> 3027990
A34: 5.9 | B34: Manejo de aguas servidas, en teja de zinc o similar. | C34: M | D34: =+D32 -> 230 | E34: =APUS!O742 -> 22313.073 | F34: =D34*E34 -> 5132006.8
A35: 6 | B35: ESTRUCTURAS DE CONCRETO.
A36: 6.1 | B36: Caja de inspección de 0,80 x 0,80 x 0,80 m en concreto de 17,2 Mpa, tapa reforzada en concreto de 20,7 Mpa | C36: UND | D36: =U4 -> 24 | E36: =APUS!#REF! -> #REF! | F36: =D36*E36 -> #REF!
A37: 6.2 | B37: Sumidero doble en concreto de 20,7 Mpa, incluye reja doble con anticorrosivo | C37: UND | D37: =4*1 -> 4 | E37: =APUS!O1120 -> 300000 | F37: =D37*E37 -> 1200000
A38: 7 | B38: ACEROS.
A39: 7.1 | B39: Acero Fy = 60.000 psi d>1/4" | C39: KG | D39: =760*D29 -> 1520 | E39: =APUS!O1200 -> 1 | F39: =D39*E39 -> 1520
A40: 8 | B40: OBRAS FINALES - REPARACIONES Y ACOMETIDAS ACUEDUCTO.
A41: 8.1 | B41: Acometida Domiciliaria de 1/2" tubería PF + UAD, L = 2 m | C41: UND | D41: =+D36 -> 24 | E41: =APUS!O1208 -> 0 | F41: =D41*E41 -> 0
A42: 8.2 | B42: =+APUS!C1254 -> Tubería PVC unión platino de 3" | C42: M | D42: =+I10 -> 160 | E42: =APUS!O1219 -> 0 | F42: =D42*E42 -> 0
A43: 8.3 | B43: Punto hidráulico PVC de 3" L prom = 3 m | C43: unida | D43: =6*1 -> 6 | E43: =APUS!O1225 -> 0 | F43: =E43*D43 -> 0
A44: 8.4 | B44: Suministro e instalacion de caja para medidor en plastico extrafuerte, con tapa en hierro ductil. | C44: UND | D44: =+D41 -> 24 | E44: =APUS!O1235 -> 1 | F44: =D44*E44 -> 24
A45: 8.5 | B45: Hidrante tipo Milán de 3" extremo brida, incluye válvula sello de bronce y kit de nivelación | C45: UNI | D45: 1 | E45: =APUS!O1240 -> TOTAL 3 | F45: =D45*E45 -> #VALUE!
A46: 9 | B46: PAVIMENTO.
A47: 9.1 | B47: Pavimento en concreto M.R.= 4,1 Mpa premezclado, e = 0.175 m, incluye refuerzo, corte con disco y sello de juntas | C47: M2 | D47: =+(K4*L4)+150 -> 470 | E47: =APUS!O1257 -> 72098 | F47: =D47*E47 -> 33886060
A48: 10 | B48: ANDENES.
A49: 10.1 | B49: =+APUS!C1308 -> Anden en concreto de 20,7 Mpa (3000 PSI) e = 0,10 m | C49: M2 | D49: =(O4*Q4) -> 144 | E49: =APUS!O1273 -> 0 | F49: =D49*E49 -> 0
A50: 10.2 | B50: Sardinel en concreto de 20,7 Mpa 0,03 m3/ml, incluye refuerzo, sobre placa | C50: M | D50: =K4*2 -> 160 | E50: =APUS!O1283 | F50: =D50*E50 -> #VALUE!
A51: 11 | B51: SEÑALIZACION.
A52: 11.1 | B52: =+APUS!C1348 -> Señal vertical de transito tipo SP, SR de 75 x 75 con lámina retroreflectiva tipo diamante | C52: UND | D52: =3*1 -> 3 | E52: =APUS!O1313 -> 0 | F52: =D52*E52 -> 0
A53: 11.2 | B53: Aplicación de pintura "Zona Paso Peatonal (CEBRA)" | C53: UND | D53: =2*1 -> 2 | E53: =APUS!O1321 -> 0 | F53: =D53*E53 -> 0
A54: 11.3 | B54: =+APUS!C1361 -> Líneas de demarcación vial pintura en frío | C54: M | D54: =+K4*3 -> 240 | E54: =APUS!O1326 -> 0 | F54: =D54*E54 -> 0
A55: 22 | B55: RETIROS
A56: 22.2 | B56: Retiro de material sobrante cargue mecánico | C56: M3 | D56: =+(D13*0.07)+(D14*0.2)+(D15*0.2)+(D17*5%) -> 43.296 | E56: =+APUS!O1884 -> 0 | F56: =D56*E56 -> 0
B57: COSTO DIRECTO DE OBRA | F57: =SUM(F6:F56) -> #REF!
B58: Administración | E58: 0.275 | F58: =F57*E58 -> #REF!
B59: Utilidad | E59: 0.05 | F59: =F57*E59 -> #REF!
B60: COSTO TOTAL DE OBRA | F60: =SUM(F57:F59) -> #REF!
A62: COSTO DE LA INTERVENTORIA | E62: 0.08 | F62: =F60*E62 -> #REF!
A64: COSTO FINAL DEL PROYECTO | F64: =F60+F62 -> #REF! | H64: 3.0225955e+08
H65: =F64-H64 -> #REF!
A68: Elaboró: | B68: Ing. ANA SOFIA LOPEZ ARANGO | C68: Aprobo: | D68: JOHN HAROL GIRALDO CASTAÑO
B69: Mat. Profesional 66202-241076 RIS | D69: Cargo: Sub. Secretario de Obras Públicas
B70: Contratista Secretaria de Infraestructura | D70: Mat. Profesional. 66202-313953 RIS

Sheet Cra 10 entre calle 9A -10
A1: CONDICIONES ORIGINALES | H1: PAVIMENTACIÓN DE VIAS
H2: DIRECCION | K2: VIA | O2: ANDEN | S2: ANCHO TOTAL
A3: REPOSICION DE REDES EXISTENTES DE ACUEDUCTO Y ALCANTARILLADO Y CAMBIO DE PAVIMENTO ASFALTICO A RIGIDO, ANDENES DE LA CALLE 10 ENTRE CARRERAS 10 Y 11, DEL MUNICIPIO DE SANTA ROSA DE CABAL– DEPARTAMENTO DE RISARALDA, | K3: LARGO | L3: ANCHO | M3: BASE | N3: SUB-BASE | O3: LARGO | P3: ANCHO PRO. | Q3: ANCHO TOTAL | R3: AFIRMA. | U3: Domiciliarias | V3: Camaras
H4: Cra10 entre Calle 9A a 10 | K4: 49.5 | L4: 9.9 | M4: 0.15 | N4: 0.25 | O4: =+K4 -> 49.5 | P4: 1 | Q4: =+P4+P4 -> 2 | R4: 0.1 | S4: =+L4+Q4 -> 11.9 | U4: 13 | V4: 1
A5: ÍTEM | B5: PARTIDAS DE PAGO | C5: UND | D5: CANT | E5: VR UNITARIO | F5: VR TOTAL
A6: 1 | B6: PRELIMINARES.
A7: 1.1 | B7: =+APUS!C82 -> Localización y replanteo para pavimentación de vías (3 líneas, 3 instancias) | C7: M2 | D7: =+(K4*S4) -> 589.05 | E7: =+APUS!F82 -> 0 | F7: =D7*E7 -> 0 | H7: Datos para Exacación y Lleno
A8: 1.2 | B8: =+APUS!C90 -> Valla de identificación de obra área mayor a 4 m2, colocada en cerchas metálica, incluye mantenimiento durante la construcción | C8: M2 | D8: =8*1 -> 8 | E8: =+APUS!F90 -> 0 | F8: =D8*E8 -> 0 | I8: LARGO | J8: ANCHO | K8: PROF. EX | L8: PROF. LLEN.
A9: 1.3 | B9: Cerramiento provisional con guadua y tela de cerramiento h=2 m | C9: M | D9: =+(K4+L4)*2 -> 118.8 | E9: =+APUS!F98 -> 0 | F9: =D9*E9 -> 0 | H9: ALCANT. | I9: =K4 -> 49.5 | J9: 0.8 | K9: 2.5 | L9: 2
A10: 1.4 | B10: Pasacalles informativos, incluye mantenimiento durante la obra. | C10: M2 | D10: =10*1 -> 10 | E10: =+APUS!F105 -> 0 | F10: =D10*E10 -> 0 | H10: ACUEDUC. | I10: =+I9*2 -> 99 | J10: 0.3 | K10: 1.2 | L10: 1
A11: 1.5 | B11: Cubierta provisional en guadua y techo en plastico. | C11: M2 | D11: =+(K4*(L4+2)) -> 589.05 | E11: =+APUS!F179 -> 0 | F11: =D11*E11 -> 0 | H11: CAJEO | I11: =+I9 -> 49.5 | J11: =L4 -> 9.9 | K11: 0.4
A12: 2 | B12: DEMOLICIONES. | H12: ANDENES | I12: =+I9 -> 49.5 | J12: =+Q4 -> 2 | K12: 0.1
A13: 2.1 | B13: Demolición pavimento rigido | C13: M2 | D13: =+(K4*L4) -> 490.05 | E13: =+APUS!F271 -> 0 | F13: =D13*E13 -> 0
A14: 2.2 | B14: Demolicion de anden | C14: M2 | D14: =(O4*Q4) -> 99 | E14: =+APUS!F278 -> 0 | F14: =D14*E14 -> 0
A15: 2.3 | B15: Demolicion de sardinel | C15: M | D15: =(O4*2) -> 99 | E15: =+APUS!#REF! -> #REF! | F15: =D15*E15 -> #REF!
A16: 2.4 | B16: Demolición cono cámara | C16: UNI | D16: =V4 -> 1 | E16: =+APUS!F434 -> 0 | F16: =D16*E16 -> 0
A17: 2.5 | B17: Demolición cuerpo cámara | C17: ML | D17: =+D16*3 -> 3 | E17: =+APUS!F439 -> 0 | F17: =D17*E17 -> 0
A18: 3 | B18: MOVIMIENTOS DE TIERRA.
A19: 3.1 | B19: Excavacion en material comun seco de 0-2 mts, manual | C19: M3 | D19: =+((I9*J9*K9)+(I10*J10*K10)+(I11*J11*K11)+(I12*J12*K12))*1.3 -> 442.728 | E19: =+APUS!F451 -> 0 | F19: =D19*E19 -> 0
A20: 4 | B20: LLENOS.
A21: 4.1 | B21: Lleno compactado con material del sitio manual | C21: M3 | D21: =+(I9*J9*L9)+(I10*J10*L10) -> 108.9 | E21: =+APUS!F536 -> 0 | F21: =D21*E21 -> 0
A22: 4.2 | B22: Lleno compactado con afirmado manual, no incluye transporte | C22: M3 | D22: =+(O4*Q4*R4) -> 9.9 | E22: =+APUS!F542 -> 0 | F22: =D22*E22 -> 0
A23: 4.3 | B23: =+APUS!C550 -> Sub-base granular | C23: M3 | D23: =(K4*L4*N4) -> 122.5125 | E23: =+APUS!F550 -> 0 | F23: =D23*E23 -> 0
A24: 4.4 | B24: =+APUS!#REF! -> #REF! | C24: M3 | D24: =(K4*L4*M4) -> 73.5075 | E24: =+APUS!#REF! -> #REF! | F24: =D24*E24 -> #REF!
A25: 4.5 | B25: Transporte material > 40 Km (corte, sub-base, base, afirmado) | C25: M3-KM | D25: =+D22*21 -> 207.9 | E25: =+APUS!F600 -> 0 | F25: =D25*E25 -> 0
A26: 4.6 | B26: Cama en arena para cimentacion de tuberia alcantarillado. | C26: M3 | D26: =+(I9*J9*0.1)+(I10*J10*0.1) -> 6.93 | E26: =+APUS!F603 -> 0 | F26: =D26*E26 -> 0
A27: 5 | B27: LABORES DE ALCANTARILLADO.
A28: 5.1 | B28: Tubería PVC de alcantarillado de pared estructural d = 6", exterior corrugado | C28: M | D28: =+(U4)*6 -> 78 | E28: =+APUS!#REF! -> #REF! | F28: =D28*E28 -> #REF!
A29: 5.2 | B29: Tubería PVC de alcantarillado de pared estructural d = 12", exterior corrugado | C29: M | D29: =+I9+6 -> 55.5 | E29: =+APUS!F731 -> 0 | F29: =D29*E29 -> 0
A30: 5.3 | B30: Silla Yee Pvc de pared estructural 315 X 160 | C30: UND | D30: =U4 -> 13 | E30: =+APUS!F737 -> 0 | F30: =D30*E30 -> 0
A31: 5.4 | B31: Base y cañuela para cámara de inspección d = 1,20 mts, en concreto de 20,7 Mpa | C31: UND | D31: =V4 -> 1 | E31: =+APUS!F742 -> 0 | F31: =D31*E31 -> 0
A32: 5.5 | B32: Cuerpo para cámara de inspección d = 1,20 m, en concreto de 20,7 Mpa, no incluye refuerzo | C32: M | D32: =+D17 -> 3 | E32: =+APUS!#REF! -> #REF! | F32: =D32*E32 -> #REF!
A33: 5.6 | B33: Empalme de tubería a pozo existente incluye demolición y emboquillada | C33: UND | D33: =+D31 -> 1 | E33: =+APUS!#REF! -> #REF! | F33: =D33*E33 -> #REF!
A34: 5.7 | B34: =+APUS!#REF! -> #REF! | C34: M | D34: =+D28+D29 -> 133.5 | E34: =+APUS!#REF! -> #REF! | F34: =D34*E34 -> #REF!
A35: 5.8 | B35: Manhole en HD vehicular ø0.60m + seguridad vehicular | C35: UND | D35: =+D31 -> 1 | E35: =+APUS!#REF! -> #REF! | F35: =D35*E35 -> #REF!
A36: 5.9 | B36: Manejo de aguas servidas, en teja de zinc o similar. | C36: M | D36: =+D34 -> 133.5 | E36: =+APUS!#REF! -> #REF! | F36: =D36*E36 -> #REF!
A37: 6 | B37: ESTRUCTURAS DE CONCRETO.
A38: 6.1 | B38: Caja de inspección de 0,80 x 0,80 x 0,80 m en concreto de 17,2 Mpa, tapa reforzada en concreto de 20,7 Mpa | C38: UND | D38: =U4 -> 13 | E38: =+APUS!F1143 -> 0 | F38: =D38*E38 -> 0
A39: 6.2 | B39: Sumidero doble en concreto de 20,7 Mpa, incluye reja doble con anticorrosivo | C39: UND | D39: =4*1 -> 4 | E39: =+APUS!F1155 -> 0 | F39: =D39*E39 -> 0
A40: 7 | B40: ACEROS.
A41: 7.1 | B41: Acero Fy = 60.000 psi d>1/4" | C41: KG | D41: =750*D31 -> 750 | E41: =+APUS!F1235 -> 0 | F41: =D41*E41 -> 0
A42: 8 | B42: OBRAS FINALES - REPARACIONES Y ACOMETIDAS ACUEDUCTO.
A43: 8.1 | B43: Domiciliaria de 1/2" Manguera Pealpe, L = 2 m | C43: UND | D43: =+D38 -> 13 | E43: =+APUS!F1243 -> 0 | F43: =D43*E43 -> 0
A44: 8.2 | B44: =+APUS!C1254 -> Tubería PVC unión platino de 3" | C44: M | D44: =+I10 -> 99 | E44: =+APUS!F1254 -> 0 | F44: =D44*E44 -> 0
A45: 8.3 | B45: Punto hidráulico PVC de 3" L prom = 3 m | C45: unida | D45: =6*1 -> 6 | E45: =+APUS!#REF! -> #REF! | F45: =E45*D45 -> #REF!
A46: 8.4 | B46: Suministro e instalacion de caja para medidor en plastico extrafuerte, con tapa en hierro ductil. | C46: UND | D46: =+D43 -> 13 | E46: =+APUS!F1267 -> 0 | F46: =D46*E46 -> 0
A47: 8.5 | B47: Hidrante tipo Milán de 3" extremo brida, incluye válvula sello de bronce y kit de nivelación | C47: UNI | D47: 1 | E47: =+APUS!F1272 -> 0 | F47: =D47*E47 -> 0
A48: 9 | B48: PAVIMENTO.
A49: 9.1 | B49: Pavimento en concreto MR = 4,1 Mpa premezclado, e = 0.175 m, incluye refuerzo, corte con disco y sello de juntas | C49: M2 | D49: =+(K4*L4) -> 490.05 | E49: =+APUS!F1291 -> 0 | F49: =D49*E49 -> 0
A50: 10 | B50: ANDENES.
A51: 10.1 | B51: =+APUS!C1308 -> Anden en concreto de 20,7 Mpa (3000 PSI) e = 0,10 m | C51: M2 | D51: =(O4*Q4) -> 99 | E51: =+APUS!F1308 -> 0 | F51: =D51*E51 -> 0
A52: 10.2 | B52: Sardinel en concreto de 20,7 Mpa 0,03 m3/ml, incluye refuerzo, sobre placa | C52: M | D52: =+D15 -> 99 | E52: =+APUS!F1318 -> 0 | F52: =D52*E52 -> 0
A53: 11 | B53: SEÑALIZACION.
A54: 11.1 | B54: =+APUS!C1348 -> Señal vertical de transito tipo SP, SR de 75 x 75 con lámina retroreflectiva tipo diamante | C54: UND | D54: =3*1 -> 3 | E54: =+APUS!F1348 -> 0 | F54: =D54*E54 -> 0
A55: 11.2 | B55: Aplicación de pintura "Zona Paso Peatonal (CEBRA)" | C55: UND | D55: =2*1 -> 2 | E55: =+APUS!F1356 -> 0 | F55: =D55*E55 -> 0
A56: 11.3 | B56: =+APUS!C1361 -> Líneas de demarcación vial pintura en frío | C56: M | D56: =+K4*3 -> 148.5 | E56: =+APUS!F1361 -> 0 | F56: =D56*E56 -> 0
B57: COSTO DIRECTO DE OBRA | F57: =SUM(F6:F56) -> #REF!
B58: Administración | E58: 0.275 | F58: =F57*E58 -> #REF!
B59: Utilidad | E59: 0.05 | F59: =F57*E59 -> #REF!
B60: COSTO TOTAL DE OBRA | F60: =SUM(F57:F59) -> #REF!
A62: COSTO DE LA INTERVENTORIA | E62: 0.08 | F62: =F60*E62 -> #REF!
A64: COSTO FINAL DEL PROYECTO | F64: =F60+F62 -> #REF!
A68: Elaboró: | B68: Ing. JOHN HAROL GIRALDO CASTAÑO
B69: Subsecretario de Obras Públicas

Sheet 5.Calle 33 entre cra 12 y 12Bis
A1: CONDICIONES ORIGINALES | H1: PAVIMENTACIÓN DE VIAS
H2: DIRECCION | K2: VIA | O2: ANDEN | S2: ANCHO TOTAL
A3: REPOSICION DE REDES EXISTENTES DE ACUEDUCTO Y ALCANTARILLADO Y CAMBIO DE PAVIMENTO ASFALTICO A RIGIDO, ANDENES DE LA Calle 33 entre Cra 12 y 12bis, DEL MUNICIPIO DE SANTA ROSA DE CABAL– DEPARTAMENTO DE RISARALDA, | K3: LARGO | L3: ANCHO | M3: BASE | N3: SUB-BASE | O3: LARGO | P3: ANCHO PRO. | Q3: ANCHO TOTAL | R3: AFIRMA. | U3: Domiciliarias | V3: Camaras
H4: Calle 33 entre Cra 12 y 12bis | K4: 57 | L4: 7 | M4: 0.15 | N4: 0.25 | O4: =+K4 -> 57 | P4: 2 | Q4: =+P4+P4 -> 4 | R4: 0.1 | S4: =+L4+Q4 -> 11 | U4: 15 | V4: 3
A5: ÍTEM | B5: PARTIDAS DE PAGO | C5: UND | D5: CANT | E5: VR UNITARIO | F5: VR TOTAL
A6: 1 | B6: PRELIMINARES.
A7: 1.1 | B7: =+APUS!C82 -> Localización y replanteo para pavimentación de vías (3 líneas, 3 instancias) | C7: M2 | D7: =+(K4*S4) -> 627 | E7: =APUS!O48 -> 4323 | F7: =D7*E7 -> 2710521 | H7: Datos para Exacación y Lleno
A8: 1.2 | B8: =+APUS!C90 -> Valla de identificación de obra área mayor a 4 m2, colocada en cerchas metálica, incluye mantenimiento durante la construcción | C8: M2 | D8: =8*1 -> 8 | E8: =APUS!O56 -> 212117 | F8: =D8*E8 -> 1696936 | I8: LARGO | J8: ANCHO | K8: PROF. EX | L8: PROF. LLEN.
A9: 1.3 | B9: Cerramiento provisional con guadua y tela de cerramiento h=2 m | C9: M | D9: =+(K4+L4)*2 -> 128 | E9: =APUS!O63 -> 7635 | F9: =D9*E9 -> 977280 | H9: ALCANT. | I9: =K4 -> 57 | J9: 1.2 | K9: 2.5 | L9: 2
A10: 1.4 | B10: Pasacalles informativos, incluye mantenimiento durante la obra. | C10: M2 | D10: =10*1 -> 10 | E10: =APUS!O70 -> 126325.39 | F10: =D10*E10 -> 1263253.9 | H10: ACUEDUC. | I10: =+I9*2 -> 114 | J10: 0.3 | K10: 1.2 | L10: 1
A11: 1.5 | B11: Cubierta provisional en guadua y techo en plastico. | C11: M2 | D11: =+(K4*(L4+2)) -> 513 | E11: =APUS!O76 -> 30988.556 | F11: =D11*E11 -> 15897129 | H11: CAJEO | I11: =+I9 -> 57 | J11: =L4 -> 7 | K11: 0.5
A12: 2 | B12: DEMOLICIONES. | H12: ANDENES | I12: =+I9 -> 57 | J12: =+Q4 -> 4 | K12: 0.2
A13: 2.2 | B13: Demolicion de anden | C13: M2 | D13: =(O4*Q4) -> 228 | E13: =APUS!O181 -> 11907 | F13: =D13*E13 -> 2714796
A14: 2.4 | B14: Demolición cono cámara | C14: UNI | D14: =V4 -> 3 | E14: =APUS!O220 -> 112875 | F14: =D14*E14 -> 338625
A15: 2.5 | B15: Demolición cuerpo cámara | C15: ML | D15: =+D14*3 -> 9 | E15: =APUS!O225 -> 0 | F15: =D15*E15 -> 0
A16: 3 | B16: MOVIMIENTOS DE TIERRA.
A17: 3.1 | B17: Excavacion en material comun seco de 0-2 mts, manual | C17: M3 | D17: =+((I9*J9*K9)+(I10*J10*K10)+(I11*J11*K11)+(I12*J12*K12))*1.3 -> 594.282 | E17: =APUS!O271 -> 30216 | F17: =D17*E17 -> 17956825
A18: 4 | B18: LLENOS.
A19: 4.1 | B19: Lleno compactado con material del sitio manual | C19: M3 | D19: =+(I9*J9*L9)+(I10*J10*L10) -> 171 | E19: =APUS!O429 -> 24599 | F19: =D19*E19 -> 4206429
A20: 4.2 | B20: Lleno compactado con afirmado manual, no incluye transporte | C20: M3 | D20: =+(O4*Q4*R4) -> 22.8 | E20: =APUS!O435 -> 59079 | F20: =D20*E20 -> 1347001.2
A21: 4.3 | B21: =+APUS!C550 -> Sub-base granular | C21: M3 | D21: =(K4*L4*N4) -> 99.75 | E21: =APUS!O443 -> 67717 | F21: =D21*E21 -> 6754770.8
A22: 4.4 | B22: =+APUS!#REF! -> #REF! | C22: M3 | D22: =(K4*L4*M4) -> 59.85 | E22: =APUS!O453 -> 75850 | F22: =D22*E22 -> 4539622.5
A23: 4.5 | B23: Transporte material > 40 Km (corte, sub-base, base, afirmado) | C23: M3-KM | D23: =+(D20+D21+D22)*21 -> 3830.4 | E23: =APUS!O535 -> 1833 | F23: =D23*E23 -> 7021123.2
A24: 4.6 | B24: =+'4.Carrera 22B con calle 27B'!B24 -> Lleno con arena para tubería (brecha de 0,60 m de ancho e = 0,1 m) | C24: M | D24: =+(I9*J9)+(I10*J10) -> 102.6 | E24: =APUS!O538 -> 9442 | F24: =D24*E24 -> 968749.2
A25: 5 | B25: LABORES DE ALCANTARILLADO.
A26: 5.1 | B26: Tubería PVC de alcantarillado de pared estructural d = 6", exterior corrugado | C26: M | D26: =+(U4)*6 -> 90 | E26: =APUS!#REF! -> #REF! | F26: =D26*E26 -> #REF!
A27: 5.2 | B27: Tubería PVC de alcantarillado de pared estructural d = 12", exterior corrugado | C27: M | D27: =+I9+6 -> 63 | E27: =APUS!#REF! -> #REF! | F27: =D27*E27 -> #REF!
A28: 5.3 | B28: Silla Yee Pvc de pared estructural 315 X 160 | C28: UND | D28: =U4 -> 15 | E28: =APUS!O599 -> 207782.77 | F28: =D28*E28 -> 3116741.5
A29: 5.4 | B29: Base y cañuela para cámara de inspección d = 1,20 mts, en concreto de 20,7 Mpa | C29: UND | D29: =V4 -> 3 | E29: =APUS!O608 -> 427551 | F29: =D29*E29 -> 1282653
A30: 5.5 | B30: Cuerpo para cámara de inspección d = 1,20 m, en concreto de 20,7 Mpa, no incluye refuerzo | C30: M | D30: =+D15 -> 9 | E30: =APUS!O689 -> 521456 | F30: =D30*E30 -> 4693104
A31: 5.6 | B31: Empalme de tubería a pozo existente incluye demolición y emboquillada | C31: UND | D31: =+D29 -> 3 | E31: =APUS!O697 -> 0 | F31: =D31*E31 -> 0
A32: 5.7 | B32: =+APUS!#REF! -> #REF! | C32: M | D32: =+D26+D27 -> 153 | E32: =APUS!O731 -> 8202 | F32: =D32*E32 -> 1254906
A33: 5.8 | B33: =+'4.Carrera 22B con calle 27B'!B33 -> Tapa de seguridad en hierro dúctil EN124 Clase D400, tráfico vehicular pesado d=0.60 m | C33: UND | D33: =+D29 -> 3 | E33: =APUS!O737 -> 1513995 | F33: =D33*E33 -> 4541985
A34: 5.9 | B34: Manejo de aguas servidas, en teja de zinc o similar. | C34: M | D34: =+D32 -> 153 | E34: =APUS!O742 -> 22313.073 | F34: =D34*E34 -> 3413900.2
A35: 6 | B35: ESTRUCTURAS DE CONCRETO.
A36: 6.1 | B36: Caja de inspección de 0,80 x 0,80 x 0,80 m en concreto de 17,2 Mpa, tapa reforzada en concreto de 20,7 Mpa | C36: UND | D36: =U4 -> 15 | E36: =APUS!#REF! -> #REF! | F36: =D36*E36 -> #REF!
A37: 6.2 | B37: Sumidero doble en concreto de 20,7 Mpa, incluye reja doble con anticorrosivo | C37: UND | D37: =4*1 -> 4 | E37: =APUS!O1120 -> 300000 | F37: =D37*E37 -> 1200000
A38: 7 | B38: ACEROS.
A39: 7.1 | B39: Acero Fy = 60.000 psi d>1/4" | C39: KG | D39: =760*D29 -> 2280 | E39: =APUS!O1200 -> 1 | F39: =D39*E39 -> 2280
A40: 8 | B40: OBRAS FINALES - REPARACIONES Y ACOMETIDAS ACUEDUCTO.
A41: 8.1 | B41: Acometida Domiciliaria de 1/2" tubería PF + UAD, L = 2 m | C41: UND | D41: =+D36 -> 15 | E41: =APUS!O1208 -> 0 | F41: =D41*E41 -> 0
A42: 8.2 | B42: =+APUS!C1254 -> Tubería PVC unión platino de 3" | C42: M | D42: =+I10 -> 114 | E42: =APUS!O1219 -> 0 | F42: =D42*E42 -> 0
A43: 8.3 | B43: Punto hidráulico PVC de 3" L prom = 3 m | C43: unida | D43: =6*1 -> 6 | E43: =APUS!O1225 -> 0 | F43: =E43*D43 -> 0
A44: 8.4 | B44: Suministro e instalacion de caja para medidor en plastico extrafuerte, con tapa en hierro ductil. | C44: UND | D44: =+D41 -> 15 | E44: =APUS!O1235 -> 1 | F44: =D44*E44 -> 15
A45: 8.5 | B45: Hidrante tipo Milán de 3" extremo brida, incluye válvula sello de bronce y kit de nivelación | C45: UNI | D45: 1 | E45: =APUS!O1240 -> TOTAL 3 | F45: =D45*E45 -> #VALUE!
A46: 9 | B46: PAVIMENTO.
A47: 9.1 | B47: Pavimento en concreto M.R.= 4,1 Mpa premezclado, e = 0.175 m, incluye refuerzo, corte con disco y sello de juntas | C47: M2 | D47: =+(K4*L4)+150 -> 549 | E47: =APUS!O1257 -> 72098 | F47: =D47*E47 -> 39581802
A48: 10 | B48: ANDENES.
A49: 10.1 | B49: =+APUS!C1308 -> Anden en concreto de 20,7 Mpa (3000 PSI) e = 0,10 m | C49: M2 | D49: =(O4*Q4) -> 228 | E49: =APUS!O1273 -> 0 | F49: =D49*E49 -> 0
A50: 10.2 | B50: Sardinel en concreto de 20,7 Mpa 0,03 m3/ml, incluye refuerzo, sobre placa | C50: M | D50: =K4*2 -> 114 | E50: =APUS!O1283 | F50: =D50*E50 -> #VALUE!
A51: 11 | B51: SEÑALIZACION.
A52: 11.1 | B52: =+APUS!C1348 -> Señal vertical de transito tipo SP, SR de 75 x 75 con lámina retroreflectiva tipo diamante | C52: UND | D52: =3*1 -> 3 | E52: =APUS!O1313 -> 0 | F52: =D52*E52 -> 0
A53: 11.2 | B53: Aplicación de pintura "Zona Paso Peatonal (CEBRA)" | C53: UND | D53: =2*1 -> 2 | E53: =APUS!O1321 -> 0 | F53: =D53*E53 -> 0
A54: 11.3 | B54: =+APUS!C1361 -> Líneas de demarcación vial pintura en frío | C54: M | D54: =+K4*3 -> 171 | E54: =APUS!O1326 -> 0 | F54: =D54*E54 -> 0
A55: 22 | B55: RETIROS
A56: 22.2 | B56: Retiro de material sobrante cargue mecánico | C56: M3 | D56: =+(D13*0.07)+(D14*0.2)+(D15*0.2)+(D17*5%) -> 48.0741 | E56: =+APUS!O1884 -> 0 | F56: =D56*E56 -> 0
B57: COSTO DIRECTO DE OBRA | F57: =SUM(F6:F56) -> #REF!
B58: Administración | E58: 0.275 | F58: =F57*E58 -> #REF!
B59: Utilidad | E59: 0.05 | F59: =F57*E59 -> #REF!
B60: COSTO TOTAL DE OBRA | F60: =SUM(F57:F59) -> #REF!
A62: COSTO DE LA INTERVENTORIA | E62: 0.08 | F62: =F60*E62 -> #REF!
A64: COSTO FINAL DEL PROYECTO | F64: =F60+F62 -> #REF! | H64: 3.0428116e+08
H65: =F64-H64 -> #REF!
A68: Elaboró: | B68: Ing. ANA SOFIA LOPEZ ARANGO | C68: Aprobo: | D68: JOHN HAROL GIRALDO CASTAÑO
B69: Mat. Profesional 66202-241076 RIS | D69: Cargo: Sub. Secretario de Obras Públicas
B70: Contratista Secretaria de Infraestructura | D70: Mat. Profesional. 66202-313953 RIS

Sheet 6.CARRERA 10 ENTRE CALLE 7 Y 8
A1: CONDICIONES ORIGINALES | H1: PAVIMENTACIÓN DE VIAS
H2: DIRECCION | K2: VIA | O2: ANDEN | S2: ANCHO TOTAL
A3: REPOSICION DE REDES EXISTENTES DE ACUEDUCTO Y ALCANTARILLADO Y CAMBIO DE PAVIMENTO ASFALTICO A RIGIDO, ANDENES DE LA CARRERA 10 ENTRE CALLE 7 Y 8, DEL MUNICIPIO DE SANTA ROSA DE CABAL– DEPARTAMENTO DE RISARALDA, | K3: LARGO | L3: ANCHO | M3: BASE | N3: SUB-BASE | O3: LARGO | P3: ANCHO PRO. | Q3: ANCHO TOTAL | R3: AFIRMA. | U3: Domiciliarias | V3: Camaras
H4: CARRERA 10 ENTRE CALLE 7 Y 8 | K4: 95 | L4: 7 | M4: 0.15 | N4: 0.25 | O4: =+K4 -> 95 | P4: 2.7 | Q4: =+P4+P4 -> 5.4 | R4: 0.1 | S4: =+L4+Q4 -> 12.4 | U4: 32 | V4: 3
A5: ÍTEM | B5: PARTIDAS DE PAGO | C5: UND | D5: CANT | E5: VR UNITARIO | F5: VR TOTAL
A6: 1 | B6: PRELIMINARES.
A7: 1.1 | B7: =+APUS!C82 -> Localización y replanteo para pavimentación de vías (3 líneas, 3 instancias) | C7: M2 | D7: =+(K4*S4) -> 1178 | E7: =APUS!O48 -> 4323 | F7: =D7*E7 -> 5092494 | H7: Datos para Exacación y Lleno
A8: 1.2 | B8: =+APUS!C90 -> Valla de identificación de obra área mayor a 4 m2, colocada en cerchas metálica, incluye mantenimiento durante la construcción | C8: M2 | D8: =8*1 -> 8 | E8: =APUS!O56 -> 212117 | F8: =D8*E8 -> 1696936 | I8: LARGO | J8: ANCHO | K8: PROF. EX | L8: PROF. LLEN.
A9: 1.3 | B9: Cerramiento provisional con guadua y tela de cerramiento h=2 m | C9: M | D9: =+(K4+L4)*2 -> 204 | E9: =APUS!O63 -> 7635 | F9: =D9*E9 -> 1557540 | H9: ALCANT. | I9: =K4 -> 95 | J9: 1.2 | K9: 2.5 | L9: 2
A10: 1.4 | B10: Pasacalles informativos, incluye mantenimiento durante la obra. | C10: M2 | D10: =10*1 -> 10 | E10: =APUS!O70 -> 126325.39 | F10: =D10*E10 -> 1263253.9 | H10: ACUEDUC. | I10: =+I9*2 -> 190 | J10: 0.3 | K10: 1.2 | L10: 1
A11: 1.5 | B11: Cubierta provisional en guadua y techo en plastico. | C11: M2 | D11: =+(K4*(L4+2)) -> 855 | E11: =APUS!O76 -> 30988.556 | F11: =D11*E11 -> 26495215 | H11: CAJEO | I11: =+I9 -> 95 | J11: =L4 -> 7 | K11: 0.5
A12: 2 | B12: DEMOLICIONES. | H12: ANDENES | I12: =+I9 -> 95 | J12: =+Q4 -> 5.4 | K12: 0.2
A13: 2.1 | B13: Demolición pavimento rigido | C13: M2 | D13: =+(K4*L4) -> 665 | E13: =APUS!O174 -> 13460 | F13: =D13*E13 -> 8950900
A14: 2.2 | B14: Demolicion de anden | C14: M2 | D14: =(O4*Q4) -> 513 | E14: =APUS!O181 -> 11907 | F14: =D14*E14 -> 6108291
A15: 2.3 | B15: Demolicion de sardinel | C15: M | D15: =(O4*2) -> 190 | E15: =APUS!O187 -> 0 | F15: =D15*E15 -> 0
A16: 2.4 | B16: Demolición cono cámara | C16: UNI | D16: =V4 -> 3 | E16: =APUS!O220 -> 112875 | F16: =D16*E16 -> 338625
A17: 2.5 | B17: Demolición cuerpo cámara | C17: ML | D17: =+D16*3 -> 9 | E17: =APUS!O225 -> 0 | F17: =D17*E17 -> 0
A18: 3 | B18: MOVIMIENTOS DE TIERRA.
A19: 3.1 | B19: Excavacion en material comun seco de 0-2 mts, manual | C19: M3 | D19: =+((I9*J9*K9)+(I10*J10*K10)+(I11*J11*K11)+(I12*J12*K12))*1.3 -> 1025.05 | E19: =APUS!O271 -> 30216 | F19: =D19*E19 -> 30972911
A20: 4 | B20: LLENOS.
A21: 4.1 | B21: Lleno compactado con material del sitio manual | C21: M3 | D21: =+(I9*J9*L9)+(I10*J10*L10) -> 285 | E21: =APUS!O429 -> 24599 | F21: =D21*E21 -> 7010715
A22: 4.2 | B22: Lleno compactado con afirmado manual, no incluye transporte | C22: M3 | D22: =+(O4*Q4*R4) -> 51.3 | E22: =APUS!O435 -> 59079 | F22: =D22*E22 -> 3030752.7
A23: 4.3 | B23: =+APUS!C550 -> Sub-base granular | C23: M3 | D23: =(K4*L4*N4) -> 166.25 | E23: =APUS!O443 -> 67717 | F23: =D23*E23 -> 11257951
A24: 4.4 | B24: =+APUS!#REF! -> #REF! | C24: M3 | D24: =(K4*L4*M4) -> 99.75 | E24: =APUS!O453 -> 75850 | F24: =D24*E24 -> 7566037.5
A25: 4.5 | B25: Transporte material > 40 Km (corte, sub-base, base, afirmado) | C25: M3-KM | D25: =+(D22+D23+D24)*21 -> 6663.3 | E25: =APUS!O535 -> 1833 | F25: =D25*E25 -> 12213829
A26: 4.6 | B26: =+'5.Calle 33 entre cra 12 y 12Bis'!B24 -> Lleno con arena para tubería (brecha de 0,60 m de ancho e = 0,1 m) | C26: M | D26: =+(I9*J9)+(I10*J10) -> 171 | E26: =APUS!O538 -> 9442 | F26: =D26*E26 -> 1614582
A27: 5 | B27: LABORES DE ALCANTARILLADO.
A28: 5.1 | B28: Tubería PVC de alcantarillado de pared estructural d = 6", exterior corrugado | C28: M | D28: =+(U4)*6 -> 192 | E28: =APUS!#REF! -> #REF! | F28: =D28*E28 -> #REF!
A29: 5.2 | B29: Tubería PVC de alcantarillado de pared estructural d = 12", exterior corrugado | C29: M | D29: =+I9+6 -> 101 | E29: =APUS!#REF! -> #REF! | F29: =D29*E29 -> #REF!
A30: 5.3 | B30: Silla Yee Pvc de pared estructural 315 X 160 | C30: UND | D30: =U4 -> 32 | E30: =APUS!O599 -> 207782.77 | F30: =D30*E30 -> 6649048.5
A31: 5.4 | B31: Base y cañuela para cámara de inspección d = 1,20 mts, en concreto de 20,7 Mpa | C31: UND | D31: =V4 -> 3 | E31: =APUS!O608 -> 427551 | F31: =D31*E31 -> 1282653
A32: 5.5 | B32: Cuerpo para cámara de inspección d = 1,20 m, en concreto de 20,7 Mpa, no incluye refuerzo | C32: M | D32: =+D17 -> 9 | E32: =APUS!O689 -> 521456 | F32: =D32*E32 -> 4693104
A33: 5.6 | B33: Empalme de tubería a pozo existente incluye demolición y emboquillada | C33: UND | D33: =+D31 -> 3 | E33: =APUS!O697 -> 0 | F33: =D33*E33 -> 0
A34: 5.7 | B34: =+APUS!#REF! -> #REF! | C34: M | D34: =+D28+D29 -> 293 | E34: =APUS!O731 -> 8202 | F34: =D34*E34 -> 2403186
A35: 5.8 | B35: =+'5.Calle 33 entre cra 12 y 12Bis'!B33 -> Tapa de seguridad en hierro dúctil EN124 Clase D400, tráfico vehicular pesado d=0.60 m | C35: UND | D35: =+D31 -> 3 | E35: =APUS!O737 -> 1513995 | F35: =D35*E35 -> 4541985
A36: 5.9 | B36: Manejo de aguas servidas, en teja de zinc o similar. | C36: M | D36: =+D34 -> 293 | E36: =APUS!O742 -> 22313.073 | F36: =D36*E36 -> 6537730.5
A37: 6 | B37: ESTRUCTURAS DE CONCRETO.
A38: 6.1 | B38: Caja de inspección de 0,80 x 0,80 x 0,80 m en concreto de 17,2 Mpa, tapa reforzada en concreto de 20,7 Mpa | C38: UND | D38: =U4 -> 32 | E38: =APUS!#REF! -> #REF! | F38: =D38*E38 -> #REF!
A39: 6.2 | B39: Sumidero doble en concreto de 20,7 Mpa, incluye reja doble con anticorrosivo | C39: UND | D39: =4*1 -> 4 | E39: =APUS!O1120 -> 300000 | F39: =D39*E39 -> 1200000
A40: 7 | B40: ACEROS.
A41: 7.1 | B41: Acero Fy = 60.000 psi d>1/4" | C41: KG | D41: =760*D31 -> 2280 | E41: =APUS!O1200 -> 1 | F41: =D41*E41 -> 2280
A42: 8 | B42: OBRAS FINALES - REPARACIONES Y ACOMETIDAS ACUEDUCTO.
A43: 8.1 | B43: Acometida Domiciliaria de 1/2" tubería PF + UAD, L = 2 m | C43: UND | D43: =+D38 -> 32 | E43: =APUS!O1208 -> 0 | F43: =D43*E43 -> 0
A44: 8.2 | B44: =+APUS!C1254 -> Tubería PVC unión platino de 3" | C44: M | D44: =+I10 -> 190 | E44: =APUS!O1219 -> 0 | F44: =D44*E44 -> 0
A45: 8.3 | B45: Punto hidráulico PVC de 3" L prom = 3 m | C45: unida | D45: =6*1 -> 6 | E45: =APUS!O1225 -> 0 | F45: =E45*D45 -> 0
A46: 8.4 | B46: Suministro e instalacion de caja para medidor en plastico extrafuerte, con tapa en hierro ductil. | C46: UND | D46: =+D43 -> 32 | E46: =APUS!O1235 -> 1 | F46: =D46*E46 -> 32
A47: 8.5 | B47: Hidrante tipo Milán de 3" extremo brida, incluye válvula sello de bronce y kit de nivelación | C47: UNI | D47: 1 | E47: =APUS!O1240 -> TOTAL 3 | F47: =D47*E47 -> #VALUE!
A48: 9 | B48: PAVIMENTO.
A49: 9.1 | B49: Pavimento en concreto M.R.= 4,1 Mpa premezclado, e = 0.175 m, incluye refuerzo, corte con disco y sello de juntas | C49: M2 | D49: =+(K4*L4)+150 -> 815 | E49: =APUS!O1257 -> 72098 | F49: =D49*E49 -> 58759870
A50: 10 | B50: ANDENES.
A51: 10.1 | B51: =+APUS!C1308 -> Anden en concreto de 20,7 Mpa (3000 PSI) e = 0,10 m | C51: M2 | D51: =(O4*Q4) -> 513 | E51: =APUS!O1273 -> 0 | F51: =D51*E51 -> 0
A52: 10.2 | B52: Sardinel en concreto de 20,7 Mpa 0,03 m3/ml, incluye refuerzo, sobre placa | C52: M | D52: =+D15 -> 190 | E52: =APUS!O1283 | F52: =D52*E52 -> #VALUE!
A53: 11 | B53: SEÑALIZACION.
A54: 11.1 | B54: =+APUS!C1348 -> Señal vertical de transito tipo SP, SR de 75 x 75 con lámina retroreflectiva tipo diamante | C54: UND | D54: =3*1 -> 3 | E54: =APUS!O1313 -> 0 | F54: =D54*E54 -> 0
A55: 11.2 | B55: Aplicación de pintura "Zona Paso Peatonal (CEBRA)" | C55: UND | D55: =2*1 -> 2 | E55: =APUS!O1321 -> 0 | F55: =D55*E55 -> 0
A56: 11.3 | B56: =+APUS!C1361 -> Líneas de demarcación vial pintura en frío | C56: M | D56: =+K4*3 -> 285 | E56: =APUS!O1326 -> 0 | F56: =D56*E56 -> 0
A57: 22 | B57: RETIROS
A58: 22.2 | B58: Retiro de material sobrante cargue mecánico | C58: M3 | D58: =+(D13*0.18)+(D14*0.07)+(D15*0.15*0.15)+(D16*0.2)+(D17*0.2)+(D19*5%) -> 213.5375 | E58: =+APUS!O1884 -> 0 | F58: =D58*E58 -> 0
B59: COSTO DIRECTO DE OBRA | F59: =SUM(F6:F58) -> #REF!
B60: Administración | E60: 0.275 | F60: =F59*E60 -> #REF!
B61: Utilidad | E61: 0.05 | F61: =F59*E61 -> #REF!
B62: COSTO TOTAL DE OBRA | F62: =SUM(F59:F61) -> #REF!
A64: COSTO DE LA INTERVENTORIA | E64: 0.08 | F64: =F62*E64 -> #REF!
A66: COSTO FINAL DEL PROYECTO | F66: =F62+F64 -> #REF! | H66: 5.0473069e+08
H67: =F66-H66 -> #REF!
A70: Elaboró: | B70: Ing. ANA SOFIA LOPEZ ARANGO | C70: Aprobo: | D70: JOHN HAROL GIRALDO CASTAÑO
B71: Mat. Profesional 66202-241076 RIS | D71: Cargo: Sub. Secretario de Obras Públicas
B72: Contratista Secretaria de Infraestructura | D72: Mat. Profesional. 66202-313953 RIS

Sheet 7.CALLE 26 ENTRE CRA 14 Y 15
A1: CONDICIONES ORIGINALES | H1: PAVIMENTACIÓN DE VIAS
H2: DIRECCION | K2: VIA | O2: ANDEN | S2: ANCHO TOTAL
A3: REPOSICION DE REDES EXISTENTES DE ACUEDUCTO Y ALCANTARILLADO Y CAMBIO DE PAVIMENTO ASFALTICO A RIGIDO, ANDENES DE LA CALLE 26 ENTRE CARRERA 14 Y 15, DEL MUNICIPIO DE SANTA ROSA DE CABAL– DEPARTAMENTO DE RISARALDA, | K3: LARGO | L3: ANCHO | M3: BASE | N3: SUB-BASE | O3: LARGO | P3: ANCHO PRO. | Q3: ANCHO TOTAL | R3: AFIRMA. | U3: Domiciliarias | V3: Camaras
H4: CALLE 26 ENTRE CARRERA 14 Y 15 | K4: 92 | L4: 7 | M4: 0.15 | N4: 0.25 | O4: =+K4 -> 92 | P4: 3.1 | Q4: =+P4+P4 -> 6.2 | R4: 0.1 | S4: =+L4+Q4 -> 13.2 | U4: 17 | V4: 2
A5: ÍTEM | B5: PARTIDAS DE PAGO | C5: UND | D5: CANT | E5: VR UNITARIO | F5: VR TOTAL
A6: 1 | B6: PRELIMINARES.
A7: 1.1 | B7: =+APUS!C82 -> Localización y replanteo para pavimentación de vías (3 líneas, 3 instancias) | C7: M2 | D7: =+(K4*S4) -> 1214.4 | E7: =APUS!O48 -> 4323 | F7: =D7*E7 -> 5249851.2 | H7: Datos para Exacación y Lleno
A8: 1.2 | B8: =+APUS!C90 -> Valla de identificación de obra área mayor a 4 m2, colocada en cerchas metálica, incluye mantenimiento durante la construcción | C8: M2 | D8: =8*1 -> 8 | E8: =APUS!O56 -> 212117 | F8: =D8*E8 -> 1696936 | I8: LARGO | J8: ANCHO | K8: PROF. EX | L8: PROF. LLEN.
A9: 1.3 | B9: Cerramiento provisional con guadua y tela de cerramiento h=2 m | C9: M | D9: =+(K4+L4)*2 -> 198 | E9: =APUS!O63 -> 7635 | F9: =D9*E9 -> 1511730 | H9: ALCANT. | I9: =K4 -> 92 | J9: 1.2 | K9: 2.5 | L9: 2
A10: 1.4 | B10: Pasacalles informativos, incluye mantenimiento durante la obra. | C10: M2 | D10: =10*1 -> 10 | E10: =APUS!O70 -> 126325.39 | F10: =D10*E10 -> 1263253.9 | H10: ACUEDUC. | I10: =+I9*2 -> 184 | J10: 0.3 | K10: 1.2 | L10: 1
A11: 1.5 | B11: Cubierta provisional en guadua y techo en plastico. | C11: M2 | D11: =+(K4*(L4+2)) -> 828 | E11: =APUS!O76 -> 30988.556 | F11: =D11*E11 -> 25658524 | H11: CAJEO | I11: =+I9 -> 92 | J11: =L4 -> 7 | K11: 0.5
A12: 2 | B12: DEMOLICIONES. | H12: ANDENES | I12: =+I9 -> 92 | J12: =+Q4 -> 6.2 | K12: 0.2
A13: 2.1 | B13: Demolición pavimento rigido | C13: M2 | D13: =+(K4*L4) -> 644 | E13: =APUS!O174 -> 13460 | F13: =D13*E13 -> 8668240
A14: 2.2 | B14: Demolicion de anden | C14: M2 | D14: =(O4*Q4) -> 570.4 | E14: =APUS!O181 -> 11907 | F14: =D14*E14 -> 6791752.8
A15: 2.3 | B15: Demolicion de sardinel | C15: M | D15: =(O4*2) -> 184 | E15: =APUS!O187 -> 0 | F15: =D15*E15 -> 0
A16: 2.4 | B16: Demolición cono cámara | C16: UNI | D16: =V4 -> 2 | E16: =APUS!O220 -> 112875 | F16: =D16*E16 -> 225750
A17: 2.5 | B17: Demolición cuerpo cámara | C17: ML | D17: =+D16*3 -> 6 | E17: =APUS!O225 -> 0 | F17: =D17*E17 -> 0
A18: 3 | B18: MOVIMIENTOS DE TIERRA.
A19: 3.1 | B19: Excavacion en material comun seco de 0-2 mts, manual | C19: M3 | D19: =+((I9*J9*K9)+(I10*J10*K10)+(I11*J11*K11)+(I12*J12*K12))*1.3 -> 1011.816 | E19: =APUS!O271 -> 30216 | F19: =D19*E19 -> 30573032
A20: 4 | B20: LLENOS.
A21: 4.1 | B21: Lleno compactado con material del sitio manual | C21: M3 | D21: =+(I9*J9*L9)+(I10*J10*L10) -> 276 | E21: =APUS!O429 -> 24599 | F21: =D21*E21 -> 6789324
A22: 4.2 | B22: Lleno compactado con afirmado manual, no incluye transporte | C22: M3 | D22: =+(O4*Q4*R4) -> 57.04 | E22: =APUS!O435 -> 59079 | F22: =D22*E22 -> 3369866.2
A23: 4.3 | B23: =+APUS!C550 -> Sub-base granular | C23: M3 | D23: =(K4*L4*N4) -> 161 | E23: =APUS!O443 -> 67717 | F23: =D23*E23 -> 10902437
A24: 4.4 | B24: =+APUS!#REF! -> #REF! | C24: M3 | D24: =(K4*L4*M4) -> 96.6 | E24: =APUS!O453 -> 75850 | F24: =D24*E24 -> 7327110
A25: 4.5 | B25: Transporte material > 40 Km (corte, sub-base, base, afirmado) | C25: M3-KM | D25: =+(D22+D23+D24)*21 -> 6607.44 | E25: =APUS!O535 -> 1833 | F25: =D25*E25 -> 12111438
A26: 4.6 | B26: =+'6.CARRERA 10 ENTRE CALLE 7 Y 8'!B26 -> Lleno con arena para tubería (brecha de 0,60 m de ancho e = 0,1 m) | C26: M | D26: =+(I9*J9)+(I10*J10) -> 165.6 | E26: =APUS!O538 -> 9442 | F26: =D26*E26 -> 1563595.2
A27: 5 | B27: LABORES DE ALCANTARILLADO.
A28: 5.1 | B28: Tubería PVC de alcantarillado de pared estructural d = 6", exterior corrugado | C28: M | D28: =+(U4)*6 -> 102 | E28: =APUS!#REF! -> #REF! | F28: =D28*E28 -> #REF!
A29: 5.2 | B29: Tubería PVC de alcantarillado de pared estructural d = 12", exterior corrugado | C29: M | D29: =+I9+6 -> 98 | E29: =APUS!#REF! -> #REF! | F29: =D29*E29 -> #REF!
A30: 5.3 | B30: Silla Yee Pvc de pared estructural 315 X 160 | C30: UND | D30: =U4 -> 17 | E30: =APUS!O599 -> 207782.77 | F30: =D30*E30 -> 3532307
A31: 5.4 | B31: Base y cañuela para cámara de inspección d = 1,20 mts, en concreto de 20,7 Mpa | C31: UND | D31: =V4 -> 2 | E31: =APUS!O608 -> 427551 | F31: =D31*E31 -> 855102
A32: 5.5 | B32: Cuerpo para cámara de inspección d = 1,20 m, en concreto de 20,7 Mpa, no incluye refuerzo | C32: M | D32: =+D17 -> 6 | E32: =APUS!O689 -> 521456 | F32: =D32*E32 -> 3128736
A33: 5.6 | B33: Empalme de tubería a pozo existente incluye demolición y emboquillada | C33: UND | D33: =+D31 -> 2 | E33: =APUS!O697 -> 0 | F33: =D33*E33 -> 0
A34: 5.7 | B34: =+APUS!#REF! -> #REF! | C34: M | D34: =+D28+D29 -> 200 | E34: =APUS!O731 -> 8202 | F34: =D34*E34 -> 1640400
A35: 5.8 | B35: =+'6.CARRERA 10 ENTRE CALLE 7 Y 8'!B35 -> Tapa de seguridad en hierro dúctil EN124 Clase D400, tráfico vehicular pesado d=0.60 m | C35: UND | D35: =+D31 -> 2 | E35: =APUS!O737 -> 1513995 | F35: =D35*E35 -> 3027990
A36: 5.9 | B36: Manejo de aguas servidas, en teja de zinc o similar. | C36: M | D36: =+D34 -> 200 | E36: =APUS!O742 -> 22313.073 | F36: =D36*E36 -> 4462614.6
A37: 6 | B37: ESTRUCTURAS DE CONCRETO.
A38: 6.1 | B38: Caja de inspección de 0,80 x 0,80 x 0,80 m en concreto de 17,2 Mpa, tapa reforzada en concreto de 20,7 Mpa | C38: UND | D38: =U4 -> 17 | E38: =APUS!#REF! -> #REF! | F38: =D38*E38 -> #REF!
A39: 6.2 | B39: Sumidero doble en concreto de 20,7 Mpa, incluye reja doble con anticorrosivo | C39: UND | D39: =4*1 -> 4 | E39: =APUS!O1120 -> 300000 | F39: =D39*E39 -> 1200000
A40: 7 | B40: ACEROS.
A41: 7.1 | B41: Acero Fy = 60.000 psi d>1/4" | C41: KG | D41: =760*D31 -> 1520 | E41: =APUS!O1200 -> 1 | F41: =D41*E41 -> 1520
A42: 8 | B42: OBRAS FINALES - REPARACIONES Y ACOMETIDAS ACUEDUCTO.
A43: 8.1 | B43: Acometida Domiciliaria de 1/2" tubería PF + UAD, L = 2 m | C43: UND | D43: =+D38 -> 17 | E43: =APUS!O1208 -> 0 | F43: =D43*E43 -> 0
A44: 8.2 | B44: =+APUS!C1254 -> Tubería PVC unión platino de 3" | C44: M | D44: =+I10 -> 184 | E44: =APUS!O1219 -> 0 | F44: =D44*E44 -> 0
A45: 8.3 | B45: Punto hidráulico PVC de 3" L prom = 3 m | C45: unida | D45: =6*1 -> 6 | E45: =APUS!O1225 -> 0 | F45: =E45*D45 -> 0
A46: 8.4 | B46: Suministro e instalacion de caja para medidor en plastico extrafuerte, con tapa en hierro ductil. | C46: UND | D46: =+D43 -> 17 | E46: =APUS!O1235 -> 1 | F46: =D46*E46 -> 17
A47: 8.5 | B47: Hidrante tipo Milán de 3" extremo brida, incluye válvula sello de bronce y kit de nivelación | C47: UNI | D47: 1 | E47: =APUS!O1240 -> TOTAL 3 | F47: =D47*E47 -> #VALUE!
A48: 9 | B48: PAVIMENTO.
A49: 9.1 | B49: Pavimento en concreto M.R.= 4,1 Mpa premezclado, e = 0.175 m, incluye refuerzo, corte con disco y sello de juntas | C49: M2 | D49: =+(K4*L4)+150 -> 794 | E49: =APUS!O1257 -> 72098 | F49: =D49*E49 -> 57245812
A50: 10 | B50: ANDENES.
A51: 10.1 | B51: =+APUS!C1308 -> Anden en concreto de 20,7 Mpa (3000 PSI) e = 0,10 m | C51: M2 | D51: =(O4*Q4) -> 570.4 | E51: =APUS!O1273 -> 0 | F51: =D51*E51 -> 0
A52: 10.2 | B52: Sardinel en concreto de 20,7 Mpa 0,03 m3/ml, incluye refuerzo, sobre placa | C52: M | D52: =+D15 -> 184 | E52: =APUS!O1283 | F52: =D52*E52 -> #VALUE!
A53: 11 | B53: SEÑALIZACION.
A54: 11.1 | B54: =+APUS!C1348 -> Señal vertical de transito tipo SP, SR de 75 x 75 con lámina retroreflectiva tipo diamante | C54: UND | D54: =3*1 -> 3 | E54: =APUS!O1313 -> 0 | F54: =D54*E54 -> 0
A55: 11.2 | B55: Aplicación de pintura "Zona Paso Peatonal (CEBRA)" | C55: UND | D55: =2*1 -> 2 | E55: =APUS!O1321 -> 0 | F55: =D55*E55 -> 0
A56: 11.3 | B56: =+APUS!C1361 -> Líneas de demarcación vial pintura en frío | C56: M | D56: =+K4*3 -> 276 | E56: =APUS!O1326 -> 0 | F56: =D56*E56 -> 0
A57: 22 | B57: RETIROS
A58: 22.2 | B58: Retiro de material sobrante cargue mecánico | C58: M3 | D58: =+(D13*0.18)+(D14*0.07)+(D15*0.15*0.15)+(D16*0.2)+(D17*0.2)+(D19*5%) -> 212.1788 | E58: =+APUS!O1884 -> 0 | F58: =D58*E58 -> 0
B59: COSTO DIRECTO DE OBRA | F59: =SUM(F6:F58) -> #REF!
B60: Administración | E60: 0.275 | F60: =F59*E60 -> #REF!
B61: Utilidad | E61: 0.05 | F61: =F59*E61 -> #REF!
B62: COSTO TOTAL DE OBRA | F62: =SUM(F59:F61) -> #REF!
A64: COSTO DE LA INTERVENTORIA | E64: 0.08 | F64: =F62*E64 -> #REF!
A66: COSTO FINAL DEL PROYECTO | F66: =F62+F64 -> #REF! | H66: 4.6781181e+08
H67: =F66-H66 -> #REF!
A70: Elaboró: | B70: Ing. ANA SOFIA LOPEZ ARANGO | C70: Aprobo: | D70: JOHN HAROL GIRALDO CASTAÑO
B71: Mat. Profesional 66202-241076 RIS | D71: Cargo: Sub. Secretario de Obras Públicas
B72: Contratista Secretaria de Infraestructura | D72: Mat. Profesional. 66202-313953 RIS

Sheet 8.CALLE 13 ENTRE 13 Y 14
A1: CONDICIONES ORIGINALES | I1: MEDIDAS VIALES TOTALES
I2: VIA | M2: ANDEN | P2: ANCHO TOTAL
A3: REPOSICION DE REDES EXISTENTES DE ACUEDUCTO Y ALCANTARILLADO Y CAMBIO DE PAVIMENTO ASFALTICO A RIGIDO, ANDENES DE LA CALLES 13 ENTRE CARRERAS 13 Y 14, DEL MUNICIPIO DE SANTA ROSA DE CABAL– DEPARTAMENTO DE RISARALDA, | I3: LARGO | J3: ANCHO | K3: BASE | L3: SUB-BASE | M3: LARGO | N3: ANCHO | O3: AFIRMA.
I4: 90 | J4: 6.05 | K4: 0.15 | L4: 0.25 | M4: =+I4 -> 90 | N4: =+L15+N15 -> 5.5 | O4: 0.1 | P4: =+J4+N4 -> 11.55
A5: ÍTEM | B5: PARTIDAS DE PAGO | C5: UND | D5: CANT | E5: VR UNITARIO | F5: VR TOTAL
A6: 1 | B6: PRELIMINARES. | I6: Datos para Exacación y Lleno
A7: 1.1 | B7: =+[266]APUS!C3 -> Localización y replanteo para pavimentación de vías (3 líneas, 3 instancias) | C7: M2 | D7: =+I4*P4 -> 1039.5 | E7: =APUS!O48 -> 4323 | F7: =D7*E7 -> 4493758.5 | J7: LARGO | K7: ANCHO | L7: PROF. EX | M7: PROF. LLEN.
A8: 1.2 | B8: =+[266]APUS!C11 -> Valla de identificación de obra área mayor a 4 m2, colocada en cerchas metálica, incluye mantenimiento durante la construcción | C8: M2 | D8: 8 | E8: =APUS!O56 -> 212117 | F8: =D8*E8 -> 1696936 | I8: ALCANT. | J8: =+I4 -> 90 | K8: 1.2 | L8: 2.5 | M8: 2
A9: 1.3 | B9: Cerramiento provisional con guadua y tela de cerramiento h=2 m | C9: M | D9: =+(I4*2)+(J4*2) -> 192.1 | E9: =APUS!O63 -> 7635 | F9: =D9*E9 -> 1466683.5 | I9: ACUEDUC. | J9: =+J8*2 -> 180 | K9: 0.3 | L9: 1.2 | M9: 1
A10: 1.4 | B10: Pasacalles informativos, incluye mantenimiento durante la obra. | C10: M2 | D10: 10 | E10: =APUS!O70 -> 126325.39 | F10: =D10*E10 -> 1263253.9 | I10: CAJEO | J10: =+J8 -> 90 | K10: =+J4 -> 6.05 | L10: 0.5
A11: 1.5 | B11: Cubierta provisional en guadua y techo en plastico. | C11: M2 | D11: =+I4*8 -> 720 | E11: =APUS!O76 -> 30988.556 | F11: =D11*E11 -> 22311760 | I11: ANDENES | J11: =+M4 -> 90 | K11: =+N4 -> 5.5 | L11: 0.2
A12: 2 | B12: DEMOLICIONES.
A13: 2.1 | B13: Demolición pavimento rigido | C13: M2 | D13: =(+I4*J4) -> 544.5 | E13: =APUS!O174 -> 13460 | F13: =D13*E13 -> 7328970
A14: 2.2 | B14: Demolicion de anden | C14: M2 | D14: =+M4*N4 -> 495 | E14: =APUS!O181 -> 11907 | F14: =D14*E14 -> 5893965 | I14: DIRECCION | L14: ANDEN INZ. | M14: VIA | N14: ANDEN DER. | O14: Domiciliarias | P14: Camaras
A15: 2.3 | B15: Demolicion de sardinel | C15: M | D15: =+M4*2 -> 180 | E15: =APUS!O187 -> 0 | F15: =D15*E15 -> 0 | I15: CALLES 13 ENTRE CARRERAS 12 Y 14 | L15: 2.5 | M15: 6.05 | N15: 3 | O15: 37 | P15: 2
A16: 2.4 | B16: Demolición cono cámara | C16: UNI | D16: =+P15 -> 2 | E16: =APUS!O220 -> 112875 | F16: =D16*E16 -> 225750
A17: 2.5 | B17: Demolición cuerpo cámara | C17: ML | D17: =+D16*3 -> 6 | E17: =APUS!O225 -> 0 | F17: =D17*E17 -> 0
A18: 3 | B18: MOVIMIENTOS DE TIERRA.
A19: 3.1 | B19: Excavacion en material comun seco de 0-2 mts, manual | C19: M3 | D19: 1100.1 | E19: =APUS!O271 -> 30216 | F19: =D19*E19 -> 33240622
A20: 4 | B20: LLENOS. | I20: PROMEDIO | L20: =+AVERAGE(L15:L19) -> 2.5 | M20: =+AVERAGE(M15:M19) -> 6.05 | N20: =+AVERAGE(N15:N19) -> 3 | O20: =+SUM(O15:O19) -> 37
A21: 4.1 | B21: Lleno compactado con material del sitio manual | C21: M3 | D21: =+(J8*K8*M8)+(J9*K9*M9) -> 270 | E21: =APUS!O429 -> 24599 | F21: =D21*E21 -> 6641730
A22: 4.2 | B22: Lleno compactado con afirmado manual, no incluye transporte | C22: M3 | D22: =+(M4*N4*O4) -> 49.5 | E22: =APUS!O435 -> 59079 | F22: =D22*E22 -> 2924410.5
A23: 4.3 | B23: =+[266]APUS!C85 -> Sub-base granular | C23: M3 | D23: =+I4*J4*L4 -> 136.125 | E23: =APUS!O443 -> 67717 | F23: =D23*E23 -> 9217976.6
A24: 4.4 | B24: =+[266]APUS!C96 -> Base granular | C24: M3 | D24: =+I4*J4*K4 -> 81.675 | E24: =APUS!O453 -> 75850 | F24: =D24*E24 -> 6195048.8
A25: 4.5 | B25: Transporte material > 40 Km (corte, sub-base, base, afirmado) | C25: M3-KM | D25: =+(D22+D23+D24)*21 -> 5613.3 | E25: =APUS!O535 -> 1833 | F25: =D25*E25 -> 10289179
A26: 4.6 | B26: =+'7.CALLE 26 ENTRE CRA 14 Y 15'!B26 -> Lleno con arena para tubería (brecha de 0,60 m de ancho e = 0,1 m) | C26: M | D26: =+(J8*K8)+(J9*K9) -> 162 | E26: =APUS!O538 -> 9442 | F26: =D26*E26 -> 1529604
A27: 5 | B27: LABORES DE ALCANTARILLADO.
A28: 5.1 | B28: Tubería PVC de alcantarillado de pared estructural d = 6", exterior corrugado | C28: M | D28: =+O20*6 -> 222 | E28: =APUS!#REF! -> #REF! | F28: =D28*E28 -> #REF!
A29: 5.2 | B29: Tubería PVC de alcantarillado de pared estructural d = 12", exterior corrugado | C29: M | D29: =+J8+6 -> 96 | E29: =APUS!#REF! -> #REF! | F29: =D29*E29 -> #REF!
A30: 5.3 | B30: Silla Yee Pvc de pared estructural 315 X 160 | C30: UND | D30: =+O20 -> 37 | E30: =APUS!O599 -> 207782.77 | F30: =D30*E30 -> 7687962.4
A31: 5.4 | B31: Base y cañuela para cámara de inspección d = 1,20 mts, en concreto de 20,7 Mpa | C31: UND | D31: =+P15 -> 2 | E31: =APUS!O608 -> 427551 | F31: =D31*E31 -> 855102
A32: 5.5 | B32: Cuerpo para cámara de inspección d = 1,20 m, en concreto de 20,7 Mpa, no incluye refuerzo | C32: M | D32: =+D17 -> 6 | E32: =APUS!O689 -> 521456 | F32: =D32*E32 -> 3128736
A33: 5.6 | B33: Empalme de tubería a pozo existente incluye demolición y emboquillada | C33: UND | D33: =+D31 -> 2 | E33: =APUS!O697 -> 0 | F33: =D33*E33 -> 0
A34: 5.7 | B34: =+[266]APUS!C153 -> Desmonte de tubería de alcantarillado hasta 12" | C34: M | D34: =+D28+D29 -> 318 | E34: =APUS!O731 -> 8202 | F34: =D34*E34 -> 2608236
A35: 5.8 | B35: =+'7.CALLE 26 ENTRE CRA 14 Y 15'!B35 -> Tapa de seguridad en hierro dúctil EN124 Clase D400, tráfico vehicular pesado d=0.60 m | C35: UND | D35: =+D31 -> 2 | E35: =APUS!O737 -> 1513995 | F35: =D35*E35 -> 3027990
A36: 5.9 | B36: Manejo de aguas servidas, en teja de zinc o similar. | C36: M | D36: =+D34 -> 318 | E36: =APUS!O742 -> 22313.073 | F36: =D36*E36 -> 7095557.3
A37: 6 | B37: ESTRUCTURAS DE CONCRETO.
A38: 6.1 | B38: Caja de inspección de 0,80 x 0,80 x 0,80 m en concreto de 17,2 Mpa, tapa reforzada en concreto de 20,7 Mpa | C38: UND | D38: =+O20 -> 37 | E38: =APUS!#REF! -> #REF! | F38: =D38*E38 -> #REF!
A39: 6.2 | B39: Sumidero doble en concreto de 20,7 Mpa, incluye reja doble con anticorrosivo | C39: UND | D39: 4 | E39: =APUS!O1120 -> 300000 | F39: =D39*E39 -> 1200000
A40: 7 | B40: ACEROS.
A41: 7.1 | B41: Acero Fy = 60.000 psi d>1/4" | C41: KG | D41: =760*D31 -> 1520 | E41: =APUS!O1200 -> 1 | F41: =D41*E41 -> 1520
A42: 8 | B42: OBRAS FINALES - REPARACIONES Y ACOMETIDAS ACUEDUCTO.
A43: 8.1 | B43: Acometida Domiciliaria de 1/2" tubería PF + UAD, L = 2 m | C43: UND | D43: =+O20 -> 37 | E43: =APUS!O1208 -> 0 | F43: =D43*E43 -> 0
A44: 8.2 | B44: =+[266]APUS!C213 -> Tubería PVC unión platino de 3" | C44: M | D44: =+J9 -> 180 | E44: =APUS!O1219 -> 0 | F44: =D44*E44 -> 0
A45: 8.3 | B45: Punto hidráulico PVC de 3" L prom = 3 m | C45: unida | D45: 6 | E45: =APUS!O1225 -> 0 | F45: =E45*D45 -> 0
A46: 8.4 | B46: Suministro e instalacion de caja para medidor en plastico extrafuerte, con tapa en hierro ductil. | C46: UND | D46: =+D43 -> 37 | E46: =APUS!O1235 -> 1 | F46: =D46*E46 -> 37
A47: 8.5 | B47: Hidrante tipo Milán de 3" extremo brida, incluye válvula sello de bronce y kit de nivelación | C47: UNI | D47: 1 | E47: =APUS!O1240 -> TOTAL 3 | F47: =D47*E47 -> #VALUE!
A48: 9 | B48: PAVIMENTO.
A49: 9.1 | B49: Pavimento en concreto M.R.= 4,1 Mpa premezclado, e = 0.175 m, incluye refuerzo, corte con disco y sello de juntas | C49: M2 | D49: =+(I4*J4)+150 -> 694.5 | E49: =APUS!O1257 -> 72098 | F49: =D49*E49 -> 50072061
A50: 10 | B50: ANDENES.
A51: 10.2 | B51: Sardinel en concreto de 20,7 Mpa 0,03 m3/ml, incluye refuerzo, sobre placa | C51: M | D51: =+M4*2 -> 180 | E51: =APUS!O1283 | F51: =D51*E51 -> #VALUE!
A52: 10.3 | B52: Anden en concreto estampado color | C52: M2 | D52: =+M4*N4 -> 495 | E52: =APUS!O1295 -> 0 | F52: =D52*E52 -> 0
A53: 11 | B53: SEÑALIZACION.
A54: 11.1 | B54: =+[266]APUS!C391 -> Señal vertical de transito tipo SP, SR de 75 x 75 con lámina retroreflectiva tipo diamante | C54: UND | D54: 3 | E54: =APUS!O1313 -> 0 | F54: =D54*E54 -> 0
A55: 11.2 | B55: Aplicación de pintura "Zona Paso Peatonal (CEBRA)" | C55: UND | D55: 2 | E55: =APUS!O1321 -> 0 | F55: =D55*E55 -> 0
A56: 11.3 | B56: =+[266]APUS!C404 -> Líneas de demarcación vial pintura en frío | C56: M | D56: =+I4*3 -> 270 | E56: =APUS!O1326 -> 0 | F56: =D56*E56 -> 0
A57: 12 | B57: ALUMBRADO PLUBLICO
A58: 12.1 | B58: =+[267]APUS!C230 -> Caja de inspección para instalación eléctrica, de 0,30 x 0,30 x 0,50 m en concreto de 17,2 Mpa (2500 psi), tapa reforzada en concreto de 20,7 Mpa (3.000 psi), sin base | C58: UNI | D58: 7 | E58: =APUS!O1345 -> 0 | F58: =D58*E58 -> 0
A59: 12.2 | B59: Suministro e instalacion de luminarias - led spring sylvania o similar 66w /220 V, incluye 3,5 Mts, de cable encauchetado 3 x 12 THHN y 3 conectores tipo Gel para conexión subterranea | C59: UND | D59: 5 | E59: =APUS!O1357 -> 0 | F59: =E59*D59 -> 0
A60: 12.3 | B60: =+[267]APUS!C251 -> Pedestal rectangular para soportar estructura metálica o de madera en concreto de 20,7 Mpa (3000 PSI) h = 1,00 m, base de 0,40 x 0,40 m, incluye refuerzo | C60: UND | D60: =+D59 -> 5 | E60: =APUS!O1366 -> 0 | F60: =E60*D60 -> 0
A61: 12.4 | B61: Mastil de 3.5 m, tipo colonial de acuerdo a diseño e indicaciones, certificado RETILAP. | C61: UND | D61: =+D60 -> 5 | E61: =APUS!O1376 -> 0 | F61: =E61*D61 -> 0
A62: 12.5 | B62: Suministro e instalación de ductos pvc conduit liso, (2 x 2"), inluye excavación y lleno | C62: ML | D62: 90 | E62: =APUS!O1381 -> 0 | F62: =E62*D62 -> 0
A63: 12.6 | B63: Suministro e instalación de cableado alimentación subterranea de luminarios en 2F # 6 THHN + 1T # 6THHN serie 8000 | C63: ML | D63: 120 | E63: =APUS!O1388 -> 0 | F63: =E63*D63 -> 0
A64: 12.7 | B64: Sistemas de puesta a tierra en varilla de cobre 2,4 m x 5/8" cobre (cada 4 luminarias), incluye soldadura exotermica de 130 gr tipo Cadwell o similar | C64: UND | D64: 1 | E64: =APUS!O1395 -> 0 | F64: =E64*D64 -> 0
A65: 12.8 | B65: Suministro e instalación de fotocontroles de 1 KW, incluye caja tipo interperie contactor de 40 A y rele de protección y fotecelda certificada. | C65: UND | D65: 1 | E65: =APUS!O1402 -> 0 | F65: =E65*D65 -> 0
A66: 12.9 | B66: Enlace de puesta a tierra desde conector tipo gel soterraneo a base de mastil, calibre 12 AWG code | C66: ML | D66: 5 | E66: =APUS!O1407 -> 0 | F66: =E66*D66 -> 0
A67: 12.10 | B67: Suministro e instalación de alimentador afloramiento de alimentacion de luminarias 3 No 4 AWG THHN Serie 8000, Ducto IMC +PVC de Diam 2". | C67: Un | D67: 2 | E67: =APUS!O1412 -> 0 | F67: =E67*D67 -> 0
A68: 13 | B68: REDES DE COMUNICACIONES (SOLO ENTUBADO)
A69: 13.1 | B69: Cámara de inspección de comunicaciones de 0.8m x 0.8m 1.0m, en concreto de 20,7 Mpa, tapa y marco en ángulo metálico de 1 1/2" x1 1/2" Norma CHEC | C69: Un | D69: 9 | E69: =APUS!O1516 -> 0 | F69: =+D69*E69 -> 0
A70: 13.2 | B70: Suministro e instalación de ductos pvc conduit liso, (3 x 3"), inluye excavación y lleno | C70: Ml | D70: 165 | E70: =APUS!O1527 -> 0 | F70: =+D70*E70 -> 0
A71: 13.3 | B71: Afloramiento de red de comunicaciones ducto IMC de 2x3" incluye accesorios de fijación y curva PVC de 3" y marquillado franja azul 10 cms. | C71: Un | D71: 4 | E71: =APUS!O1536 -> 0 | F71: =+D71*E71 -> 0
A72: 13.4 | B72: Afloramiento de red de comunicaciones ducto IMC de 1x2" a fachadas locales incluye accesorios de fijación y curva PVC de 3" y marquillado franja azul 10 cms. | C72: Un | D72: 9 | E72: =APUS!O1545 -> 0 | F72: =+D72*E72 -> 0
A73: 22 | B73: RETIROS
A74: 22.2 | B74: Retiro de material sobrante cargue mecánico | C74: M3 | D74: =+(D13*0.18)+(D14*0.07)+(D15*0.15*0.15)+(D16*0.2)+(D17*0.2)+(D19*5%) -> 193.315 | E74: =+APUS!O1884 -> 0 | F74: =D74*E74 -> 0
B75: COSTO DIRECTO DE OBRA | F75: =SUM(F6:F74) -> #REF!
B76: Administración | E76: 0.275 | F76: =F75*E76 -> #REF!
B77: Utilidad | E77: 0.05 | F77: =F75*E77 -> #REF!
B78: COSTO TOTAL DE OBRA | F78: =SUM(F75:F77) -> #REF!
A80: COSTO DE LA INTERVENTORIA | E80: 0.08 | F80: =F78*E80 -> #REF!
A82: COSTO FINAL DEL PROYECTO | F82: =F78+F80 -> #REF! | H82: 8.2385267e+08
H83: =F82-H82 -> #REF!
A86: Elaboró: | B86: Ing. ANA SOFIA LOPEZ ARANGO | C86: Aprobo: | D86: JOHN HAROL GIRALDO CASTAÑO
B87: Mat. Profesional 66202-241076 RIS | D87: Cargo: Sub. Secretario de Obras Públicas
B88: Contratista Secretaria de Infraestructura | D88: Mat. Profesional. 66202-313953 RIS
A92: Elaboró: | B92: Ing. GIOVANNI FLAVIO RIVAS GIRALDO
B93: Mat. Profesional. 205 08729 de ACIEM Risaralda
B94: Contratista Secretaria de Infraestructura

Sheet 9.Calle 18, entre 11 y 12
A1: CONDICIONES ORIGINALES | H1: PAVIMENTACIÓN DE VIAS
H2: DIRECCION | K2: VIA | O2: ANDEN | S2: ANCHO TOTAL
A3: REPOSICION DE REDES EXISTENTES DE ACUEDUCTO Y ALCANTARILLADO Y CAMBIO DE PAVIMENTO ASFALTICO A RIGIDO, ANDENES DE LA CALLE 18 ENTRE CARRERAS 11 Y 12, DEL MUNICIPIO DE SANTA ROSA DE CABAL– DEPARTAMENTO DE RISARALDA, | K3: LARGO | L3: ANCHO | M3: BASE | N3: SUB-BASE | O3: LARGO | P3: ANCHO PRO. | Q3: ANCHO TOTAL | R3: AFIRMA. | U3: Domiciliarias | V3: Camaras
H4: Calle 18 entre Carreras 11 y 12 | K4: 90.5 | L4: 6.3 | M4: 0.15 | N4: 0.25 | O4: =+K4 -> 90.5 | P4: 2.5 | Q4: =+P4+P4 -> 5 | R4: 0.1 | S4: =+L4+Q4 -> 11.3 | U4: 36 | V4: 5
A5: ÍTEM | B5: PARTIDAS DE PAGO | C5: UND | D5: CANT | E5: VR UNITARIO | F5: VR TOTAL
A6: 1 | B6: PRELIMINARES.
A7: 1.1 | B7: =+APUS!C82 -> Localización y replanteo para pavimentación de vías (3 líneas, 3 instancias) | C7: M2 | D7: =+(K4*S4) -> 1022.65 | E7: =APUS!O48 -> 4323 | F7: =D7*E7 -> 4420916 | H7: Datos para Exacación y Lleno
A8: 1.2 | B8: =+APUS!C90 -> Valla de identificación de obra área mayor a 4 m2, colocada en cerchas metálica, incluye mantenimiento durante la construcción | C8: M2 | D8: =8*1 -> 8 | E8: =APUS!O56 -> 212117 | F8: =D8*E8 -> 1696936 | I8: LARGO | J8: ANCHO | K8: PROF. EX | L8: PROF. LLEN.
A9: 1.3 | B9: Cerramiento provisional con guadua y tela de cerramiento h=2 m | C9: M | D9: =+(K4+L4)*2 -> 193.6 | E9: =APUS!O63 -> 7635 | F9: =D9*E9 -> 1478136 | H9: ALCANT. | I9: =K4 -> 90.5 | J9: 1.2 | K9: 2.5 | L9: 2
A10: 1.4 | B10: Pasacalles informativos, incluye mantenimiento durante la obra. | C10: M2 | D10: =10*1 -> 10 | E10: =APUS!O70 -> 126325.39 | F10: =D10*E10 -> 1263253.9 | H10: ACUEDUC. | I10: =+I9*2 -> 181 | J10: 0.3 | K10: 1.2 | L10: 1
A11: 1.5 | B11: Cubierta provisional en guadua y techo en plastico. | C11: M2 | D11: =+(K4*(L4+2)) -> 751.15 | E11: =APUS!O76 -> 30988.556 | F11: =D11*E11 -> 23277054 | H11: CAJEO | I11: =+I9 -> 90.5 | J11: =L4 -> 6.3 | K11: 0.5
A12: 2 | B12: DEMOLICIONES. | H12: ANDENES | I12: =+I9 -> 90.5 | J12: =+Q4 -> 5 | K12: 0.2
A13: 2.1 | B13: Demolición pavimento rigido | C13: M2 | D13: =+(K4*L4) -> 570.15 | E13: =APUS!O174 -> 13460 | F13: =D13*E13 -> 7674219
A14: 2.2 | B14: Demolicion de anden | C14: M2 | D14: =(O4*Q4) -> 452.5 | E14: =APUS!O181 -> 11907 | F14: =D14*E14 -> 5387917.5
A15: 2.3 | B15: Demolicion de sardinel | C15: M | D15: =(O4*2) -> 181 | E15: =APUS!O187 -> 0 | F15: =D15*E15 -> 0
A16: 2.4 | B16: Demolición cono cámara | C16: UNI | D16: =V4 -> 5 | E16: =APUS!O220 -> 112875 | F16: =D16*E16 -> 564375
A17: 2.5 | B17: Demolición cuerpo cámara | C17: ML | D17: =+D16*3 -> 15 | E17: =APUS!O225 -> 0 | F17: =D17*E17 -> 0
A18: 3 | B18: MOVIMIENTOS DE TIERRA.
A19: 3.1 | B19: Excavacion en material comun seco de 0-2 mts, manual | C19: M3 | D19: =+((I9*J9*K9)+(I10*J10*K10)+(I11*J11*K11)+(I12*J12*K12))*1.3 -> 925.9055 | E19: =APUS!O271 -> 30216 | F19: =D19*E19 -> 27977161
A20: 4 | B20: LLENOS.
A21: 4.1 | B21: Lleno compactado con material del sitio manual | C21: M3 | D21: =+(I9*J9*L9)+(I10*J10*L10) -> 271.5 | E21: =APUS!O429 -> 24599 | F21: =D21*E21 -> 6678628.5
A22: 4.2 | B22: Lleno compactado con afirmado manual, no incluye transporte | C22: M3 | D22: =+(O4*Q4*R4) -> 45.25 | E22: =APUS!O435 -> 59079 | F22: =D22*E22 -> 2673324.8
A23: 4.3 | B23: =+APUS!C550 -> Sub-base granular | C23: M3 | D23: =(K4*L4*N4) -> 142.5375 | E23: =APUS!O443 -> 67717 | F23: =D23*E23 -> 9652211.9
A24: 4.4 | B24: =+APUS!#REF! -> #REF! | C24: M3 | D24: =(K4*L4*M4) -> 85.5225 | E24: =APUS!O453 -> 75850 | F24: =D24*E24 -> 6486881.6
A25: 4.5 | B25: Transporte material > 40 Km (corte, sub-base, base, afirmado) | C25: M3-KM | D25: =+(D22+D23+D24)*21 -> 5739.51 | E25: =APUS!O535 -> 1833 | F25: =D25*E25 -> 10520522
A26: 4.6 | B26: =+'8.CALLE 13 ENTRE 13 Y 14'!B26 -> Lleno con arena para tubería (brecha de 0,60 m de ancho e = 0,1 m) | C26: M | D26: =+(I9*J9)+(I10*J10) -> 162.9 | E26: =APUS!O538 -> 9442 | F26: =D26*E26 -> 1538101.8
A27: 5 | B27: LABORES DE ALCANTARILLADO.
A28: 5.1 | B28: Tubería PVC de alcantarillado de pared estructural d = 6", exterior corrugado | C28: M | D28: =+(U4)*6 -> 216 | E28: =APUS!#REF! -> #REF! | F28: =D28*E28 -> #REF!
A29: 5.2 | B29: Tubería PVC de alcantarillado de pared estructural d = 12", exterior corrugado | C29: M | D29: =+I9+6 -> 96.5 | E29: =APUS!#REF! -> #REF! | F29: =D29*E29 -> #REF!
A30: 5.3 | B30: Silla Yee Pvc de pared estructural 315 X 160 | C30: UND | D30: =U4 -> 36 | E30: =APUS!O599 -> 207782.77 | F30: =D30*E30 -> 7480179.6
A31: 5.4 | B31: Base y cañuela para cámara de inspección d = 1,20 mts, en concreto de 20,7 Mpa | C31: UND | D31: =V4 -> 5 | E31: =APUS!O608 -> 427551 | F31: =D31*E31 -> 2137755
A32: 5.5 | B32: Cuerpo para cámara de inspección d = 1,20 m, en concreto de 20,7 Mpa, no incluye refuerzo | C32: M | D32: =+D17 -> 15 | E32: =APUS!O689 -> 521456 | F32: =D32*E32 -> 7821840
A33: 5.6 | B33: Empalme de tubería a pozo existente incluye demolición y emboquillada | C33: UND | D33: =+D31 -> 5 | E33: =APUS!O697 -> 0 | F33: =D33*E33 -> 0
A34: 5.7 | B34: =+APUS!#REF! -> #REF! | C34: M | D34: =+D28+D29 -> 312.5 | E34: =APUS!O731 -> 8202 | F34: =D34*E34 -> 2563125
A35: 5.8 | B35: =+'8.CALLE 13 ENTRE 13 Y 14'!B35 -> Tapa de seguridad en hierro dúctil EN124 Clase D400, tráfico vehicular pesado d=0.60 m | C35: UND | D35: =+D31 -> 5 | E35: =APUS!O737 -> 1513995 | F35: =D35*E35 -> 7569975
A36: 5.9 | B36: Manejo de aguas servidas, en teja de zinc o similar. | C36: M | D36: =+D34 -> 312.5 | E36: =APUS!O742 -> 22313.073 | F36: =D36*E36 -> 6972835.4
A37: 6 | B37: ESTRUCTURAS DE CONCRETO.
A38: 6.1 | B38: Caja de inspección de 0,80 x 0,80 x 0,80 m en concreto de 17,2 Mpa, tapa reforzada en concreto de 20,7 Mpa | C38: UND | D38: =U4 -> 36 | E38: =APUS!#REF! -> #REF! | F38: =D38*E38 -> #REF!
A39: 6.2 | B39: Sumidero doble en concreto de 20,7 Mpa, incluye reja doble con anticorrosivo | C39: UND | D39: =4*1 -> 4 | E39: =APUS!O1120 -> 300000 | F39: =D39*E39 -> 1200000
A40: 7 | B40: ACEROS.
A41: 7.1 | B41: Acero Fy = 60.000 psi d>1/4" | C41: KG | D41: =760*D31 -> 3800 | E41: =APUS!O1200 -> 1 | F41: =D41*E41 -> 3800
A42: 8 | B42: OBRAS FINALES - REPARACIONES Y ACOMETIDAS ACUEDUCTO.
A43: 8.1 | B43: Acometida Domiciliaria de 1/2" tubería PF + UAD, L = 2 m | C43: UND | D43: =+D38 -> 36 | E43: =APUS!O1208 -> 0 | F43: =D43*E43 -> 0
A44: 8.2 | B44: =+APUS!C1254 -> Tubería PVC unión platino de 3" | C44: M | D44: =+I10 -> 181 | E44: =APUS!O1219 -> 0 | F44: =D44*E44 -> 0
A45: 8.3 | B45: Punto hidráulico PVC de 3" L prom = 3 m | C45: unida | D45: =6*1 -> 6 | E45: =APUS!O1225 -> 0 | F45: =E45*D45 -> 0
A46: 8.4 | B46: Suministro e instalacion de caja para medidor en plastico extrafuerte, con tapa en hierro ductil. | C46: UND | D46: =+D43 -> 36 | E46: =APUS!O1235 -> 1 | F46: =D46*E46 -> 36
A47: 8.5 | B47: Hidrante tipo Milán de 3" extremo brida, incluye válvula sello de bronce y kit de nivelación | C47: UNI | D47: 1 | E47: =APUS!O1240 -> TOTAL 3 | F47: =D47*E47 -> #VALUE!
A48: 9 | B48: PAVIMENTO.
A49: 9.1 | B49: Pavimento en concreto M.R.= 4,1 Mpa premezclado, e = 0.175 m, incluye refuerzo, corte con disco y sello de juntas | C49: M2 | D49: =+(K4*L4)+150 -> 720.15 | E49: =APUS!O1257 -> 72098 | F49: =D49*E49 -> 51921375
A50: 10 | B50: ANDENES.
A51: 10.1 | B51: =+APUS!C1308 -> Anden en concreto de 20,7 Mpa (3000 PSI) e = 0,10 m | C51: M2 | D51: =(O4*Q4) -> 452.5 | E51: =APUS!O1273 -> 0 | F51: =D51*E51 -> 0
A52: 10.2 | B52: Sardinel en concreto de 20,7 Mpa 0,03 m3/ml, incluye refuerzo, sobre placa | C52: M | D52: =+D15 -> 181 | E52: =APUS!O1283 | F52: =D52*E52 -> #VALUE!
A53: 11 | B53: SEÑALIZACION.
A54: 11.1 | B54: =+APUS!C1348 -> Señal vertical de transito tipo SP, SR de 75 x 75 con lámina retroreflectiva tipo diamante | C54: UND | D54: =3*1 -> 3 | E54: =APUS!O1313 -> 0 | F54: =D54*E54 -> 0
A55: 11.2 | B55: Aplicación de pintura "Zona Paso Peatonal (CEBRA)" | C55: UND | D55: =2*1 -> 2 | E55: =APUS!O1321 -> 0 | F55: =D55*E55 -> 0
A56: 11.3 | B56: =+APUS!C1361 -> Líneas de demarcación vial pintura en frío | C56: M | D56: =+K4*3 -> 271.5 | E56: =APUS!O1326 -> 0 | F56: =D56*E56 -> 0
A57: 22 | B57: RETIROS
A58: 22.2 | B58: Retiro de material sobrante cargue mecánico | C58: M3 | D58: =+(D13*0.18)+(D14*0.07)+(D15*0.15*0.15)+(D16*0.2)+(D17*0.2)+(D19*5%) -> 188.66977 | E58: =+APUS!O1884 -> 0 | F58: =D58*E58 -> 0
B59: COSTO DIRECTO DE OBRA | F59: =SUM(F6:F58) -> #REF!
B60: Administración | E60: 0.275 | F60: =F59*E60 -> #REF!
B61: Utilidad | E61: 0.05 | F61: =F59*E61 -> #REF!
B62: COSTO TOTAL DE OBRA | F62: =SUM(F59:F61) -> #REF!
A64: COSTO DE LA INTERVENTORIA | E64: 0.08 | F64: =F62*E64 -> #REF!
A66: COSTO FINAL DEL PROYECTO | F66: =F62+F64 -> #REF! | H66: 5.1293405e+08
H67: =F66-H66 -> #REF!
A70: Elaboró: | B70: Ing. ANA SOFIA LOPEZ ARANGO | C70: Aprobo: | D70: JOHN HAROL GIRALDO CASTAÑO
B71: Mat. Profesional 66202-241076 RIS | D71: Cargo: Sub. Secretario de Obras Públicas
B72: Contratista Secretaria de Infraestructura | D72: Mat. Profesional. 66202-313953 RIS

Sheet 10.CALLE 12 ENTRE 12 Y 13
A1: CONDICIONES ORIGINALES
A3: REPOSICION DE REDES EXISTENTES DE ACUEDUCTO Y ALCANTARILLADO, ELECTRICAS DE ALTA Y MEDIA TENSION Y CAMBIO DE PAVIMENTO DE LA CALLE 12 ENTRE CARRERAS 12 Y 13, DEL MUNICIPIO DE SANTA ROSA DE CABAL– DEPARTAMENTO DE RISARALDA,
A5: ÍTEM | B5: PARTIDAS DE PAGO | C5: UND | D5: CANT | E5: VR UNITARIO | F5: VR TOTAL
A6: 1 | B6: PRELIMINARES.
A7: 1.1 | B7: =+[266]APUS!C3 -> Localización y replanteo para pavimentación de vías (3 líneas, 3 instancias) | C7: M2 | D7: 901.71 | E7: =APUS!O48 -> 4323 | F7: =+D7*E7 -> 3898092.3
A8: 1.2 | B8: =+[266]APUS!C11 -> Valla de identificación de obra área mayor a 4 m2, colocada en cerchas metálica, incluye mantenimiento durante la construcción | C8: M2 | D8: 8 | E8: =APUS!O56 -> 212117 | F8: =+D8*E8 -> 1696936
A9: 1.4 | B9: Pasacalles informativos, incluye mantenimiento durante la obra. | C9: M2 | D9: 10 | E9: =APUS!O70 -> 126325.39 | F9: =+D9*E9 -> 1263253.9
A10: 2 | B10: DEMOLICIONES.
A11: 2.2 | B11: Demolicion de anden | C11: M2 | D11: 228.8 | E11: =APUS!O181 -> 11907 | F11: =+D11*E11 -> 2724321.6
A12: 2.3 | B12: Demolicion de sardinel | C12: M | D12: 176 | E12: =APUS!O187 -> 0 | F12: =+D12*E12 -> 0
A13: 2.4 | B13: Demolición cono cámara | C13: UNI | D13: ='[268]MEMORIA DE CANTIDADES'!D56 -> 2 | E13: =APUS!O220 -> 112875 | F13: =+D13*E13 -> 225750
A14: 2.6 | B14: Demolición manual de concreto | C14: M3 | D14: 5 | E14: =APUS!O264 -> 182409 | F14: =+D14*E14 -> 912045
A15: 3 | B15: MOVIMIENTOS DE TIERRA.
A16: 3.1 | B16: Excavación en material común seco de 0 - 2 m manual | C16: M3 | D16: 615.44 | E16: =APUS!O271 -> 30216 | F16: =+D16*E16 -> 18596135
A17: 3.2 | B17: Excavación en material común seco de 2 - 4 m manual | C17: M3 | D17: 70.36 | E17: =APUS!O276 -> 54857 | F17: =+D17*E17 -> 3859738.5
A18: 4 | B18: LLENOS.
A19: 4.1 | B19: Lleno compactado con material del sitio manual | C19: M3 | D19: 290.09 | E19: =APUS!O429 -> 24599 | F19: =+D19*E19 -> 7135923.9
A20: 4.3 | B20: =+[266]APUS!C85 -> Sub-base granular | C20: M3 | D20: 156.4 | E20: =APUS!O443 -> 67717 | F20: =+D20*E20 -> 10590939
A21: 4.5 | B21: Transporte material > 40 Km (corte, sub-base, base, afirmado) | C21: M3-KM | D21: =+((D20+D24)+(0.06*D22))*21 -> 4991.7 | E21: =APUS!O535 -> 1833 | F21: =+D21*E21 -> 9149786.1
A22: 4.6 | B22: =+'9.Calle 18, entre 11 y 12'!B26 -> Lleno con arena para tubería (brecha de 0,60 m de ancho e = 0,1 m) | C22: M | D22: 355 | E22: =APUS!O538 -> 9442 | F22: =+D22*E22 -> 3351910
A23: 4.7 | B23: Nivelación terreno con material del sitio | C23: M2 | D23: 625.58 | E23: =APUS!O544 -> 4317 | F23: =+D23*E23 -> 2700628.9
A24: 4.8 | B24: Lleno material filtrante | C24: M3 | D24: 60 | E24: =APUS!O549 -> 129982 | F24: =+D24*E24 -> 7798920
A25: 5 | B25: LABORES DE ALCANTARILLADO.
A26: 5.1 | B26: Tubería PVC de alcantarillado de pared estructural d = 6", exterior corrugado | C26: ML | D26: 14 | E26: =APUS!#REF! -> #REF! | F26: =+D26*E26 -> #REF!
A27: 5.4 | B27: Base y cañuela para cámara de inspección d = 1,20 m en concreto de 20,7 Mpa | C27: UND | D27: ='[268]MEMORIA DE CANTIDADES'!D278 -> 6 | E27: =APUS!O608 -> 427551 | F27: =+D27*E27 -> 2565306
A28: 5.5 | B28: Cuerpo para cámara de inspección d = 1,20 m, en concreto de 20,7 Mpa. | C28: ML | D28: 11 | E28: =APUS!O689 -> 521456 | F28: =+D28*E28 -> 5736016
A29: 5.8 | B29: =+'9.Calle 18, entre 11 y 12'!B35 -> Tapa de seguridad en hierro dúctil EN124 Clase D400, tráfico vehicular pesado d=0.60 m | C29: UND | D29: ='[268]MEMORIA DE CANTIDADES'!D282 -> 6 | E29: =APUS!O737 -> 1513995 | F29: =+D29*E29 -> 9083970
A30: 5.1 | B30: Tubería PVC de alcantarillado de pared estructural d = 8" (200mm), exterior corrugado | C30: ML | D30: ='[268]MEMORIA DE CANTIDADES'!D232 -> 32 | E30: =APUS!#REF! -> #REF! | F30: =+D30*E30 -> #REF!
A31: 5.11 | B31: Tubería PVC de alcantarillado de pared estructural d = 10" (250mm), exterior corrugado | C31: ML | D31: 32.3 | E31: =APUS!#REF! -> #REF! | F31: =+D31*E31 -> #REF!
A32: 5.12 | B32: Tubería PEAD de alcantarillado SN8 d = 30", exterior corrugado | C32: ML | D32: 59 | E32: =APUS!#REF! -> #REF! | F32: =+D32*E32 -> #REF!
A33: 5.13 | B33: Silla Yee PVC de pared estructural 200 X 160 | C33: UND | D33: ='[268]MEMORIA DE CANTIDADES'!D270 -> 5 | E33: =APUS!#REF! -> #REF! | F33: =+D33*E33 -> #REF!
A34: 5.14 | B34: Kit Domiciliar Completo 160 mm para tubería PEAD Alcantarillado | C34: UND | D34: ='[268]MEMORIA DE CANTIDADES'!D274 -> 4 | E34: =APUS!#REF! -> #REF! | F34: =+D34*E34 -> #REF!
A35: 5.15 | B35: Desmonte de tubería de alcantarillado de 14" a 24" | C35: ML | D35: 62 | E35: =APUS!#REF! -> #REF! | F35: =+D35*E35 -> #REF!
A36: 6 | B36: ESTRUCTURAS DE CONCRETO
A37: 6.1 | B37: Caja de inspección de 0,80 x 0,80 x 0,80 m en concreto de 17,2 Mpa, tapa reforzada en concreto de 20,7 Mpa | C37: UND | D37: ='[268]MEMORIA DE CANTIDADES'!D286 -> 4 | E37: =APUS!#REF! -> #REF! | F37: =+D37*E37 -> #REF!
A38: 6.2 | B38: Sumidero doble en concreto de 20,7 Mpa, incluye reja doble con anticorrosivo | C38: UND | D38: ='[268]MEMORIA DE CANTIDADES'!D300 -> 3 | E38: =APUS!O1120 -> 300000 | F38: =+D38*E38 -> 900000
A39: 6.3 | B39: Caja de inspección de 0,50 x 0,50 x 0,50 m en concreto de 17,2 Mpa, tapa reforzada en concreto de 20,7 Mpa | C39: UND | D39: ='[268]MEMORIA DE CANTIDADES'!D289 -> 5 | E39: =APUS!O1131 -> 0 | F39: =+D39*E39 -> 0
A40: 6.4 | B40: Caja de inspección tipo sumidero en concreto de 20,7 Mpa, incluye reja con anticorrosivo | C40: UND | D40: ='[268]MEMORIA DE CANTIDADES'!D292 -> 4 | E40: =APUS!O1143 -> 0 | F40: =+D40*E40 -> 0
A41: 6.5 | B41: Zanja colectora en concreto de 20,7 Mpa a = 0,60 e = 0,10 h = 0,30 m | C41: ML | D41: 62 | E41: =APUS!O1154 -> 0 | F41: =+D41*E41 -> 0
A42: 6.6 | B42: Cortina, estribos y/o aletas en concreto de 20,7 Mpa | C42: M3 | D42: 7.5 | E42: =APUS!O1185 -> 0 | F42: =D42*E42 -> 0
A43: 7 | B43: ACEROS
A44: 7.1 | B44: Acero Fy = 60.000 PSI d > 1/4" | C44: KG | D44: 3800 | E44: =APUS!O1200 -> 1 | F44: =+D44*E44 -> 3800
A45: 9 | B45: PAVIMENTO.
A46: 9.1 | B46: Pavimento en concreto M.R.= 4,1 Mpa premezclado, e = 0.175 m, incluye refuerzo, corte con disco y sello de juntas | C46: M2 | D46: 95.988866 | E46: =APUS!O1257 -> 72098 | F46: =+D46*E46 -> 6920605.3
A47: 10 | B47: ANDENES.
A48: 10.3 | B48: Anden en concreto estampado color | C48: M2 | D48: 758.31 | E48: =APUS!O1295 -> 0 | F48: =+D48*E48 -> 0
A49: 11 | B49: SEÑALIZACION.
A50: 11.1 | B50: =+[266]APUS!C391 -> Señal vertical de transito tipo SP, SR de 75 x 75 con lámina retroreflectiva tipo diamante | C50: UND | D50: 3 | E50: =APUS!O1313 -> 0 | F50: =+D50*E50 -> 0
A51: 11.2 | B51: Aplicación de pintura "Zona Paso Peatonal (CEBRA)" | C51: UND | D51: 6 | E51: =APUS!O1321 -> 0 | F51: =+D51*E51 -> 0
A52: 12 | B52: ALUMBRADO PLUBLICO (EXTERIOR VIA)
A53: 12.7 | B53: Sistemas de puesta a tierra en varilla de cobre 2,4 m x 5/8" cobre (cada 4 luminarias), incluye soldadura exotermica de 130 gr tipo Cadwell o similar | C53: UND | D53: ='[268]MEMORIA DE CANTIDADES'!D311 -> 3 | E53: =APUS!O1395 -> 0 | F53: =+D53*E53 -> 0
A54: 12.8 | B54: Suministro e instalación de fotocontroles de 1 KW, incluye caja tipo interperie contactor de 40 A y rele de protección y fotecelda certificada. | C54: UND | D54: ='[268]MEMORIA DE CANTIDADES'!D312 -> 1 | E54: =APUS!O1402 -> 0 | F54: =+D54*E54 -> 0
A55: 12.9 | B55: Enlace de puesta a tierra desde conector tipo gel subterraneo a base de mastil, calibre 12 AWG | C55: UND | D55: ='[268]MEMORIA DE CANTIDADES'!D314 -> 4 | E55: =APUS!O1407 -> 0 | F55: =+D55*E55 -> 0
A56: 12.11 | B56: Caja de inspección de 0,40 x 0,40 x 0,40 m en concreto de 20,7 Mpa, red principal energia según diseño de la chec | C56: UND | D56: ='[268]MEMORIA DE CANTIDADES'!D305 -> 6 | E56: =APUS!O1420 -> 0 | F56: =+D56*E56 -> 0
A57: 12.12 | B57: Suministro e instalacion de luminarias - led spring sylvania o similar 36-46w /220 V, incluye 4,0 Mts, de cable encauchetado 3 x 12 THHN y 3 conectores tipo Gel para conexión subterranea | C57: UND | D57: ='[268]MEMORIA DE CANTIDADES'!D306 -> 4 | E57: =APUS!O1432 -> 0 | F57: =+D57*E57 -> 0
A58: 12.13 | B58: Pedestal rectangular y/o redondo para soportar luminaria en concreto de 20,7 Mpa (3.000 psi) h = 0,8 m, base de 0,40 x 0,40 m, incluye refuerzo | C58: UND | D58: ='[268]MEMORIA DE CANTIDADES'!D307 -> 4 | E58: =APUS!O1441 -> 0 | F58: =+D58*E58 -> 0
A59: 12.14 | B59: Mastil de 2.5 m, tipo colonial de acuerdo a diseño e indicaciones, certificado RETILAP. | C59: UND | D59: ='[268]MEMORIA DE CANTIDADES'!D308 -> 4 | E59: =APUS!O1451 -> 0 | F59: =+D59*E59 -> 0
A60: 12.15 | B60: Suministro e instalación de ductos pvc conduit liso, (1 x 2"), inluye excavación y lleno | C60: ML | D60: ='[268]MEMORIA DE CANTIDADES'!D309 -> 90 | E60: =APUS!O1456 -> 0 | F60: =+D60*E60 -> 0
A61: 12.16 | B61: Suministro e instalación de cableado acometida de luminarios en 2F # 6 THHN + 1T # 6THHN serie 8000 | C61: ML | D61: ='[268]MEMORIA DE CANTIDADES'!D310 -> 110 | E61: =APUS!O1463 -> 0 | F61: =+D61*E61 -> 0
A62: 12.17 | B62: Suministro e instalacionde afloramiento de Alumbrado publicos en ducto IMC de 2". | C62: UND | D62: ='[268]MEMORIA DE CANTIDADES'!D313 -> 2 | E62: =APUS!O1470 -> 0 | F62: =+D62*E62 -> 0
A63: 12.18 | B63: Suministro e instalación de Bolardo led deco Sylvania o equivalente 10W WM MV, 220V (incluye entubado y cableado encauchetado 3x12 y ducto 3/4") | C63: UND | D63: ='[268]MEMORIA DE CANTIDADES'!D315 -> 16 | E63: =APUS!O1477 -> 0 | F63: =+D63*E63 -> 0
A64: 12.19 | B64: Suministro e instalacion de aplique decorativo exterior led deco step 6W INC WW (incluye entubado y cableado encauchetado 3x12 y ducto 3/4") | C64: UND | D64: ='[268]MEMORIA DE CANTIDADES'!D316 -> 16 | E64: =APUS!O1486 -> 0 | F64: =+D64*E64 -> 0
A65: 12.2 | B65: Suministro e instalacion de Cinta led color | C65: ML | D65: 28 | E65: =APUS!O1495 -> 0 | F65: =+D65*E65 -> 0
A66: 12.21 | B66: Anclaje para bolardo condreto 3500psi 0.2x0.2x0.5m | C66: UND | D66: ='[268]MEMORIA DE CANTIDADES'!D318 -> 16 | E66: =APUS!O1504 -> 0 | F66: =+D66*E66 -> 0
A67: 13 | B67: COMUNICACIONES
A68: 13.5 | B68: =+APUS!L1555 -> 0 | C68: UND | D68: ='[268]MEMORIA DE CANTIDADES'!D322 -> 9 | E68: =+APUS!O1555 -> 0 | F68: =+D68*E68 -> 0
A69: 13.6 | B69: Suministro e instalacion de excavacion, entubado de 3 ductos pVC DB de 3X3".para red de comunicaciones. | C69: ML | D69: 155 | E69: =APUS!O1570 -> 0 | F69: =+D69*E69 -> 0
A70: 13.7 | B70: Suministro e instalacionde afloramiento en poste de comunicaciones en ducto IMC de3". | C70: UND | D70: ='[268]MEMORIA DE CANTIDADES'!D324 -> 2 | E70: =APUS!O1577 -> 0 | F70: =+D70*E70 -> 0
A71: 13.8 | B71: Suministro e instalacionde afloramiento en pared de comunicaciones en ducto IMC de 2". | C71: UND | D71: ='[268]MEMORIA DE CANTIDADES'!D325 -> 8 | E71: =APUS!O1589 -> 0 | F71: =+D71*E71 -> 0
A72: 14 | B72: RED DE MEDIA Y BAJA TENSION
A73: 14.1 | B73: Suministro y tendido de ductos PVC TDP de 2X3" | C73: ML | D73: 145 | E73: =APUS!O1598 -> 0 | F73: =+D73*E73 -> 0
A74: 14.2 | B74: Suministro y tendido de ductos PVC TDP de 3x4" | C74: ML | D74: 100 | E74: =APUS!O1605 -> 0 | F74: =+D74*E74 -> 0
A75: 14.3 | B75: Suministro y tendido de ductos PVC TDP de 11/2" | C75: ML | D75: 95 | E75: =APUS!O1612 -> 0 | F75: =+D75*E75 -> 0
A76: 14.4 | B76: Empalme campana 4" | C76: UND | D76: 25 | E76: =APUS!O1624 -> 0 | F76: =+D76*E76 -> 0
A77: 14.5 | B77: Empalme campana 3" | C77: UND | D77: 57 | E77: =APUS!O1631 -> 0 | F77: =+D77*E77 -> 0
A78: 14.6 | B78: Construcccion de Cámara en andén de 3,00 x 3,00 x 2,00 según norma CHEC | C78: UND | D78: ='[268]MEMORIA DE CANTIDADES'!D334 -> 1 | E78: =APUS!O1638 -> 0 | F78: =+D78*E78 -> 0
A79: 14.7 | B79: =+APUS!L1654 -> 0 | C79: UND | D79: ='[268]MEMORIA DE CANTIDADES'!D335 -> 3 | E79: =+APUS!O1654 -> 0 | F79: =+D79*E79 -> 0
A80: 14.8 | B80: =+APUS!L1670 -> 0 | C80: UND | D80: ='[268]MEMORIA DE CANTIDADES'!D336 -> 1 | E80: =+APUS!O1670 -> 0 | F80: =+D80*E80 -> 0
A81: 14.9 | B81: Construcccion de cámara tipo vía de 1,50 x 1,50 x 1,80, Según norma CHEC | C81: UND | D81: ='[268]MEMORIA DE CANTIDADES'!D337 -> 1 | E81: =APUS!O1685 -> 0 | F81: =+D81*E81 -> 0
A82: 14.1 | B82: Construcción filtro cámaras 0,50x0,50x0.50 | C82: UND | D82: ='[268]MEMORIA DE CANTIDADES'!D338 -> 5 | E82: =APUS!O1697 -> 0 | F82: =+D82*E82 -> 0
A83: 14.11 | B83: Construcción filtro cámaras 0,80x0,80x1 | C83: UND | D83: ='[268]MEMORIA DE CANTIDADES'!D339 -> 1 | E83: =APUS!O1703 -> 0 | F83: =+D83*E83 -> 0
A84: 14.12 | B84: Construcción de afloramiento en 4" ducto IMC + PVC | C84: UND | D84: ='[268]MEMORIA DE CANTIDADES'!D340 -> 2 | E84: =APUS!O1709 -> 0 | F84: =+D84*E84 -> 0
A85: 14.13 | B85: Construcción de afloramiento en 3" ducto IMC + PVC | C85: UND | D85: ='[268]MEMORIA DE CANTIDADES'!D341 -> 2 | E85: =APUS!O1721 -> 0 | F85: =+D85*E85 -> 0
A86: 14.14 | B86: Construcción de afloramiento en11/2" ducto IMC + PVC | C86: UND | D86: ='[268]MEMORIA DE CANTIDADES'!D342 -> 12 | E86: =APUS!O1733 -> 0 | F86: =+D86*E86 -> 0
A87: 15 | B87: MUROS DE CONTENCIÓN
A88: 15.1 | B88: Muro de contención en concreto 20,7 Mpa (3000 PSI), no incluye refuerzo | C88: M3 | D88: 87 | E88: =APUS!O1747 -> 0 | F88: =+D88*E88 -> 0
A89: 16 | B89: LOSA DE CONCRETO
A90: 16.1 | B90: Placa maciza en concreto de 20,7 Mpa e = 0,10 m | C90: M2 | D90: 160 | E90: =APUS!O1762 -> 0 | F90: =D90*E90 -> 0
A91: 16.2 | B91: Malla electrosoldada M-188 Φ 6.00 mm c/.15m en ambos sentidos (incluye alambre negro, colocación y traslapo). | C91: KG | D91: 410 | E91: =APUS!O1772 -> 0 | F91: =D91*E91 -> 0
A92: 17 | B92: CIRCUNFERENCIA VIDRIO TEMPLADO
A93: 17.1 | B93: Piso en vidrio Transitable | C93: GL | D93: 1 | E93: =APUS!O1780 -> 0 | F93: =+D93*E93 -> 0
A94: 18 | B94: OBRAS ADICIONALES
A95: 18.1 | B95: Pasamanos en tubería de H. G. de 2" C 14, incluye accesorios | C95: M | D95: 17 | E95: =APUS!O1785 -> 0 | F95: =+D95*E95 -> 0
A96: 18.2 | B96: plantacion de arboles paisajisticos altura minima 1.2 mts | C96: UN | D96: 14 | E96: =APUS!O1799 -> 0 | F96: =+D96*E96 -> 0
A97: 18.3 | B97: Mateado | C97: UN | D97: 24 | E97: =APUS!O1809 -> 0 | F97: =+D97*E97 -> 0
A98: 19 | B98: ACOMPAÑAMIENTO MUESTRA ARQUEOLOGICA
A99: 19.1 | B99: Evaluacion, muestra y acompañamiento de hallazgo furtuito (incluye presentacion ante el Instituto Colombiano de Antropologia e Historia ICANH) | C99: GL | D99: 1 | E99: =APUS!O1821 -> 0 | F99: =+D99*E99 -> 0
A100: 20 | B100: ARTES PLASTICAS
A101: 20.1 | B101: Espacios urbanos intervenidos con artes plasticas para la promocion del patrimonio cultural | C101: M2 | D101: 89 | E101: =APUS!O1826 -> 0 | F101: =+D101*E101 -> 0
A102: 22 | B102: RETIROS
...

Sheet 11.CALLE 46 ENTRE 12 Y 13
A1: CONDICIONES ORIGINALES
A3: REDES DE ACUEDUCTO Y ALCANTARILLADO DE LA CALLE 46 ENTRE CARRERAS 12 Y 13, DEL MUNICIPIO DE SANTA ROSA DE CABAL– DEPARTAMENTO DE RISARALDA,
A5: ÍTEM | B5: PARTIDAS DE PAGO | C5: UND | D5: VR UNITARIO | E5: CANT. | F5: VR TOTAL
A6: 1.0 | B6: PRELIMINARES.
A7: 1.6 | B7: =[269]APU´s!C5 -> Localización y replanteo | C7: M2 | D7: =APUS!O84 -> 1279 | E7: 265 | F7: =D7*E7 -> 338935
A8: 1.7 | B8: =[269]APU´s!C14 -> Valla de identificación de obra área menor a 4 M2, colocada en guaduas, incluye mantenimiento durante la construcción | C8: =[269]APU´s!D14 -> M2 | D8: =APUS!O93 -> 134318 | E8: 4 | F8: =D8*E8 -> 537272
A9: 1.8 | B9: =[269]APU´s!C20 -> Cerramiento con cinta de señalización, incluye señalizador tubular, dos cintas | C9: =[269]APU´s!D20 -> M | D9: =APUS!O99 -> 2024 | E9: 520 | F9: =D9*E9 -> 1052480
A10: 3 | B10: MOVIMIENTOS DE TIERRA.
A11: 3.1 | B11: =[269]APU´s!C26 -> Excavación en material común seco de 0 - 2 m manual | C11: =[269]APU´s!D26 -> M3 | D11: =APUS!O271 -> 30216 | E11: 365 | F11: =D11*E11 -> 11028840
A12: 4 | B12: LLENOS.
A13: 4.1 | B13: =[269]APU´s!C31 -> Lleno compactado con material del sitio manual | C13: =[269]APU´s!D31 -> M3 | D13: =APUS!O429 -> 24599 | E13: 330 | F13: =D13*E13 -> 8117670
A14: 4.5 | B14: =[269]APU´s!C114 -> Transporte material (corte, sub-base, base, afirmado, pétreos, arenas, etc.) | C14: =[269]APU´s!D114 -> M3-Km | D14: =APUS!O535 -> 1833 | E14: 2350 | F14: =D14*E14 -> 4307550
A15: 4.6 | B15: =+'10.CALLE 12 ENTRE 12 Y 13'!B22 -> Lleno con arena para tubería (brecha de 0,60 m de ancho e = 0,1 m) | C15: M | D15: =APUS!O538 -> 9442 | E15: 210 | F15: =D15*E15 -> 1982820
A16: 5 | B16: LABORES DE ALCANTARILLADO.
A17: 5.5 | B17: =[269]APU´s!C64 -> Cuerpo para cámara de inspección d = 1,20 m, en concreto de 20,7 Mpa, no incluye refuerzo | C17: =[269]APU´s!D64 -> M | D17: =APUS!O689 -> 521456 | E17: 8 | F17: =D17*E17 -> 4171648
A18: 5.4 | B18: =[269]APU´s!C71 -> Base y cañuela para cámara de inspección d = 1,20 m en concreto de 20,7 Mpa | C18: =[269]APU´s!D71 -> Un | D18: =APUS!O608 -> 427551 | E18: 4 | F18: =D18*E18 -> 1710204
A19: 5.8 | B19: =+'10.CALLE 12 ENTRE 12 Y 13'!B29 -> Tapa de seguridad en hierro dúctil EN124 Clase D400, tráfico vehicular pesado d=0.60 m | C19: =[269]APU´s!D79 -> Un | D19: =APUS!O737 -> 1513995 | E19: 4 | F19: =D19*E19 -> 6055980
A20: 5.11 | B20: =[269]APU´s!C43 -> Tubería PVC de alcantarillado de pared estructural d = 10", exterior corrugado | C20: =[269]APU´s!D43 -> M | D20: =APUS!#REF! -> #REF! | E20: 91 | F20: =D20*E20 -> #REF!
A21: 5.1 | B21: =[269]APU´s!C49 -> Tubería PVC de alcantarillado de pared estructural d = 8", exterior corrugado | C21: =[269]APU´s!D49 -> M | D21: =APUS!#REF! -> #REF! | E21: 90 | F21: =D21*E21 -> #REF!
A22: 6 | B22: ESTRUCTURAS DE CONCRETO.
A23: 6.3 | B23: Caja de inspección de 0,50 x 0,50 x 0,50 m en concreto de 17,2 Mpa, tapa reforzada en concreto de 20,7 Mpa | C23: =[269]APU´s!D88 -> Un | D23: =APUS!O1131 -> 0 | E23: 12 | F23: =D23*E23 -> 0
A24: 7 | B24: ACEROS.
A25: =[269]APU´s!A101 -> 7.1 | B25: =[269]APU´s!C101 -> Acero Fy = 60.000 PSI d > 1/4" | C25: =[269]APU´s!D101 -> Kg | D25: =APUS!O1200 -> 1 | E25: 400 | F25: =D25*E25 -> 400
A26: 8 | B26: ACOMETIDA ACUEDUCTO
A27: 8.6 | B27: =[269]APU´s!C55 -> Tubería PVC presión de 2" RDE 21 | C27: =[269]APU´s!D55 -> M | D27: =APUS!O1248 -> 2073 | E27: 175 | F27: =D27*E27 -> 362775
A28: 22 | B28: RETIROS
A29: 22.1 | B29: Retiro de material sobrante cargue manual (distancia 1 a 15 Km) | C29: =[269]APU´s!D108 -> M3 | D29: =APUS!O1878 -> 0 | E29: 105 | F29: =D29*E29 -> 0
B30: COSTO DIRECTO DE OBRA | F30: =SUM(F7:F29) -> #REF!
B31: Administración | E31: 0.275 | F31: =F30*E31 -> #REF!
B32: Utilidad | E32: 0.05 | F32: =F30*E32 -> #REF!
B33: COSTO TOTAL DE OBRA | F33: =SUM(F30:F32) -> #REF!
A35: COSTO DE LA INTERVENTORIA | E35: 0.08 | F35: =F33*E35 -> #REF!
A37: COSTO FINAL DEL PROYECTO | F37: =F33+F35 -> #REF!
A41: Elaboró: | B41: Ing. ANA SOFIA LOPEZ ARANGO | C41: Aprobo: | D41: JOHN HAROL GIRALDO CASTAÑO
B42: Mat. Profesional 66202-241076 RIS | D42: Cargo: Sub. Secretario de Obras Públicas
B43: Contratista Secretaria de Infraestructura | D43: Mat. Profesional. 66202-313953 RIS

Sheet APUS
J1: SEGÚN PRECIOS GOBERNACION
J2: 1. PRELIMINARES
K4: DESCRIPCIÓN | P4: UNIDAD
L5: Localización y replanteo para pavimentación de vías (3 líneas, 3 instancias) | P5: M
K7: CÓDIGO | L7: 1.1
K9: CÓDIGO | L9: DESCRIPCIÓN | M9: UNIDAD | N9: CANTIDAD | O9: PRECIO Peso | P9: TOTAL Peso
K11: 1 - Mano de Obra
K13: MOB010 | L13: Comisión topografía (topógrafo + Cadenero 1 + 2 Cadeneros 2) | M13: Día | N13: 0.0071428571 | O13: 485577 | P13: =N13*O13 -> 3468.4071
O14: TOTAL 1 | P14: =P12+P13 -> 3468.4071
K16: 2 - Equipos
K18: EQU011 | L18: Equipo completo de topografía | M18: Día | N18: 0.0071428571 | O18: 124319 | P18: =N18*O18 -> 887.99286
O19: TOTAL 2 | P19: =P17+P18 -> 887.99286
K21: 3 - Materiales
K23: MAT,116 | L23: Cuartón de sajo 2" x 4" x 2,9 m | M23: M | N23: 0.033333333 | O23: 5920 | P23: =N23*O23 -> 197.33333
K24: MAT,176 | L24: Guadua basa longitud promedio = 5 m | M24: Un | N24: 0.0066666667 | O24: 8908 | P24: =N24*O24 -> 59.386667
K25: MAT,222 | L25: Listón sajo de 5 x 3 cm x 2,5 m (varilla) | M25: M | N25: 0.033333333 | O25: 7000 | P25: =N25*O25 -> 233.33333
K26: MAT,334 | L26: Puntilla de 3" | M26: Lb | N26: 0.02 | O26: 6674 | P26: =N26*O26 -> 133.48
O27: TOTAL 3 | P27: =P22+P23+P24+P25+P26 -> 623.53333
K29: 4 - Subcontratos
O31: TOTAL 4 | P31: =P30 -> 0
K33: 5 - Otros
O35: TOTAL 5 | P35: =P34 -> 0
K38: . | L38: TOTAL PRECIO UNITARIO | P38: =ROUND(SUM(P7:P35)/2, 0) -> 4980
J40: 1-01-02 | K40: 1.2 | L40: Valla de identificación de obra área mayor a 4 m2, colocada en cerchas metálica, incluye mantenimiento durante la construcción | M40: M2 | O40: =ROUND(SUM(Q40:Q46),0) -> 227521
J41: MAT | K41: MAT,482 | L41: Valla en Tela vinílica con malla de poliéster (banner) | M41: M2 | N41: 1 | O41: =VLOOKUP(K41,'[270]BASE DE DATOS'!$A$6:$E$1577,5,FALSE) -> 60000 | P41: 0 | Q41: =ROUND((N41*O41),0) -> 60000
J42: ITEMS | K42: 1-09-17 | L42: Correa metálica 0 - 4 m, incluye templete y anticorrosivo | M42: M | N42: 1.5 | O42: =VLOOKUP(K42,'[270]BASE DE DATOS'!$A$6:$E$1577,5,FALSE) -> 67111 | P42: 1.05 | Q42: =ROUND((N42*O42*P42),0) -> 105700
K43: G-01-01 | L43: Concreto de 10,3 Mpa (Producción) | M43: M3 | N43: 0.05 | O43: =VLOOKUP(K43,'[270]BASE DE DATOS'!$A$6:$E$1577,5,FALSE) -> 291848 | P43: 1.05 | Q43: =ROUND((N43*O43*P43),0) -> 15322
J44: M . O | K44: MOB005 | L44: Cuadrilla A 1 Of + 4 Ay (jornal + prestaciones) | M44: Día | N44: 1 | O44: =VLOOKUP(K44,'[270]BASE DE DATOS'!$A$6:$E$1577,5,FALSE) -> 418169 | P44: =1/10 -> 0.1 | Q44: =ROUND((N44*O44*P44),0) -> 41817
J45: EQUIPO | K45: EQU002 | L45: Herramienta menor (% mano obra) | M45: %MO | N45: 0.1 | O45: =Q44 -> 41817 | P45: 0 | Q45: =ROUND((N45*O45),0) -> 4182
K46: EQU048 | L46: Andamio tubular | M46: Día | N46: 6 | O46: =VLOOKUP(K46,'[270]BASE DE DATOS'!$A$6:$E$1577,5,FALSE) -> 1000 | P46: =1/12 -> 0.083333333 | Q46: =ROUND((N46*O46*P46),0) -> 500
A48: DESCRIPCIÓN | F48: UNIDAD | J48: 2-01-01 | K48: 1.1 | L48: Localización y replanteo para pavimentación de vías (3 líneas, 3 instancias) | M48: M | O48: =ROUND(SUM(Q48:Q54),0) -> 4323
B49: Localización y replanteo para pavimentación de vías (3 líneas, 3 instancias) | F49: M | J49: MAT | K49: MAT,334 | L49: Puntilla de 3" | M49: Lb | N49: 0.02 | O49: =VLOOKUP(K49,'[271]BASE DE DATOS'!$A$6:$E$876,5,FALSE) -> 5900 | P49: 0 | Q49: =ROUND((N49*O49),0) -> 118
K50: MAT,176 | L50: Guadua basa longitud promedio = 5 m | M50: Un | N50: 0.02 | O50: =VLOOKUP(K50,'[271]BASE DE DATOS'!$A$6:$E$876,5,FALSE) -> 7875 | P50: =1/3 -> 0.33333333 | Q50: =ROUND((N50*O50*P50),0) -> 53
A51: CÓDIGO | B51: 1.1 | K51: MAT,116 | L51: Cuartón de sajo 2" x 4" x 2,9 m | M51: M | N51: 0.1 | O51: =VLOOKUP(K51,'[271]BASE DE DATOS'!$A$6:$E$876,5,FALSE) -> 5233 | P51: =1/3 -> 0.33333333 | Q51: =ROUND((N51*O51*P51),0) -> 174
K52: MAT,222 | L52: Listón sajo de 5 x 3 cm x 2,5 m (varilla) | M52: M | N52: 0.1 | O52: =VLOOKUP(K52,'[271]BASE DE DATOS'!$A$6:$E$876,5,FALSE) -> 6188 | P52: =1/3 -> 0.33333333 | Q52: =ROUND((N52*O52*P52),0) -> 206
A53: CÓDIGO | B53: DESCRIPCIÓN | C53: UNIDAD | D53: CANTIDAD | E53: PRECIO Peso | F53: TOTAL Peso | J53: M. O. | K53: MOB010 | L53: Comisión topografía (topógrafo + Cadenero 1 + 2 Cadeneros 2) | M53: Día | N53: 1 | O53: =VLOOKUP(K53,'[271]BASE DE DATOS'!$A$6:$E$876,5,FALSE) -> 418130 | P53: =1/140 -> 0.0071428571 | Q53: =ROUND((N53*O53*P53),0) -> 2987
J54: EQUIPO | K54: EQU011 | L54: Equipo completo de topografía | M54: Día | N54: 1 | O54: =VLOOKUP(K54,'[271]BASE DE DATOS'!$A$6:$E$876,5,FALSE) -> 109900 | P54: =1/140 -> 0.0071428571 | Q54: =ROUND((N54*O54*P54),0) -> 785
A55: 1 - Mano de Obra
J56: 1-01-02 | L56: Valla de identificación de obra área mayor a 4 m2, colocada en cerchas metálica, incluye mantenimiento durante la construcción | M56: M2 | O56: 212117
A57: MOB010 | B57: Comisión topografía (topógrafo + Cadenero 1 + 2 Cadeneros 2) | C57: Día | D57: 0.0071428571 | E57: 485577 | F57: =D57*E57 -> 3468.4071 | J57: MAT | K57: MAT,482 | L57: Valla en Tela vinílica con malla de poliéster (banner) | M57: M2 | N57: 1 | O57: 60000 | P57: 0 | Q57: 60000
E58: TOTAL 1 | F58: =F56+F57 -> 3468.4071 | J58: ITEMS | K58: 42744 | L58: Correa metálica de 1 - 4 m, incluye templetes, anticorrosivo y pintura | M58: M | N58: 1.5 | O58: 61860 | P58: 1.05 | Q58: 97430
K59: G-01-01 | L59: Concreto de 10,3 Mpa (Producción) | M59: M3 | N59: 0.05 | O59: 278449 | P59: 1.05 | Q59: 14619
A60: 2 - Equipos | J60: M . O | K60: MOB005 | L60: Cuadrilla A 1 Of + 4 Ay (jornal + prestaciones) | M60: Día | N60: 1 | O60: 359710 | P60: 0.1 | Q60: 35971
J61: EQUIPO | K61: EQU002 | L61: Herramienta menor (% mano obra) | M61: %MO | N61: 0.1 | O61: 35971 | P61: 0 | Q61: 3597
A62: EQU011 | B62: Equipo completo de topografía | C62: Día | D62: 0.0071428571 | E62: 124319 | F62: =D62*E62 -> 887.99286 | K62: EQU048 | L62: Andamio tubular | M62: Día | N62: 6 | O62: 1000 | P62: 0.083 | Q62: 500
J63: 1-01-20 | K63: 1.3 | L63: Cerramiento provisional con guadua y tela de cerramiento h = 2 m | M63: M | O63: =ROUND(SUM(Q63:Q68),0) -> 7635
A64: 3 - Materiales | J64: MAT | K64: MAT,177 | L64: Guadua sobrebasa longitud promedio = 5 m | M64: Un | N64: 0.33 | O64: =VLOOKUP(K64,'[271]BASE DE DATOS'!$A$6:$E$1577,5,FALSE) -> 7500 | P64: =1/5 -> 0.2 | Q64: =ROUND((N64*O64*P64),0) -> 495
K65: MAT,333 | L65: Puntilla (promedio) | M65: Lb | N65: 0.044274375 | O65: 3684 | P65: 1.03 | Q65: =ROUND((N65*O65*P65),0) -> 168
A66: MAT,116 | B66: Cuartón de sajo 2" x 4" x 2,9 m | C66: M | D66: 0.033333333 | E66: 5920 | F66: =D66*E66 -> 197.33333 | K66: MAT,394 | L66: Tela de cerramiento a = 2,10 m (rollo por 100 m) | M66: M2 | N66: 2.1 | O66: =VLOOKUP(K66,'[271]BASE DE DATOS'!$A$6:$E$1577,5,FALSE) -> 1723.33 | P66: 1.05 | Q66: =ROUND((N66*O66*P66),0) -> 3800
A67: MAT,176 | B67: Guadua basa longitud promedio = 5 m | C67: Un | D67: 0.0066666667 | E67: 8908 | F67: =D67*E67 -> 59.386667 | J67: M . O | K67: MOB003 | L67: Ayudante (jornal + prestaciones) | M67: Día | N67: 1 | O67: 72098 | P67: =1/25 -> 0.04 | Q67: =ROUND((N67*O67*P67),0) -> 2884
A68: MAT,222 | B68: Listón sajo de 5 x 3 cm x 2,5 m (varilla) | C68: M | D68: 0.033333333 | E68: 7000 | F68: =D68*E68 -> 233.33333 | J68: EQUIPO | K68: EQU002 | L68: Herramienta menor (% mano obra) | M68: %MO | N68: 0.1 | O68: =Q67 -> 2884 | P68: 0 | Q68: =ROUND((N68*O68),0) -> 288
A69: MAT,334 | B69: Puntilla de 3" | C69: Lb | D69: 0.02 | E69: 6674 | F69: =D69*E69 -> 133.48
E70: TOTAL 3 | F70: =F65+F66+F67+F68+F69 -> 623.53333 | K70: 1.4 | L70: Pasacalles informativos, incluye mantenimiento durante la obra. | M70: M2 | O70: =+SUM(Q71:Q74) -> 126325.39
J71: MAT | L71: Pasacalles informativos | M71: m2 | N71: 1 | O71: 122000 | Q71: =+N71*O71 -> 122000
A72: 4 - Subcontratos | J72: M . O | K72: MOB003 | L72: Ayudante (jornal + prestaciones) | M72: Día | N72: 1 | O72: =+O67 -> 72098 | P72: 0.05 | Q72: =+N72*O72*P72 -> 3604.9
J73: EQUIPO | K73: EQU002 | L73: Herramienta menor (% mano obra) | M73: %MO | N73: 0.1 | O73: =Q72 -> 3604.9 | P73: 0 | Q73: =+N73*O73 -> 360.49
E74: TOTAL 4 | F74: =F73 -> 0 | K74: EQU0006 | L74: Andamio (% mano obra) | M74: Día | N74: 0.1 | O74: =Q72 -> 3604.9 | P74: 0 | Q74: =ROUND((N74*O74),0) -> 360
A76: 5 - Otros | K76: 1.5 | L76: Cubierta provisional en guadua y techo en plastico. | M76: M2 | O76: =+SUM(Q77:Q82)-1 -> 30988.556
J77: MATERIALES | K77: MAT,177 | L77: Guadua sobrebasa longitud promedio = 5 m | M77: Un | N77: 0.5 | O77: 8000 | P77: 0.5 | Q77: =+N77*O77*P77 -> 2000
E78: TOTAL 5 | F78: =F77 -> 0 | K78: MAT,333 | L78: Puntilla (promedio) | M78: Lb | N78: 0.099999473 | O78: =+O65 -> 3684 | P78: 1.03 | Q78: =+N78*O78*P78 -> 379.45 | S78: 379.452
L79: Plastico para techo | M79: M2 | N79: 1 | O79: 5000 | P79: 1.05 | Q79: =+N79*O79*P79 -> 5250
J80: M . O | K80: MOB003 | L80: Ayudante (jornal + prestaciones) | M80: Día | N80: 1 | O80: =+O72 -> 72098 | P80: 0.27 | Q80: =+N80*O80*P80 -> 19466.46
A81: . | B81: TOTAL PRECIO UNITARIO | F81: =ROUND(SUM(F51:F78)/2, 0) -> 4536 | J81: EQUIPO | K81: EQU002 | L81: Herramienta menor (% mano obra) | M81: %MO | N81: 0.1 | O81: =+Q80 -> 19466.46 | P81: 0 | Q81: =+N81*O81 -> 1946.646
A82: 2-01-01 | B82: 1.1 | C82: Localización y replanteo para pavimentación de vías (3 líneas, 3 instancias) | K82: EQU0006 | L82: Andamio (% mano obra) | M82: Día | N82: 0.1 | O82: =Q80 -> 19466.46 | P82: 0 | Q82: =ROUND((N82*O82),0) -> 1947
A83: MAT | B83: MAT,334 | C83: Puntilla de 3"
B84: MAT,176 | C84: Guadua basa longitud promedio = 5 m | J84: 1-01-04 | K84: 1.6 | L84: Localización y replanteo | M84: M2 | O84: =ROUND(SUM(Q84:Q91),0) -> 1279
B85: MAT,116 | C85: Cuartón de sajo 2" x 4" x 2,9 m | J85: MAT | K85: MAT,334 | L85: Puntilla de 3" | M85: Lb | N85: 0.02 | O85: =VLOOKUP(K85,'[271]BASE DE DATOS'!$A$6:$E$1577,5,FALSE) -> 5900 | P85: 0 | Q85: =ROUND((N85*O85),0) -> 118
B86: MAT,222 | C86: Listón sajo de 5 x 3 cm x 2,5 m (varilla) | K86: MAT,176 | L86: Guadua basa longitud promedio = 5 m | M86: Un | N86: 0.02 | O86: =VLOOKUP(K86,'[271]BASE DE DATOS'!$A$6:$E$1577,5,FALSE) -> 7875 | P86: =1/3 -> 0.33333333 | Q86: =ROUND((N86*O86*P86),0) -> 53
A87: M . O | B87: MOB010 | C87: Comisión topografía (topógrafo + Cadenero 1 + 2 Cadeneros 2) | K87: MAT,116 | L87: Cuartón de sajo 2" x 4" x 2,9 m | M87: M | N87: 0.1 | O87: =VLOOKUP(K87,'[271]BASE DE DATOS'!$A$6:$E$1577,5,FALSE) -> 5233 | P87: =1/3 -> 0.33333333 | Q87: =ROUND((N87*O87*P87),0) -> 174
A88: EQUIPO | B88: EQU011 | C88: Equipo completo de topografía | K88: MAT,298 | L88: Pintura esmalte para exteriores | M88: Gl | N88: 0.002 | O88: =VLOOKUP(K88,'[271]BASE DE DATOS'!$A$6:$E$1577,5,FALSE) -> 79900 | P88: 1.03 | Q88: =ROUND((N88*O88*P88),0) -> 165
K89: MAT,222 | L89: Listón sajo de 5 x 3 cm x 2,5 m (varilla) | M89: M | N89: 0.1 | O89: =VLOOKUP(K89,'[271]BASE DE DATOS'!$A$6:$E$1577,5,FALSE) -> 6188 | P89: =1/3 -> 0.33333333 | Q89: =ROUND((N89*O89*P89),0) -> 206
A90: 1-01-02 | B90: 1.2 | C90: Valla de identificación de obra área mayor a 4 m2, colocada en cerchas metálica, incluye mantenimiento durante la construcción | J90: M . O | K90: MOB010 | L90: Comisión topografía (topógrafo + cadenero 1 + 2 cadeneros 2) | M90: Día | N90: 1 | O90: =VLOOKUP(K90,'[271]BASE DE DATOS'!$A$6:$E$1577,5,FALSE) -> 418130 | P90: 0.0012 | Q90: =ROUND((N90*O90*P90),0) -> 502
A91: MAT | B91: MAT,482 | C91: Valla en Tela vinílica con malla de poliéster (banner) | J91: EQUIPO | K91: EQU011 | L91: Equipo completo de topografía | M91: Día | N91: 1 | O91: 109900 | P91: =1/1800 -> 0.00055555556 | Q91: =ROUND((N91*O91*P91),0) -> 61
B92: 1-09-17 | C92: Correa metálica 0 - 4 m, incluye templete y anticorrosivo
A93: ITEMS | B93: G-01-01 | C93: Concreto de 10,3 Mpa (Producción) | J93: 1-01-01 | K93: 1.7 | L93: Valla de identificación de obra área menor a 4 M2, colocada en guaduas, incluye mantenimiento durante la construcción | M93: M2 | O93: =ROUND(SUM(Q93:Q97),0) -> 134318
A94: M . O | B94: MOB005 | C94: Cuadrilla A 1 Of + 4 Ay (jornal + prestaciones) | J94: MAT | K94: MAT,482 | L94: Valla en Tela vinílica con malla de poliéster (banner) | M94: M2 | N94: 1 | O94: =VLOOKUP(K94,'[271]BASE DE DATOS'!$A$6:$E$1577,5,FALSE) -> 60000 | P94: 0 | Q94: =ROUND((N94*O94),0) -> 60000
A95: EQUIPO | B95: EQU002 | C95: Herramienta menor (% mano obra) | K95: MAT,176 | L95: Guadua basa longitud promedio = 5 m | M95: M | N95: 5 | O95: =VLOOKUP(K95,'[271]BASE DE DATOS'!$A$6:$E$1577,5,FALSE) -> 7875 | P95: 1.05 | Q95: =ROUND((N95*O95*P95),0) -> 41344
B96: EQU048 | C96: Andamio tubular | J96: M . O | K96: MOB005 | L96: Cuadrilla A 1 Of + 4 Ay (jornal + prestaciones) | M96: Día | N96: 1 | O96: =VLOOKUP(K96,'[271]BASE DE DATOS'!$A$6:$E$1577,5,FALSE) -> 359710 | P96: =1/12 -> 0.083333333 | Q96: =ROUND((N96*O96*P96),0) -> 29976
J97: EQUIPO | K97: EQU002 | L97: Herramienta menor (% mano obra) | M97: %MO | N97: 0.1 | O97: =Q96 -> 29976 | P97: 0 | Q97: =ROUND((N97*O97),0) -> 2998
A98: 1-01-20 | B98: 1.3 | C98: Cerramiento provisional con guadua y tela de cerramiento h = 2 m
A99: MAT | B99: MAT,177 | C99: Guadua sobrebasa longitud promedio = 5 m | J99: 1-01-18 | K99: 1.8 | L99: Cerramiento con cinta de señalización, incluye señalizador tubular, dos cintas | M99: M | O99: =ROUND(SUM(Q99:Q102),0) -> 2024
B100: MAT,333 | C100: Puntilla (promedio) | J100: MAT | K100: MAT,095 | L100: Cinta de señalización cal 6 | M100: M | N100: 2 | O100: =VLOOKUP(K100,'[271]BASE DE DATOS'!$A$6:$E$1577,5,FALSE) -> 177 | P100: =1/2 -> 0.5 | Q100: =ROUND((N100*O100*P100),0) -> 177
B101: MAT,394 | C101: Tela de cerramiento a = 2,10 m (rollo por 100 m) | K101: MAT,351 | L101: Señalizador tubular de 1 m (2 líneas de cinta) | M101: Un | N101: 1 | O101: =VLOOKUP(K101,'[271]BASE DE DATOS'!$A$6:$E$1577,5,FALSE) -> 44150 | P101: 0.04 | Q101: =ROUND((N101*O101*P101),0) -> 1766
A102: M . O | B102: MOB003 | C102: Ayudante (jornal + prestaciones) | J102: M . O | K102: MOB003 | L102: Ayudante (jornal + prestaciones) | M102: Día | N102: 1 | O102: =VLOOKUP(K102,'[271]BASE DE DATOS'!$A$6:$E$1577,5,FALSE) -> 62019 | P102: 0.0013 | Q102: =ROUND((N102*O102*P102),0) -> 81
A103: EQUIPO | B103: EQU002 | C103: Herramienta menor (% mano obra)
J104: 2. DEMOLICIONES
B105: 1.4 | C105: =+[272]Pavimentos!B10 -> Pasacalles informativos, incluye mantenimiento durante la obra.
K106: DESCRIPCIÓN | P106: UNIDAD
L107: Demol Pavimento Rigido | P107: M2
K109: CÓDIGO | L109: 1.4
K111: CÓDIGO | L111: DESCRIPCIÓN | M111: UNIDAD | N111: CANTIDAD | O111: PRECIO Peso | P111: TOTAL Peso
K113: 1 - Mano de Obra
K115: mob017 | L115: Cuadrilla G 1 Of + 2 Ay (jornal + prestaciones) | M115: Día | N115: 0.0083333333 | O115: 273973 | P115: 2283.1083
K116: MOB0111 | L116: Acarreo horizontal | M116: %MO | N116: 228.31083 | O116: 1 | P116: 228.31083
O117: TOTAL 1 | P117: 2511.4192
K119: 2 - Equipos
K120: EQU0021 | L120: Herramienta menor (% mano obra) | M120: %MO | N120: 342.46625 | O120: 1 | P120: 342.46625
K121: EQU009 | L121: Cargador 930 1,5 yd3 | M121: %MO | N121: 0.05 | O121: 127826 | P121: 6391.3
K122: EQU005 | L122: Compresor 185 pies3 CFM de 2 martillos, incluye 2 operarios y combustible | M122: Hr | N122: 0.05 | O122: 121152 | P122: 6057.6
O123: TOTAL 2 | P123: 12791.366
...

Sheet 12.Calle 18, entre 14 y 15 
A1: CONDICIONES ORIGINALES | H1: PAVIMENTACIÓN DE VIAS
H2: DIRECCION | K2: VIA | O2: ANDEN | S2: ANCHO TOTAL
A3: REPOSICION DE REDES EXISTENTES DE ACUEDUCTO Y ALCANTARILLADO Y PAVIMENTO RIGIDO, ANDENES DE LA CALLE 18 ENTRE CARRERAS 14 Y 15, DEL MUNICIPIO DE SANTA ROSA DE CABAL– DEPARTAMENTO DE RISARALDA, | K3: LARGO | L3: ANCHO | M3: BASE | N3: SUB-BASE | O3: LARGO | P3: ANCHO PRO. | Q3: ANCHO TOTAL | R3: AFIRMA. | U3: Domiciliarias | V3: Camaras
H4: Calle 18 entre Carreras 14 y 15 | K4: =91.3+3.23+3.23 -> 97.76 | L4: 6.25 | M4: 0.15 | N4: 0.25 | O4: =+K4 -> 97.76 | P4: 1.15 | Q4: =+P4+P4 -> 2.3 | R4: 0.1 | S4: =+L4+Q4 -> 8.55 | U4: 43 | V4: 2
A5: ÍTEM | B5: PARTIDAS DE PAGO | C5: UND | D5: CANT | E5: VR UNITARIO | F5: VR TOTAL
A6: 1 | B6: PRELIMINARES.
A7: 1.1 | B7: =+APUS!C82 -> Localización y replanteo para pavimentación de vías (3 líneas, 3 instancias) | C7: M | D7: 98 | E7: =+APUS!P38 -> 4980 | F7: =+ROUND((D7*E7),0) -> 488040 | H7: Datos para Excavación y Lleno
A8: 1.2 | B8: Pasacalles informativos, incluye mantenimiento durante la obra. | C8: M2 | D8: =10*1 -> 10 | E8: =+APUS!O70 -> 126325.39 | F8: =+ROUND((D8*E8),0) -> 1263254 | I8: LARGO | J8: ANCHO | K8: PROF. EX | L8: PROF. LLEN.
A9: 1.3 | B9: Cubierta provisional en guadua y techo en plastico. | C9: M2 | D9: =+(K4*(L4+2)) -> 806.52 | E9: =APUS!O76 -> 30988.556 | F9: =+ROUND((D9*E9),0) -> 24992890 | H9: ALCANT. | I9: =K4 -> 97.76 | J9: 1.2 | K9: 2.5 | L9: 2
A10: 2 | B10: DEMOLICIONES. | H10: ACUEDUC. | I10: =+I9*2 -> 195.52 | J10: 0.3 | K10: 1.2 | L10: 1
A11: 2.1 | B11: =+APUS!L107 -> Demol Pavimento Rigido | C11: M2 | D11: =+(K4*L4) -> 611 | E11: =+APUS!P138 -> 15303 | F11: =+ROUND((D11*E11),0) -> 9350133 | H11: CAJEO | I11: =+I9 -> 97.76 | J11: =L4 -> 6.25 | K11: 0.5
A12: 2.2 | B12: Demolicion de anden | C12: M2 | D12: =(O4*Q4) -> 224.848 | E12: =+APUS!P172 -> 13843 | F12: =+ROUND((D12*E12),0) -> 3112571 | H12: ANDENES | I12: =+I9 -> 97.76 | J12: =+Q4 -> 2.3 | K12: 0.2
A13: 2.3 | B13: Demolicion de sardinel | C13: M | D13: =(O4*2) -> 195.52 | E13: =+APUS!P217 -> 5768 | F13: =+ROUND((D13*E13),0) -> 1127759
A14: 2.4 | B14: Demolición cuerpo cámara | C14: ML | D14: 8 | E14: =+APUS!P256 -> 218699 | F14: =+ROUND((D14*E14),0) -> 1749592
A15: 3 | B15: MOVIMIENTOS DE TIERRA.
A16: 3.1 | B16: Excavacion en material comun seco de 0-2 mts, manual | C16: M3 | D16: =+((I9*J9*K9)+(I10*J10*K10)+(I11*J11*K11)+(I12*J12*K12))*1.3 -> 928.37784 | E16: =+APUS!P313 -> 35126 | F16: =+ROUND((D16*E16),0) -> 32610200
A17: 3.2 | B17: Excavación en material común mecánica | C17: M3 | D17: 245 | E17: =+APUS!P1283 -> 10486 | F17: =+ROUND((D17*E17),0) -> 2569070
A18: 4 | B18: LLENOS.
A19: 4.1 | B19: Lleno compactado con material del sitio manual | C19: M3 | D19: =+(I9*J9*L9)+(I10*J10*L10) -> 293.28 | E19: =+APUS!P350 -> 27805 | F19: =+ROUND((D19*E19),0) -> 8154650
A20: 4.2 | B20: Afirmado compactado e = 0.10 m manual | C20: M2 | D20: =+(O4*Q4) -> 224.848 | E20: =+APUS!P387 -> 8046 | F20: =+ROUND((D20*E20),0) -> 1809127
A21: 4.3 | B21: =+APUS!L464 -> Base granular | C21: M3 | D21: =(K4*L4*M4) -> 91.65 | E21: =+APUS!P498 -> 87972 | F21: =+ROUND((D21*E21),0) -> 8062634
A22: 4.4 | B22: Transporte material > 40 Km (corte, sub-base, base, afirmado) | C22: M3-KM | D22: =+(D20+D21)*21 -> 6646.458 | E22: =+APUS!P530 -> 2073 | F22: =+ROUND((D22*E22),0) -> 13778107
A23: 4.5 | B23: Lleno con arena para tubería (brecha de 0,85m de ancho e=0,1 m) | C23: M | D23: =+(I9*J9)+(I10*J10) -> 175.968 | E23: =+APUS!P425 -> 12722 | F23: =+ROUND((D23*E23),0) -> 2238665
A24: 5 | B24: LABORES DE ALCANTARILLADO.
A25: 5.1 | B25: Tubería PVC de alcantarillado de pared estructural d = 6", exterior corrugado | C25: M | D25: =+(U4)*6 -> 258 | E25: =+APUS!P589 -> 60543.019 | F25: =+ROUND((D25*E25),0) -> 15620099
A26: 5.2 | B26: Tubería PVC de alcantarillado de pared estructural d = 12", exterior corrugado | C26: M | D26: =+I9+6 -> 103.76 | E26: =+APUS!O592 -> 154909 | F26: =+ROUND((D26*E26),0) -> 16073358
A27: 5.3 | B27: Silla Yee Pvc de pared estructural 315 X 160 | C27: UND | D27: =U4 -> 43 | E27: =+APUS!O599 -> 207782.77 | F27: =+ROUND((D27*E27),0) -> 8934659
A28: 5.4 | B28: Base y cañuela para cámara de inspección d = 1,20 mts, en concreto de 20,7 Mpa | C28: UND | D28: =V4 -> 2 | E28: =+APUS!P650 -> 456394 | F28: =+ROUND((D28*E28),0) -> 912788
A29: 5.5 | B29: Cuerpo para cámara de inspección d = 1,20 m, en concreto de 20,7 Mpa, no incluye refuerzo | C29: M | D29: =+D14 -> 8 | E29: =+APUS!P686 -> 584964 | F29: =+ROUND((D29*E29),0) -> 4679712
A30: 5.6 | B30: Empalme de tubería a pozo existente incluye demolición y emboquillada | C30: UND | D30: =+D28 -> 2 | E30: =+APUS!P728 -> 242302 | F30: =+ROUND((D30*E30),0) -> 484604
A31: 5.7 | B31: =+APUS!L731 -> Desmonte de tubería de alcantarillado hasta 12" | C31: M | D31: =+D25+D26 -> 361.76 | E31: =+APUS!O731 -> 8202 | F31: =+ROUND((D31*E31),0) -> 2967156
A32: 5.8 | B32: Tapa de seguridad en hierro dúctil EN124 Clase D400, tráfico vehicular pesado d=0.60 m | C32: UND | D32: =+D28 -> 2 | E32: =+APUS!O737 -> 1513995 | F32: =+ROUND((D32*E32),0) -> 3027990
A33: 5.9 | B33: Manejo de aguas servidas, en teja de zinc o similar. | C33: M | D33: =+D31 -> 361.76 | E33: =+APUS!O742 -> 22313.073 | F33: =+ROUND((D33*E33),0) -> 8071977
A34: 6 | B34: ESTRUCTURAS DE CONCRETO.
A35: 6.1 | B35: Caja de inspección de 0,60 x 0,60 x 0,60 m en concreto de 17,2 mpa, tapa reforzada en concreto de 20,7 mpa | C35: UND | D35: =U4 -> 43 | E35: =+APUS!P792 -> 422311 | F35: =+ROUND((D35*E35),0) -> 18159373
A36: 6.2 | B36: Sumidero doble reja en concreto 24,5 mpa | C36: UND | D36: =4*1 -> 4 | E36: =+APUS!P833 -> 1510348 | F36: =+ROUND((D36*E36),0) -> 6041392
A37: 7 | B37: ACEROS.
A38: 7.1 | B38: Acero Fy = 60.000 psi d>1/4" | C38: KG | D38: =760*D28 -> 1520 | E38: =+APUS!P868 -> 9120 | F38: =+ROUND((D38*E38),0) -> 13862400
A39: 8 | B39: OBRAS FINALES - REPARACIONES Y ACOMETIDAS ACUEDUCTO.
A40: 8.1 | B40: Acometida Domiciliaria de 1/2" tubería PF + UAD, L = 2 m | C40: UND | D40: =+D35 -> 43 | E40: =+APUS!O871 -> 93572 | F40: =+ROUND((D40*E40),0) -> 4023596
A41: 8.2 | B41: =+APUS!C1254 -> Tubería PVC unión platino de 3" | C41: M | D41: =+I10 -> 195.52 | E41: =+APUS!O882 -> 52307 | F41: =+ROUND((D41*E41),0) -> 10227065
A42: 8.3 | B42: Punto hidráulico PVC de 3" L prom = 3 m | C42: UND | D42: 4 | E42: =+APUS!O888 -> 248668 | F42: =+ROUND((D42*E42),0) -> 994672
A43: 8.4 | B43: Caja de protección de medidor con tapa en polipropileno | C43: UND | D43: =+D40 -> 43 | E43: =+APUS!P930 -> 187595 | F43: =+ROUND((D43*E43),0) -> 8066585
A44: 8.5 | B44: =+APUS!L941 -> Suministro e instalacion de válvula de compuerta elastica vástago no ascendente de diametro 6" | C44: UND | D44: 1 | E44: =+APUS!O941 -> 1769898 | F44: =+ROUND((D44*E44),0) -> 1769898
A45: 9 | B45: PAVIMENTO.
A46: 9.1 | B46: Pavimento en concreto MR = 4,1 Mpa premezclado, e = 0.23 m, incluye refuerzo, corte con disco y sello de juntas | C46: M2 | D46: =+(K4*L4)+183 -> 794 | E46: =+APUS!P990 -> 189987 | F46: =+ROUND((D46*E46),0) -> 150849678
A47: 10 | B47: ANDENES.
A48: 10.1 | B48: =+APUS!C1308 -> Anden en concreto de 20,7 Mpa (3000 PSI) e = 0,10 m | C48: M2 | D48: =(O4*Q4) -> 224.848 | E48: =+APUS!P1029 -> 75861 | F48: =+ROUND((D48*E48),0) -> 17057194
A49: 10.2 | B49: Sardinel en concreto de 20,7 Mpa 0,03 m3/ml, incluye refuerzo, sobre placa | C49: M | D49: =+D13 -> 195.52 | E49: =+APUS!P1070 -> 71006 | F49: =+ROUND((D49*E49),0) -> 13883093
A50: 10.3 | B50: Suminsitro e instalacion de loseta tactil guia de 20x20x6 | C50: M | D50: =+D49 -> 195.52 | E50: =+APUS!P1312 -> 26462 | F50: =+ROUND((D50*E50),0) -> 5173850
A51: 11 | B51: SEÑALIZACION.
A52: 11.1 | B52: =+APUS!L1072 -> Señal vertical de transito tipo SP, SR de 60 x 60 con lamina retroreflectiva tipo diamante | C52: UND | D52: =3*1 -> 3 | E52: =+APUS!P1097 -> 1199207 | F52: =+ROUND((D52*E52),0) -> 3597621
A53: 11.2 | B53: =+APUS!L1099 -> Pintura tráfico flechas dirección | C53: UND | D53: 4 | E53: =+APUS!P1116 -> 21356 | F53: =+ROUND((D53*E53),0) -> 85424
A54: 11.3 | B54: =+APUS!L1165 -> Aplicación de imprimante marcas viales con espesor seco de 9 mils y 51% de solidos por volumen | C54: M2 | D54: 30 | E54: =+APUS!P1183 -> 21442 | F54: =+ROUND((D54*E54),0) -> 643260
A55: 11.4 | B55: Marca viales | C55: M2 | D55: 30 | E55: =+APUS!P1346 -> 34568 | F55: =+ROUND((D55*E55),0) -> 1037040
A56: 11.5 | B56: =+APUS!C1361 -> Líneas de demarcación vial pintura en frío | C56: M | D56: =+K4*3 -> 293.28 | E56: =+APUS!P1159 -> 2810 | F56: =+ROUND((D56*E56),0) -> 824117
A57: 12 | B57: RETIROS
A58: 12.1 | B58: =+APUS!L1187 -> Retiro de material sobrante cargue manual proveniente de las demoliciones | C58: M3 | D58: =+(D11*0.18)+(D12*0.07)+(D13*0.15*0.15)+(D14*0.2) -> 131.71856 | E58: =+APUS!P1218 -> 83956 | F58: =+ROUND((D58*E58),0) -> 11058563
A59: 12.2 | B59: =+APUS!L1222 -> Retiro de material sobrante cargue manual proveniente de las excavaciones | C59: M3 | D59: =+D21+(D23*0.85*0.1)+(D20*0.1) -> 129.09208 | E59: =+APUS!P1253 -> 54934 | F59: =+ROUND((D59*E59),0) -> 7091544
A60: 12.3 | B60: Evaluación y diagnóstico de redes de alcantarillado con equipo de circuito cerrado de TV (C.C.TV) | C60: M | D60: =+D26 -> 103.76 | E60: =+APUS!O1255 -> 19192.234 | F60: =+ROUND((D60*E60),0) -> 1991386
B61: COSTO DIRECTO DE OBRA | F61: =SUM(F6:F60) -> 448516786
B62: Administración | E62: =+'Analisis de AU'!D52 -> 0.315 | F62: =ROUND((F61*E62),0) -> 141282788
B63: Utilidad | E63: 0.05 | F63: =ROUND((F61*E63),0) -> 22425839
B64: COSTO TOTAL DE OBRA | F64: =SUM(F61:F63) -> 612225413
A66: COSTO DE LA INTERVENTORIA | E66: =F66/F64 -> 0.12037099 | F66: =INTERVENTORIA!M37 -> 73694177
A68: COSTO FINAL DEL PROYECTO | F68: =F64+F66 -> 685919590
A72: Elaboró: | B72: Tecn. En obras civiles JEISON ANDRES ASPRILLA | C72: Aprobo: | D72: Ing. ESTEFANÍA ARISTIZÁBAL VALENCIA
B73: Mat. Profesional 143864-0631616 RIS | D73: Mat. Profesional 66202-356066 RIS
B74: Contratista - Infraestructuras | D74: Subsecretaria Obras Publicas

Sheet FACTOR PRESTACIONAL
B1: FACTOR PRESTACIONAL PARA AU
B4: ANÁLISIS MANO DE OBRA
B5: Salario Mínimo Mensual Legal Vigente año 2023 | C5: 1160000
B6: Subsidio de Transporte (salario <= 2 SMMLV) | C6: 140606
B8: DESCRIPCIÓN | C8: SALARIO <= 2 SMMLV | D8: SALARIO > 2 SMMLV
C9: PERSONAL TÉCNICO, OPERATIVO Riesgo Clase V | D9: PERSONAL TÉCNICO, OPERATIVO Riesgo Clase V
B10: PRESTACIONES SOCIALES
B11: Cesantías | C11: 0.0833 | D11: 0.0833
B12: Intereses cesantías | C12: 0.01 | D12: 0.01
B13: Vacaciones | C13: 0.0472 | D13: 0.0472
